Workbook

Sheet INSTRUCTIONS

Sheet CFBG New Line Form
G1: 1 | H1: =G1+1 -> 2 | I1: =H1+1 -> 3 | J1: =I1+1 -> 4 | K1: =EQ1+1 -> 2 | L1: =K1+1 -> 3 | M1: =L1+1 -> 4 | N1: =M1+1 -> 5 | O1: =N1+1 -> 6 | P1: =O1+1 -> 7 | Q1: =J1+1 -> 5 | R1: =Q1+1 -> 6 | S1: =R1+1 -> 7 | T1: =S1+1 -> 8 | U1: =T1+1 -> 9 | V1: =#REF!+1 -> #REF! | W1: =V1+1 -> #REF! | X1: =W1+1 -> #REF! | Y1: =X1+1 -> #REF! | Z1: =Y1+1 -> #REF! | AA1: =Z1+1 -> #REF! | AB1: =AA1+1 -> #REF! | AC1: =AB1+1 -> #REF! | AD1: =AC1+1 -> #REF! | ... BF1: =BE1+1 -> #REF! | BI1: =BF1+1 -> #REF! | BJ1: =BI1+1 -> #REF! | BK1: =BJ1+1 -> #REF! | BL1: =BK1+1 -> #REF! | BM1: =BL1+1 -> #REF! | BN1: =BM1+1 -> #REF! | BO1: =BN1+1 -> #REF! | BP1: =BO1+1 -> #REF! | BQ1: =BP1+1 -> #REF! | ... EF1: =EE1+1 -> #REF! | EI1: =#REF!+1 -> #REF! | EJ1: =EI1+1 -> #REF! | EK1: =EJ1+1 -> #REF! | EQ1: =EP1+1 -> 1 | ER1: =O1+1 -> 7
A2: FALSE
D3: I confirm that all information provided regarding the product is accurate and up to date. I understand that The Caterfood Buying Group (CFBG) accepts no liability for any errors or inaccuracies in the data submitted.
C5: Product Information | G5: Supplier Information | K5: Supplier Contact Details | Q5: Erudus & OPRI Information | V5: Additional Product Information | AO5: Shelf Life Information | AR5: Barcode Information | AU5: Allergens | BX5: Diet Suitability | CG5: Nutritional Information (As Sold) | CT5: Product Certification | DA5: Supplementary Ingredient Information | DE5: Packaging Dimensions & Pallet Information | EA5: MOQ's | EE5: Commercials | EL5: Additional Information
C7: Product Brand | D7: Product Name | E7: Product Description (As appears on Label) | G7: Supplier Product Code | H7: Manufacturer Product Code | I7: Supplier Name | K7: Form Completed By (Name) | L7: Position | M7: Date (DD/MM/YYYY) | N7: Contact E mail | O7: Contact Telephone | Q7: Is This Product On Erudus | R7: If No I Confirm We Will Complete All Data On OPRI | S7: Email Address Registered on OPRI | T7: Erudus ID If NO Erudus ID then please leave blank | V7: Long Product Description (Used for E-commerce) | W7: Product Awards or Benefits and any other Marketable attributes of the product (Local/British Etc) | X7: Ingredient Declaration | Y7: Units in Pack | Z7: Unit Size | AA7: Unit Size UOM | AB7: Weight Per Unit (Inc Packaging) | AC7: Units Per Case (Packs in Case) | AD7: Average Serving/Use (g/ml) | AE7: Portions Per Unit | AF7: Weighted Product | AG7: Purchased by Each or Weight (If Weight Please Specify Kg, Grams Etc) | AH7: Average Weight (kg) | AI7: Product Origin (Country) | AJ7: Product Origin (If UK: County) | AK7: Storage Conditions | AL7: Storage Instructions | AM7: Directions For Use | AO7: Shelf Life on Production (Days) | AP7: Minimum Shelf Life on Delivery (Days) | AR7: Barcode GTIN (Outer Case) | AS7: Barcode GTIN (Inner Pack) | AU7: Milk | AV7: Fish | AW7: Eggs | AX7: Soybeans | AY7: Molluscs | AZ7: Mustard | BA7: Lupin | BB7: Crustaceans | BC7: Celery/Celeriac | BD7: Sulphur Dioxiode and Sulphites | BE7: Cereals Containing Gluten | BF7: Wheat | BG7: Spelt | BH7: Kamut | BI7: Barley | BJ7: Oats | BK7: Rye | BL7: Sesame Seeds | BM7: Tree Nuts | BN7: Peanuts | BO7: Brazil Nuts | BP7: Cashew Nuts | BQ7: Hazelnuts | BR7: Macadamia Nuts | BS7: Pecan Nuts | BT7: Pistachio Nuts | BU7: Walnuts | BV7: Almond Nuts | BX7: Suitable For Halal | BY7: Suitable For Kosher | BZ7: Suitable For Vegans | CA7: Suitable For Vegetarians | CB7: Suitable For Diabetics | CC7: Suitable For Coeliacs | CD7: Suitable For Lactose Intolerance | CE7: Suitable For Nut Allergy Sufferers | CG7: Energy Per 100g (kJ) | CH7: Energy Per 100g (kcal) | CI7: Fat Per 100g | CJ7: Of which Saturates Per 100g | CK7: Of Which Mono-unsaturates Per 100g | CL7: Of which Polyunsaturates Per 100g | CM7: Carbohydrate Per 100g | CN7: Of Which Sugars Per 100g | CO7: Fibre Per 100g | CP7: Protein Per 100g | CQ7: Salt Per 100g | CR7: Sodium Per 100g | CT7: Product Certified Fairtrade | CU7: Product Certified MSC | CV7: Product Certified Organic | CW7: Product Certified Red Tractor | CX7: Product Certified Rainforest Alliance | CY7: School Standards Approved | DA7: Contains Palm Oil | DB7: Contains GM/ GM Protein/DNA | DC7: Contains Hydrogenated Vegetable Oil/Fat | DE7: Unit Dimension (Length In CM) | DF7: Unit Dimension (Width In CM) | DG7: Unit Dimension (Height In CM) | DH7: Case Dimension (Length In CM) | DI7: Case Dimension (Width In CM) | DJ7: Case Dimension (Height In CM) | DK7: Case Weight (KG) (Inc Packaging) | DL7: Case Volume (If Applicable) | DM7: Packaging & Recycling Information | DN7: Case Packaging - Card (g) | DO7: Case Packaging - Plastic (g) | DP7: Case Packaging - Glass (g) | DQ7: Case Packaging - Steel (g) | DR7: Case Packaging - Aluminium (g) | DS7: Case Packaging - other (g) | DT7: Cases Per Pallet | DU7: Cases Per Layer | DV7: Layers Per Pallet | DW7: Pallet Height (cm) | DX7: Pallet Weight (kg) | DY7: Confirm Euro Pallets Are Not Used | EA7: Minimum Order Quantity (Pallets) | EB7: Minimum Order Quantity (Cases) | EC7: Minimum Order Value (GBP) | EE7: Invoice Cost (Per Case) (GBP) | EF7: Invoice Cost (Per Unit) (GBP) | EG7: Net Cost per Case (GBP) | EH7: Is the product Vatable? | EI7: VAT Rate % (0, 5 or 20) | EJ7: Full Straight Pallet Cost Per Case (GBP) | EL7: I confirm specification will be sent with NLF | EM7: I confirm minimum of 1 pack shot image will be sent with NLF | EN7: Product Images - Original high-res 300dpi 2000 px (Pack shot on a plain white background) Sent with New Line Form | EO7: If this a chemical product I have emailed a copy of the COSHH data with New Line Form | EP7: I have emailed a product specification sheet along with New Line Form

Sheet Cimandis
C3: New Product / Product Amendment Form
D4: Please complete all blue sections as fully as possible and email to LRTBuyers@cimandis.com Please note incomplete forms or attachments will result in delay of product set up
B7: New Product | C7: Select from Drop Down
A8: Section A
A9: 1 | B9: Supplier Name | D9: =IF( IFERROR(INDEX('CFBG New Line Form'!$G$9:$EQ$105,MATCH(D11,'CFBG New Line Form'!$B$9:$B$105,0),MATCH(VLOOKUP(B9,MAPPING!$C$3:$J$131,8,0),'CFBG New Line Form'!$G$7:$EQ$7,0)),"")=0, "", IFERROR(INDEX('CFBG New Line Form'!$G$9:$EQ$105,MATCH(D11,'CFBG New Line Form'!$B$9:$B$105,0),MATCH(VLOOKUP(B9,MAPPING!$C$3:$J$131,8,0),'CFBG New Line Form'!$G$7:$EQ$7,0)),""))
A11: 1.01 | B11: Product Name | D11: Oat Barista Drink
A12: 1.02 | B12: Manufacturer Product Code | D12: =IF(IFERROR(INDEX('CFBG New Line Form'!$G$9:$EQ$105,MATCH(D11,'CFBG New Line Form'!$B$9:$B$105,0),MATCH(VLOOKUP(B12,MAPPING!$C$3:$J$131,8,0),'CFBG New Line Form'!$G$7:$EQ$7,0)),"")=0,"",IFERROR(INDEX('CFBG New Line Form'!$G$9:$EQ$105,MATCH(D11,'CFBG New Line Form'!$B$9:$B$105,0),MATCH(VLOOKUP(B12,MAPPING!$C$3:$J$131,8,0),'CFBG New Line Form'!$G$7:$EQ$7,0)),""))
B13: Supplier ordering code (if different from above) | D13: =IF(IFERROR(INDEX('CFBG New Line Form'!$G$9:$EQ$105,MATCH(D11,'CFBG New Line Form'!$B$9:$B$105,0),MATCH(VLOOKUP(B13,MAPPING!$C$3:$J$131,8,0),'CFBG New Line Form'!$G$7:$EQ$7,0)),"")=0,"",IFERROR(INDEX('CFBG New Line Form'!$G$9:$EQ$105,MATCH(D11,'CFBG New Line Form'!$B$9:$B$105,0),MATCH(VLOOKUP(B13,MAPPING!$C$3:$J$131,8,0),'CFBG New Line Form'!$G$7:$EQ$7,0)),""))
A14: 1.03 | B14: Product Category | D14: =IF(IFERROR(INDEX('CFBG New Line Form'!$G$9:$EQ$105,MATCH(D11,'CFBG New Line Form'!$B$9:$B$105,0),MATCH(VLOOKUP(B14,MAPPING!$C$3:$J$131,8,0),'CFBG New Line Form'!$G$7:$EQ$7,0)),"")=0,"",IFERROR(INDEX('CFBG New Line Form'!$G$9:$EQ$105,MATCH(D11,'CFBG New Line Form'!$B$9:$B$105,0),MATCH(VLOOKUP(B14,MAPPING!$C$3:$J$131,8,0),'CFBG New Line Form'!$G$7:$EQ$7,0)),""))
A15: 1.04 | B15: Product Brand | D15: =IF(IFERROR(INDEX('CFBG New Line Form'!$G$9:$EQ$105,MATCH(D11,'CFBG New Line Form'!$B$9:$B$105,0),MATCH(VLOOKUP(B15,MAPPING!$C$3:$J$131,8,0),'CFBG New Line Form'!$G$7:$EQ$7,0)),"")=0,"",IFERROR(INDEX('CFBG New Line Form'!$G$9:$EQ$105,MATCH(D11,'CFBG New Line Form'!$B$9:$B$105,0),MATCH(VLOOKUP(B15,MAPPING!$C$3:$J$131,8,0),'CFBG New Line Form'!$G$7:$EQ$7,0)),""))
A17: 1.05 | B17: Packs in case | D17: =IF(IFERROR(INDEX('CFBG New Line Form'!$G$9:$EQ$105,MATCH(D11,'CFBG New Line Form'!$B$9:$B$105,0),MATCH(VLOOKUP(B17,MAPPING!$C$3:$J$131,8,0),'CFBG New Line Form'!$G$7:$EQ$7,0)),"")=0,"",IFERROR(INDEX('CFBG New Line Form'!$G$9:$EQ$105,MATCH(D11,'CFBG New Line Form'!$B$9:$B$105,0),MATCH(VLOOKUP(B17,MAPPING!$C$3:$J$131,8,0),'CFBG New Line Form'!$G$7:$EQ$7,0)),"")) | E17: Units in Pack | G17: =IF(IFERROR(INDEX('CFBG New Line Form'!$G$9:$EQ$105,MATCH(D11,'CFBG New Line Form'!$B$9:$B$105,0),MATCH(VLOOKUP(E17,MAPPING!$C$3:$J$131,8,0),'CFBG New Line Form'!$G$7:$EQ$7,0)),"")=0,"",IFERROR(INDEX('CFBG New Line Form'!$G$9:$EQ$105,MATCH(D11,'CFBG New Line Form'!$B$9:$B$105,0),MATCH(VLOOKUP(E17,MAPPING!$C$3:$J$131,8,0),'CFBG New Line Form'!$G$7:$EQ$7,0)),""))
A18: 1.06 | B18: Unit Size | D18: =IF(IFERROR(INDEX('CFBG New Line Form'!$G$9:$EQ$105,MATCH(D11,'CFBG New Line Form'!$B$9:$B$105,0),MATCH(VLOOKUP(B18,MAPPING!$C$3:$J$131,8,0),'CFBG New Line Form'!$G$7:$EQ$7,0)),"")=0,"",IFERROR(INDEX('CFBG New Line Form'!$G$9:$EQ$105,MATCH(D11,'CFBG New Line Form'!$B$9:$B$105,0),MATCH(VLOOKUP(B18,MAPPING!$C$3:$J$131,8,0),'CFBG New Line Form'!$G$7:$EQ$7,0)),"")) | E18: Unit of Measure | G18: =IF(IFERROR(INDEX('CFBG New Line Form'!$G$9:$EQ$105,MATCH(D11,'CFBG New Line Form'!$B$9:$B$105,0),MATCH(VLOOKUP(E18,MAPPING!$C$3:$J$131,8,0),'CFBG New Line Form'!$G$7:$EQ$7,0)),"")=0,"",IFERROR(INDEX('CFBG New Line Form'!$G$9:$EQ$105,MATCH(D11,'CFBG New Line Form'!$B$9:$B$105,0),MATCH(VLOOKUP(E18,MAPPING!$C$3:$J$131,8,0),'CFBG New Line Form'!$G$7:$EQ$7,0)),""))
A19: 1.07 | B19: Layers per Pallet | D19: =IF(IFERROR(INDEX('CFBG New Line Form'!$G$9:$EQ$105,MATCH(D11,'CFBG New Line Form'!$B$9:$B$105,0),MATCH(VLOOKUP(B19,MAPPING!$C$3:$J$131,8,0),'CFBG New Line Form'!$G$7:$EQ$7,0)),"")=0,"",IFERROR(INDEX('CFBG New Line Form'!$G$9:$EQ$105,MATCH(D11,'CFBG New Line Form'!$B$9:$B$105,0),MATCH(VLOOKUP(B19,MAPPING!$C$3:$J$131,8,0),'CFBG New Line Form'!$G$7:$EQ$7,0)),"")) | E19: Cases per Layer | G19: =IF(IFERROR(INDEX('CFBG New Line Form'!$G$9:$EQ$105,MATCH(D11,'CFBG New Line Form'!$B$9:$B$105,0),MATCH(VLOOKUP(E19,MAPPING!$C$3:$J$131,8,0),'CFBG New Line Form'!$G$7:$EQ$7,0)),"")=0,"",IFERROR(INDEX('CFBG New Line Form'!$G$9:$EQ$105,MATCH(D11,'CFBG New Line Form'!$B$9:$B$105,0),MATCH(VLOOKUP(E19,MAPPING!$C$3:$J$131,8,0),'CFBG New Line Form'!$G$7:$EQ$7,0)),""))
A20: 1.08 | B20: Confirm Euro Pallets not used | D20: =IF(IFERROR(INDEX('CFBG New Line Form'!$G$9:$EQ$105,MATCH(D11,'CFBG New Line Form'!$B$9:$B$105,0),MATCH(VLOOKUP(B20,MAPPING!$C$3:$J$131,8,0),'CFBG New Line Form'!$G$7:$EQ$7,0)),"")=0,"",IFERROR(INDEX('CFBG New Line Form'!$G$9:$EQ$105,MATCH(D11,'CFBG New Line Form'!$B$9:$B$105,0),MATCH(VLOOKUP(B20,MAPPING!$C$3:$J$131,8,0),'CFBG New Line Form'!$G$7:$EQ$7,0)),""))
A21: 1.09 | B21: Case Size in MM | D21: Height | E21: =IF(IFERROR(INDEX('CFBG New Line Form'!$G$9:$EQ$105,MATCH(D11,'CFBG New Line Form'!$B$9:$B$105,0),MATCH(VLOOKUP(D21,MAPPING!$C$3:$J$131,8,0),'CFBG New Line Form'!$G$7:$EQ$7,0))*100,"")=0,"",IFERROR(INDEX('CFBG New Line Form'!$G$9:$EQ$105,MATCH(D11,'CFBG New Line Form'!$B$9:$B$105,0),MATCH(VLOOKUP(D21,MAPPING!$C$3:$J$131,8,0),'CFBG New Line Form'!$G$7:$EQ$7,0))*100,"")) | F21: Width | G21: =IF(IFERROR(INDEX('CFBG New Line Form'!$G$9:$EQ$105,MATCH(D11,'CFBG New Line Form'!$B$9:$B$105,0),MATCH(VLOOKUP(F21,MAPPING!$C$3:$J$131,8,0),'CFBG New Line Form'!$G$7:$EQ$7,0))*100,"")=0,"",IFERROR(INDEX('CFBG New Line Form'!$G$9:$EQ$105,MATCH(D11,'CFBG New Line Form'!$B$9:$B$105,0),MATCH(VLOOKUP(F21,MAPPING!$C$3:$J$131,8,0),'CFBG New Line Form'!$G$7:$EQ$7,0))*100,""))
D22: Length | E22: =IF(IFERROR(INDEX('CFBG New Line Form'!$G$9:$EQ$105,MATCH(D11,'CFBG New Line Form'!$B$9:$B$105,0),MATCH(VLOOKUP(D22,MAPPING!$C$3:$J$131,8,0),'CFBG New Line Form'!$G$7:$EQ$7,0))*100,"")=0,"",IFERROR(INDEX('CFBG New Line Form'!$G$9:$EQ$105,MATCH(D11,'CFBG New Line Form'!$B$9:$B$105,0),MATCH(VLOOKUP(D22,MAPPING!$C$3:$J$131,8,0),'CFBG New Line Form'!$G$7:$EQ$7,0))*100,"")) | F22: Weight (KG) | G22: =IF(IFERROR(INDEX('CFBG New Line Form'!$G$9:$EQ$105,MATCH(D11,'CFBG New Line Form'!$B$9:$B$105,0),MATCH(VLOOKUP(F22,MAPPING!$C$3:$J$131,8,0),'CFBG New Line Form'!$G$7:$EQ$7,0)),"")=0,"",IFERROR(INDEX('CFBG New Line Form'!$G$9:$EQ$105,MATCH(D11,'CFBG New Line Form'!$B$9:$B$105,0),MATCH(VLOOKUP(F22,MAPPING!$C$3:$J$131,8,0),'CFBG New Line Form'!$G$7:$EQ$7,0)),""))
A24: 1.1 | B24: Shelf Life upon Delivery | D24: =IF(IFERROR(INDEX('CFBG New Line Form'!$G$9:$EQ$105,MATCH(D11,'CFBG New Line Form'!$B$9:$B$105,0),MATCH(VLOOKUP(B24,MAPPING!$C$3:$J$131,8,0),'CFBG New Line Form'!$G$7:$EQ$7,0)),"")=0,"",IFERROR(INDEX('CFBG New Line Form'!$G$9:$EQ$105,MATCH(D11,'CFBG New Line Form'!$B$9:$B$105,0),MATCH(VLOOKUP(B24,MAPPING!$C$3:$J$131,8,0),'CFBG New Line Form'!$G$7:$EQ$7,0)),"")) | E24: Number of: | F24: =IF(D24="","","Days")
A25: 1.11 | B25: Weighted Product Y/N | D25: =IF(IFERROR(INDEX('CFBG New Line Form'!$G$9:$EQ$105,MATCH(D11,'CFBG New Line Form'!$B$9:$B$105,0),MATCH(VLOOKUP(B25,MAPPING!$C$3:$J$131,8,0),'CFBG New Line Form'!$G$7:$EQ$7,0)),"")=0,"",IFERROR(INDEX('CFBG New Line Form'!$G$9:$EQ$105,MATCH(D11,'CFBG New Line Form'!$B$9:$B$105,0),MATCH(VLOOKUP(B25,MAPPING!$C$3:$J$131,8,0),'CFBG New Line Form'!$G$7:$EQ$7,0)),"")) | E25: Average Weight (KG) | G25: =IF(IF(D25="No","N/A", IF(D25="Yes",IFERROR(INDEX('CFBG New Line Form'!$G$9:$EQ$105,MATCH(D11,'CFBG New Line Form'!$B$9:$B$105,0),MATCH(VLOOKUP(E25,MAPPING!$C$3:$J$131,8,0),'CFBG New Line Form'!$G$7:$EQ$7,0)),""),""))=0,"",IF(D25="No","N/A", IF(D25="Yes",IFERROR(INDEX('CFBG New Line Form'!$G$9:$EQ$105,MATCH(D11,'CFBG New Line Form'!$B$9:$B$105,0),MATCH(VLOOKUP(E25,MAPPING!$C$3:$J$131,8,0),'CFBG New Line Form'!$G$7:$EQ$7,0)),""),"")))
A26: 1.12 | B26: Minimum Order Quantity | D26: Pallets | E26: =IF(IFERROR(INDEX('CFBG New Line Form'!$G$9:$EQ$105,MATCH(D11,'CFBG New Line Form'!$B$9:$B$105,0),MATCH(VLOOKUP(D26,MAPPING!$C$3:$J$131,8,0),'CFBG New Line Form'!$G$7:$EQ$7,0)),"")=0,"",IFERROR(INDEX('CFBG New Line Form'!$G$9:$EQ$105,MATCH(D11,'CFBG New Line Form'!$B$9:$B$105,0),MATCH(VLOOKUP(D26,MAPPING!$C$3:$J$131,8,0),'CFBG New Line Form'!$G$7:$EQ$7,0)),"")) | F26: Cases | G26: =IF(IFERROR(INDEX('CFBG New Line Form'!$G$9:$EQ$105,MATCH(D11,'CFBG New Line Form'!$B$9:$B$105,0),MATCH(VLOOKUP(F26,MAPPING!$C$3:$J$131,8,0),'CFBG New Line Form'!$G$7:$EQ$7,0)),"")=0,"",IFERROR(INDEX('CFBG New Line Form'!$G$9:$EQ$105,MATCH(D11,'CFBG New Line Form'!$B$9:$B$105,0),MATCH(VLOOKUP(F26,MAPPING!$C$3:$J$131,8,0),'CFBG New Line Form'!$G$7:$EQ$7,0)),""))
A27: 1.13 | B27: Minimum Order Value | D27: GBP | E27: =IF(IFERROR(INDEX('CFBG New Line Form'!$G$9:$EQ$105,MATCH(D11,'CFBG New Line Form'!$B$9:$B$105,0),MATCH(VLOOKUP(D27,MAPPING!$C$3:$J$131,8,0),'CFBG New Line Form'!$G$7:$EQ$7,0)),"")=0,"",IFERROR(INDEX('CFBG New Line Form'!$G$9:$EQ$105,MATCH(D11,'CFBG New Line Form'!$B$9:$B$105,0),MATCH(VLOOKUP(D27,MAPPING!$C$3:$J$131,8,0),'CFBG New Line Form'!$G$7:$EQ$7,0)),""))
A29: 1.14 | B29: Barcode GTIN (Outer Case) | D29: =IF(IFERROR(INDEX('CFBG New Line Form'!$G$9:$EQ$105,MATCH(D11,'CFBG New Line Form'!$B$9:$B$105,0),MATCH(VLOOKUP(B29,MAPPING!$C$3:$J$131,8,0),'CFBG New Line Form'!$G$7:$EQ$7,0)),"")=0,"",IFERROR(INDEX('CFBG New Line Form'!$G$9:$EQ$105,MATCH(D11,'CFBG New Line Form'!$B$9:$B$105,0),MATCH(VLOOKUP(B29,MAPPING!$C$3:$J$131,8,0),'CFBG New Line Form'!$G$7:$EQ$7,0)),""))
A30: 1.15 | B30: Barcode GTIN (Inner Pack) | D30: =IF(IFERROR(INDEX('CFBG New Line Form'!$G$9:$EQ$105,MATCH(D11,'CFBG New Line Form'!$B$9:$B$105,0),MATCH(VLOOKUP(B30,MAPPING!$C$3:$J$131,8,0),'CFBG New Line Form'!$G$7:$EQ$7,0)),"")=0,"",IFERROR(INDEX('CFBG New Line Form'!$G$9:$EQ$105,MATCH(D11,'CFBG New Line Form'!$B$9:$B$105,0),MATCH(VLOOKUP(B30,MAPPING!$C$3:$J$131,8,0),'CFBG New Line Form'!$G$7:$EQ$7,0)),""))
A32: 1.16 | B32: Standard Invoice Cost per Case (£000.00) | D32: =IF(IFERROR(INDEX('CFBG New Line Form'!$G$9:$EQ$105,MATCH(D11,'CFBG New Line Form'!$B$9:$B$105,0),MATCH(VLOOKUP(B32,MAPPING!$C$3:$J$131,8,0),'CFBG New Line Form'!$G$7:$EQ$7,0)),"")=0,"",IFERROR(INDEX('CFBG New Line Form'!$G$9:$EQ$105,MATCH(D11,'CFBG New Line Form'!$B$9:$B$105,0),MATCH(VLOOKUP(B32,MAPPING!$C$3:$J$131,8,0),'CFBG New Line Form'!$G$7:$EQ$7,0)),""))
A33: 1.17 | B33: Net Cost per Case (£000.00) | D33: =IF(IFERROR(INDEX('CFBG New Line Form'!$G$9:$EQ$105,MATCH(D11,'CFBG New Line Form'!$B$9:$B$105,0),MATCH(VLOOKUP(B33,MAPPING!$C$3:$J$131,8,0),'CFBG New Line Form'!$G$7:$EQ$7,0)),"")=0,"",IFERROR(INDEX('CFBG New Line Form'!$G$9:$EQ$105,MATCH(D11,'CFBG New Line Form'!$B$9:$B$105,0),MATCH(VLOOKUP(B33,MAPPING!$C$3:$J$131,8,0),'CFBG New Line Form'!$G$7:$EQ$7,0)),""))
A34: 1.18 | B34: VAT Rate (1 = Zero / 2 = Reduced/Partial / 3 = Standard) | D34: =IF(IFERROR(INDEX('CFBG New Line Form'!$G$9:$EQ$105,MATCH(D11,'CFBG New Line Form'!$B$9:$B$105,0),MATCH(VLOOKUP(B34,MAPPING!$C$3:$J$131,8,0),'CFBG New Line Form'!$G$7:$EQ$7,0)),"")=0,"",IFERROR(INDEX('CFBG New Line Form'!$G$9:$EQ$105,MATCH(D11,'CFBG New Line Form'!$B$9:$B$105,0),MATCH(VLOOKUP(B34,MAPPING!$C$3:$J$131,8,0),'CFBG New Line Form'!$G$7:$EQ$7,0)),""))
A36: 1.19 | B36: I confirm specification will be sent with NLF | D36: =IF(IFERROR(INDEX('CFBG New Line Form'!$G$9:$EQ$105,MATCH(D11,'CFBG New Line Form'!$B$9:$B$105,0),MATCH(VLOOKUP(B36,MAPPING!$C$3:$J$131,8,0),'CFBG New Line Form'!$G$7:$EQ$7,0)),"")=0,"",IFERROR(INDEX('CFBG New Line Form'!$G$9:$EQ$105,MATCH(D11,'CFBG New Line Form'!$B$9:$B$105,0),MATCH(VLOOKUP(B36,MAPPING!$C$3:$J$131,8,0),'CFBG New Line Form'!$G$7:$EQ$7,0)),""))
A37: 1.2 | B37: Is this product on Erudus | D37: =IF(IFERROR(INDEX('CFBG New Line Form'!$G$9:$EQ$105,MATCH(D11,'CFBG New Line Form'!$B$9:$B$105,0),MATCH(VLOOKUP(B37,MAPPING!$C$3:$J$131,8,0),'CFBG New Line Form'!$G$7:$EQ$7,0)),"")=0,"",IFERROR(INDEX('CFBG New Line Form'!$G$9:$EQ$105,MATCH(D11,'CFBG New Line Form'!$B$9:$B$105,0),MATCH(VLOOKUP(B37,MAPPING!$C$3:$J$131,8,0),'CFBG New Line Form'!$G$7:$EQ$7,0)),""))
A38: 1.21 | B38: If no I confirm we will complete all data on OPRI - Cimandis data system | D38: =IF(IFERROR(INDEX('CFBG New Line Form'!$G$9:$EQ$105,MATCH(D11,'CFBG New Line Form'!$B$9:$B$105,0),MATCH(VLOOKUP(B38,MAPPING!$C$3:$J$131,8,0),'CFBG New Line Form'!$G$7:$EQ$7,0)),"")=0,"",IFERROR(INDEX('CFBG New Line Form'!$G$9:$EQ$105,MATCH(D11,'CFBG New Line Form'!$B$9:$B$105,0),MATCH(VLOOKUP(B38,MAPPING!$C$3:$J$131,8,0),'CFBG New Line Form'!$G$7:$EQ$7,0)),"")) | E38: Email address to be registered on OPRI | G38: =IF(IFERROR(INDEX('CFBG New Line Form'!$G$9:$EQ$105,MATCH(D11,'CFBG New Line Form'!$B$9:$B$105,0),MATCH(VLOOKUP(E38,MAPPING!$C$3:$J$131,8,0),'CFBG New Line Form'!$G$7:$EQ$7,0)),"")=0,"",IFERROR(INDEX('CFBG New Line Form'!$G$9:$EQ$105,MATCH(D11,'CFBG New Line Form'!$B$9:$B$105,0),MATCH(VLOOKUP(E38,MAPPING!$C$3:$J$131,8,0),'CFBG New Line Form'!$G$7:$EQ$7,0)),""))
A39: 1.22 | B39: I confirm minimum of 1 pack shot image will be sent with NLF | D39: =IF(IFERROR(INDEX('CFBG New Line Form'!$G$9:$EQ$105,MATCH(D11,'CFBG New Line Form'!$B$9:$B$105,0),MATCH(VLOOKUP(B39,MAPPING!$C$3:$J$131,8,0),'CFBG New Line Form'!$G$7:$EQ$7,0)),"")=0,"",IFERROR(INDEX('CFBG New Line Form'!$G$9:$EQ$105,MATCH(D11,'CFBG New Line Form'!$B$9:$B$105,0),MATCH(VLOOKUP(B39,MAPPING!$C$3:$J$131,8,0),'CFBG New Line Form'!$G$7:$EQ$7,0)),""))
G40: Date
A41: 1.23 | B41: Form Completed By | C41: Name | D41: =IF(IFERROR(INDEX('CFBG New Line Form'!$G$9:$EQ$105,MATCH(D11,'CFBG New Line Form'!$B$9:$B$105,0),MATCH(VLOOKUP(C41,MAPPING!$C$3:$J$131,8,0),'CFBG New Line Form'!$G$7:$EQ$7,0)),"")=0,"",IFERROR(INDEX('CFBG New Line Form'!$G$9:$EQ$105,MATCH(D11,'CFBG New Line Form'!$B$9:$B$105,0),MATCH(VLOOKUP(C41,MAPPING!$C$3:$J$131,8,0),'CFBG New Line Form'!$G$7:$EQ$7,0)),"")) | G41: =IF(IFERROR(INDEX('CFBG New Line Form'!$G$9:$EQ$105,MATCH(D11,'CFBG New Line Form'!$B$9:$B$105,0),MATCH(VLOOKUP(G40,MAPPING!$C$3:$J$131,8,0),'CFBG New Line Form'!$G$7:$EQ$7,0)),"")=0,"",IFERROR(INDEX('CFBG New Line Form'!$G$9:$EQ$105,MATCH(D11,'CFBG New Line Form'!$B$9:$B$105,0),MATCH(VLOOKUP(G40,MAPPING!$C$3:$J$131,8,0),'CFBG New Line Form'!$G$7:$EQ$7,0)),""))
A44: Section B | B44: For Cimandis LTD only:
A45: 2.01.02 | B45: Toxic | E45: Split Surcharge
A46: 2.03.04 | B46: Minimum accepted Shelf Life | E46: Number of:
A47: 2.05.06 | B47: Order in multiples of? | E47: Back to Back?
A48: 2.07 | B48: Pallet Rounding? | E48: Online Availibilty

Sheet Caterfood SW
A1: Caterfood (SW) Ltd
A3: NEW PRODUCT LISTING FORM
B5: Supplier Name: | C5: =IF(IFERROR(INDEX('CFBG New Line Form'!$G$9:$EQ$105,MATCH(C11,'CFBG New Line Form'!$B$9:$B$105,0),MATCH(VLOOKUP(B5,MAPPING!$B$3:$J$131,9,0),'CFBG New Line Form'!$G$7:$EQ$7,0)),"")=0,"", IFERROR(INDEX('CFBG New Line Form'!$G$9:$EQ$105,MATCH(C11,'CFBG New Line Form'!$B$9:$B$105,0),MATCH(VLOOKUP(B5,MAPPING!$B$3:$J$131,9,0),'CFBG New Line Form'!$G$7:$EQ$7,0)),""))
B7: Supplier Code (CF SW): | G7: Date: | I7: =IF(IFERROR(INDEX('CFBG New Line Form'!$G$9:$EQ$105,MATCH(C11,'CFBG New Line Form'!$B$9:$B$105,0),MATCH(VLOOKUP(G7,MAPPING!$B$3:$J$131,9,0),'CFBG New Line Form'!$G$7:$EQ$7,0)),"")=0,"",IFERROR(INDEX('CFBG New Line Form'!$G$9:$EQ$105,MATCH(C11,'CFBG New Line Form'!$B$9:$B$105,0),MATCH(VLOOKUP(G7,MAPPING!$B$3:$J$131,9,0),'CFBG New Line Form'!$G$7:$EQ$7,0)),""))
B9: Supplier Product Code: | C9: =IF( IFERROR(INDEX('CFBG New Line Form'!$C$9:$EQ$105,MATCH(C11,'CFBG New Line Form'!$B$9:$B$105,0),MATCH(VLOOKUP(B9,MAPPING!$B$3:$J$131,9,0),'CFBG New Line Form'!$G$7:$EQ$7,0)),"")=0, "", IFERROR(INDEX('CFBG New Line Form'!$C$9:$EQ$105,MATCH(C11,'CFBG New Line Form'!$B$9:$B$105,0),MATCH(VLOOKUP(B9,MAPPING!$B$3:$J$131,9,0),'CFBG New Line Form'!$G$7:$EQ$7,0)),"") )
B11: Product Description:
B12: (As appears on Label)
B14: Full Description: | C14: =IF(IFERROR(INDEX('CFBG New Line Form'!$G$9:$EQ$105,MATCH(C11,'CFBG New Line Form'!$B$9:$B$105,0),MATCH(VLOOKUP(B14,MAPPING!$B$3:$J$131,9,0),'CFBG New Line Form'!$G$7:$EQ$7,0)),"")=0,"",IFERROR(INDEX('CFBG New Line Form'!$G$9:$EQ$105,MATCH(C11,'CFBG New Line Form'!$B$9:$B$105,0),MATCH(VLOOKUP(B14,MAPPING!$B$3:$J$131,9,0),'CFBG New Line Form'!$G$7:$EQ$7,0)),""))
C18: Shelf Life On Production: | D18: =IF(IFERROR(INDEX('CFBG New Line Form'!$G$9:$EQ$105,MATCH(C11,'CFBG New Line Form'!$B$9:$B$105,0),MATCH(VLOOKUP(C18,MAPPING!$B$3:$J$131,9,0),'CFBG New Line Form'!$G$7:$EQ$7,0)),"")=0,"",IFERROR(INDEX('CFBG New Line Form'!$G$9:$EQ$105,MATCH(C11,'CFBG New Line Form'!$B$9:$B$105,0),MATCH(VLOOKUP(C18,MAPPING!$B$3:$J$131,9,0),'CFBG New Line Form'!$G$7:$EQ$7,0)),"")) | I18: Shelf Life On Delivery: | J18: =IF(IFERROR(INDEX('CFBG New Line Form'!$G$9:$EQ$105,MATCH(C11,'CFBG New Line Form'!$B$9:$B$105,0),MATCH(VLOOKUP(I18,MAPPING!$B$3:$J$131,9,0),'CFBG New Line Form'!$G$7:$EQ$7,0)),"")=0,"",IFERROR(INDEX('CFBG New Line Form'!$G$9:$EQ$105,MATCH(C11,'CFBG New Line Form'!$B$9:$B$105,0),MATCH(VLOOKUP(I18,MAPPING!$B$3:$J$131,9,0),'CFBG New Line Form'!$G$7:$EQ$7,0)),""))
C20: Outer Case: | D20: =IF(C11="","",1) | G20: Inner Case: | I20: =IF(IFERROR(INDEX('CFBG New Line Form'!$G$9:$EQ$105,MATCH(C11,'CFBG New Line Form'!$B$9:$B$105,0),MATCH(VLOOKUP(G20,MAPPING!$B$3:$J$131,9,0),'CFBG New Line Form'!$G$7:$EQ$7,0)),"")=0,"",IFERROR(INDEX('CFBG New Line Form'!$G$9:$EQ$105,MATCH(C11,'CFBG New Line Form'!$B$9:$B$105,0),MATCH(VLOOKUP(G20,MAPPING!$B$3:$J$131,9,0),'CFBG New Line Form'!$G$7:$EQ$7,0)),""))
C22: Outer Invoice Cost: | D22: =IF(IFERROR(INDEX('CFBG New Line Form'!$G$9:$EQ$105,MATCH(C11,'CFBG New Line Form'!$B$9:$B$105,0),MATCH(VLOOKUP(C22,MAPPING!$B$3:$J$131,9,0),'CFBG New Line Form'!$G$7:$EQ$7,0)),"")=0,"",IFERROR(INDEX('CFBG New Line Form'!$G$9:$EQ$105,MATCH(C11,'CFBG New Line Form'!$B$9:$B$105,0),MATCH(VLOOKUP(C22,MAPPING!$B$3:$J$131,9,0),'CFBG New Line Form'!$G$7:$EQ$7,0)),"")) | G22: Inner Cost: | I22: =IF(IFERROR(INDEX('CFBG New Line Form'!$G$9:$EQ$105,MATCH(C11,'CFBG New Line Form'!$B$9:$B$105,0),MATCH(VLOOKUP(G22,MAPPING!$B$3:$J$131,9,0),'CFBG New Line Form'!$G$7:$EQ$7,0)),"")=0,"",IFERROR(INDEX('CFBG New Line Form'!$G$9:$EQ$105,MATCH(C11,'CFBG New Line Form'!$B$9:$B$105,0),MATCH(VLOOKUP(G22,MAPPING!$B$3:$J$131,9,0),'CFBG New Line Form'!$G$7:$EQ$7,0)),""))
C24: Cases per Layer: | D24: =IF(IFERROR(INDEX('CFBG New Line Form'!$G$9:$EQ$105,MATCH(C11,'CFBG New Line Form'!$B$9:$B$105,0),MATCH(VLOOKUP(C24,MAPPING!$B$3:$J$131,9,0),'CFBG New Line Form'!$G$7:$EQ$7,0)),"")=0,"",IFERROR(INDEX('CFBG New Line Form'!$G$9:$EQ$105,MATCH(C11,'CFBG New Line Form'!$B$9:$B$105,0),MATCH(VLOOKUP(C24,MAPPING!$B$3:$J$131,9,0),'CFBG New Line Form'!$G$7:$EQ$7,0)),"")) | F24: Layers per Pallet: | G24: =IF(IFERROR(INDEX('CFBG New Line Form'!$G$9:$EQ$105,MATCH(C11,'CFBG New Line Form'!$B$9:$B$105,0),MATCH(VLOOKUP(F24,MAPPING!$B$3:$J$131,9,0),'CFBG New Line Form'!$G$7:$EQ$7,0)),"")=0,"",IFERROR(INDEX('CFBG New Line Form'!$G$9:$EQ$105,MATCH(C11,'CFBG New Line Form'!$B$9:$B$105,0),MATCH(VLOOKUP(F24,MAPPING!$B$3:$J$131,9,0),'CFBG New Line Form'!$G$7:$EQ$7,0)),"")) | J24: Cases per Pallet: | K24: =IF(IFERROR(INDEX('CFBG New Line Form'!$G$9:$EQ$105,MATCH(C11,'CFBG New Line Form'!$B$9:$B$105,0),MATCH(VLOOKUP(J24,MAPPING!$B$3:$J$131,9,0),'CFBG New Line Form'!$G$7:$EQ$7,0)),"")=0,"",IFERROR(INDEX('CFBG New Line Form'!$G$9:$EQ$105,MATCH(C11,'CFBG New Line Form'!$B$9:$B$105,0),MATCH(VLOOKUP(J24,MAPPING!$B$3:$J$131,9,0),'CFBG New Line Form'!$G$7:$EQ$7,0)),""))
C26: Pallet Weight: | D26: =IF(IFERROR(INDEX('CFBG New Line Form'!$G$9:$EQ$105,MATCH(C11,'CFBG New Line Form'!$B$9:$B$105,0),MATCH(VLOOKUP(C26,MAPPING!$B$3:$J$131,9,0),'CFBG New Line Form'!$G$7:$EQ$7,0)),"")=0,"",IFERROR(INDEX('CFBG New Line Form'!$G$9:$EQ$105,MATCH(C11,'CFBG New Line Form'!$B$9:$B$105,0),MATCH(VLOOKUP(C26,MAPPING!$B$3:$J$131,9,0),'CFBG New Line Form'!$G$7:$EQ$7,0)),"")) | F26: Pallet Height: | G26: =IF(IFERROR(INDEX('CFBG New Line Form'!$G$9:$EQ$105,MATCH(C11,'CFBG New Line Form'!$B$9:$B$105,0),MATCH(VLOOKUP(F26,MAPPING!$B$3:$J$131,9,0),'CFBG New Line Form'!$G$7:$EQ$7,0)),"")=0,"",IFERROR(INDEX('CFBG New Line Form'!$G$9:$EQ$105,MATCH(C11,'CFBG New Line Form'!$B$9:$B$105,0),MATCH(VLOOKUP(F26,MAPPING!$B$3:$J$131,9,0),'CFBG New Line Form'!$G$7:$EQ$7,0)),"")) | J26: Minimum Order: | K26: =IF(IFERROR(INDEX('CFBG New Line Form'!$G$9:$EQ$105,MATCH(C11,'CFBG New Line Form'!$B$9:$B$105,0),MATCH(VLOOKUP(J26,MAPPING!$B$3:$J$131,9,0),'CFBG New Line Form'!$G$7:$EQ$7,0)),"")=0,"",IFERROR(INDEX('CFBG New Line Form'!$G$9:$EQ$105,MATCH(C11,'CFBG New Line Form'!$B$9:$B$105,0),MATCH(VLOOKUP(J26,MAPPING!$B$3:$J$131,9,0),'CFBG New Line Form'!$G$7:$EQ$7,0)),""))
C28: Barcode: | D28: =IF(IFERROR(INDEX('CFBG New Line Form'!$G$9:$EQ$105,MATCH(C11,'CFBG New Line Form'!$B$9:$B$105,0),MATCH(VLOOKUP(C28,MAPPING!$B$3:$J$131,9,0),'CFBG New Line Form'!$G$7:$EQ$7,0)),"")=0,"",IFERROR(INDEX('CFBG New Line Form'!$G$9:$EQ$105,MATCH(C11,'CFBG New Line Form'!$B$9:$B$105,0),MATCH(VLOOKUP(C28,MAPPING!$B$3:$J$131,9,0),'CFBG New Line Form'!$G$7:$EQ$7,0)),"")) | G28: EAN Code: | I28: =IF(IFERROR(INDEX('CFBG New Line Form'!$G$9:$EQ$105,MATCH(C11,'CFBG New Line Form'!$B$9:$B$105,0),MATCH(VLOOKUP(G28,MAPPING!$B$3:$J$131,9,0),'CFBG New Line Form'!$G$7:$EQ$7,0)),"")=0,"",IFERROR(INDEX('CFBG New Line Form'!$G$9:$EQ$105,MATCH(C11,'CFBG New Line Form'!$B$9:$B$105,0),MATCH(VLOOKUP(G28,MAPPING!$B$3:$J$131,9,0),'CFBG New Line Form'!$G$7:$EQ$7,0)),""))
C30: Vatable: | D30: =IF(IFERROR(INDEX('CFBG New Line Form'!$G$9:$EQ$105,MATCH(C11,'CFBG New Line Form'!$B$9:$B$105,0),MATCH(VLOOKUP(C30,MAPPING!$B$3:$J$131,9,0),'CFBG New Line Form'!$G$7:$EQ$7,0)),"")=0,"",IFERROR(INDEX('CFBG New Line Form'!$G$9:$EQ$105,MATCH(C11,'CFBG New Line Form'!$B$9:$B$105,0),MATCH(VLOOKUP(C30,MAPPING!$B$3:$J$131,9,0),'CFBG New Line Form'!$G$7:$EQ$7,0)),"")) | G30: VAT Rate: | I30: =IF(IFERROR(INDEX('CFBG New Line Form'!$G$9:$EQ$105,MATCH(C11,'CFBG New Line Form'!$B$9:$B$105,0),MATCH(VLOOKUP(G30,MAPPING!$B$3:$J$131,9,0),'CFBG New Line Form'!$G$7:$EQ$7,0)),"")=0,"",IFERROR(INDEX('CFBG New Line Form'!$G$9:$EQ$105,MATCH(C11,'CFBG New Line Form'!$B$9:$B$105,0),MATCH(VLOOKUP(G30,MAPPING!$B$3:$J$131,9,0),'CFBG New Line Form'!$G$7:$EQ$7,0)),""))
B33: Cooking / Defrost | C33: =IF(IFERROR(INDEX('CFBG New Line Form'!$G$9:$EQ$105,MATCH(C11,'CFBG New Line Form'!$B$9:$B$105,0),MATCH(VLOOKUP(B33,MAPPING!$B$3:$J$131,9,0),'CFBG New Line Form'!$G$7:$EQ$7,0)),"")=0,"",IFERROR(INDEX('CFBG New Line Form'!$G$9:$EQ$105,MATCH(C11,'CFBG New Line Form'!$B$9:$B$105,0),MATCH(VLOOKUP(B33,MAPPING!$B$3:$J$131,9,0),'CFBG New Line Form'!$G$7:$EQ$7,0)),""))
B34: Instructions
B39: Suitable For: | G39: Product Contains:
C41: Vegetarians: | E41: =IF(IFERROR(INDEX('CFBG New Line Form'!$G$9:$EQ$105,MATCH(C11,'CFBG New Line Form'!$B$9:$B$105,0),MATCH(VLOOKUP(C41,MAPPING!$B$3:$J$131,9,0),'CFBG New Line Form'!$G$7:$EQ$7,0)),"")=0,"",IFERROR(INDEX('CFBG New Line Form'!$G$9:$EQ$105,MATCH(C11,'CFBG New Line Form'!$B$9:$B$105,0),MATCH(VLOOKUP(C41,MAPPING!$B$3:$J$131,9,0),'CFBG New Line Form'!$G$7:$EQ$7,0)),"")) | G41: Milk: | H41: =IF(IFERROR(INDEX('CFBG New Line Form'!$G$9:$EQ$105,MATCH(C11,'CFBG New Line Form'!$B$9:$B$105,0),MATCH(VLOOKUP(G41,MAPPING!$B$3:$J$131,9,0),'CFBG New Line Form'!$G$7:$EQ$7,0)),"")=0,"",IFERROR(INDEX('CFBG New Line Form'!$G$9:$EQ$105,MATCH(C11,'CFBG New Line Form'!$B$9:$B$105,0),MATCH(VLOOKUP(G41,MAPPING!$B$3:$J$131,9,0),'CFBG New Line Form'!$G$7:$EQ$7,0)),"")) | I41: Fish: | K41: =IF(IFERROR(INDEX('CFBG New Line Form'!$G$9:$EQ$105,MATCH(C11,'CFBG New Line Form'!$B$9:$B$105,0),MATCH(VLOOKUP(I41,MAPPING!$B$3:$J$131,9,0),'CFBG New Line Form'!$G$7:$EQ$7,0)),"")=0,"",IFERROR(INDEX('CFBG New Line Form'!$G$9:$EQ$105,MATCH(C11,'CFBG New Line Form'!$B$9:$B$105,0),MATCH(VLOOKUP(I41,MAPPING!$B$3:$J$131,9,0),'CFBG New Line Form'!$G$7:$EQ$7,0)),""))
C43: Vegans: | E43: =IF(IFERROR(INDEX('CFBG New Line Form'!$G$9:$EQ$105,MATCH(C11,'CFBG New Line Form'!$B$9:$B$105,0),MATCH(VLOOKUP(C43,MAPPING!$B$3:$J$131,9,0),'CFBG New Line Form'!$G$7:$EQ$7,0)),"")=0,"",IFERROR(INDEX('CFBG New Line Form'!$G$9:$EQ$105,MATCH(C11,'CFBG New Line Form'!$B$9:$B$105,0),MATCH(VLOOKUP(C43,MAPPING!$B$3:$J$131,9,0),'CFBG New Line Form'!$G$7:$EQ$7,0)),"")) | G43: Eggs: | H43: =IF(IFERROR(INDEX('CFBG New Line Form'!$G$9:$EQ$105,MATCH(C11,'CFBG New Line Form'!$B$9:$B$105,0),MATCH(VLOOKUP(G43,MAPPING!$B$3:$J$131,9,0),'CFBG New Line Form'!$G$7:$EQ$7,0)),"")=0,"",IFERROR(INDEX('CFBG New Line Form'!$G$9:$EQ$105,MATCH(C11,'CFBG New Line Form'!$B$9:$B$105,0),MATCH(VLOOKUP(G43,MAPPING!$B$3:$J$131,9,0),'CFBG New Line Form'!$G$7:$EQ$7,0)),"")) | I43: Shell Fish/Crustaceans | K43: =IF(IFERROR(INDEX('CFBG New Line Form'!$G$9:$EQ$105,MATCH(C11,'CFBG New Line Form'!$B$9:$B$105,0),MATCH(VLOOKUP(I43,MAPPING!$B$3:$J$131,9,0),'CFBG New Line Form'!$G$7:$EQ$7,0)),"")=0,"",IFERROR(INDEX('CFBG New Line Form'!$G$9:$EQ$105,MATCH(C11,'CFBG New Line Form'!$B$9:$B$105,0),MATCH(VLOOKUP(I43,MAPPING!$B$3:$J$131,9,0),'CFBG New Line Form'!$G$7:$EQ$7,0)),""))
C45: Diabetics: | E45: =IF(IFERROR(INDEX('CFBG New Line Form'!$G$9:$EQ$105,MATCH(C11,'CFBG New Line Form'!$B$9:$B$105,0),MATCH(VLOOKUP(C45,MAPPING!$B$3:$J$131,9,0),'CFBG New Line Form'!$G$7:$EQ$7,0)),"")=0,"",IFERROR(INDEX('CFBG New Line Form'!$G$9:$EQ$105,MATCH(C11,'CFBG New Line Form'!$B$9:$B$105,0),MATCH(VLOOKUP(C45,MAPPING!$B$3:$J$131,9,0),'CFBG New Line Form'!$G$7:$EQ$7,0)),"")) | G45: Soya: | H45: =IF(IFERROR(INDEX('CFBG New Line Form'!$G$9:$EQ$105,MATCH(C11,'CFBG New Line Form'!$B$9:$B$105,0),MATCH(VLOOKUP(G45,MAPPING!$B$3:$J$131,9,0),'CFBG New Line Form'!$G$7:$EQ$7,0)),"")=0,"",IFERROR(INDEX('CFBG New Line Form'!$G$9:$EQ$105,MATCH(C11,'CFBG New Line Form'!$B$9:$B$105,0),MATCH(VLOOKUP(G45,MAPPING!$B$3:$J$131,9,0),'CFBG New Line Form'!$G$7:$EQ$7,0)),"")) | I45: Molluscs | K45: =IF(IFERROR(INDEX('CFBG New Line Form'!$G$9:$EQ$105,MATCH(C11,'CFBG New Line Form'!$B$9:$B$105,0),MATCH(VLOOKUP(I45,MAPPING!$B$3:$J$131,9,0),'CFBG New Line Form'!$G$7:$EQ$7,0)),"")=0,"",IFERROR(INDEX('CFBG New Line Form'!$G$9:$EQ$105,MATCH(C11,'CFBG New Line Form'!$B$9:$B$105,0),MATCH(VLOOKUP(I45,MAPPING!$B$3:$J$131,9,0),'CFBG New Line Form'!$G$7:$EQ$7,0)),""))
C47: Coeliacs: | E47: =IF(IFERROR(INDEX('CFBG New Line Form'!$G$9:$EQ$105,MATCH(C11,'CFBG New Line Form'!$B$9:$B$105,0),MATCH(VLOOKUP(C47,MAPPING!$B$3:$J$131,9,0),'CFBG New Line Form'!$G$7:$EQ$7,0)),"")=0,"",IFERROR(INDEX('CFBG New Line Form'!$G$9:$EQ$105,MATCH(C11,'CFBG New Line Form'!$B$9:$B$105,0),MATCH(VLOOKUP(C47,MAPPING!$B$3:$J$131,9,0),'CFBG New Line Form'!$G$7:$EQ$7,0)),"")) | G47: Tree Nuts: | H47: =IF(IFERROR(INDEX('CFBG New Line Form'!$G$9:$EQ$105,MATCH(C11,'CFBG New Line Form'!$B$9:$B$105,0),MATCH(VLOOKUP(G47,MAPPING!$B$3:$J$131,9,0),'CFBG New Line Form'!$G$7:$EQ$7,0)),"")=0,"",IFERROR(INDEX('CFBG New Line Form'!$G$9:$EQ$105,MATCH(C11,'CFBG New Line Form'!$B$9:$B$105,0),MATCH(VLOOKUP(G47,MAPPING!$B$3:$J$131,9,0),'CFBG New Line Form'!$G$7:$EQ$7,0)),"")) | I47: Mustard: | K47: =IF(IFERROR(INDEX('CFBG New Line Form'!$G$9:$EQ$105,MATCH(C11,'CFBG New Line Form'!$B$9:$B$105,0),MATCH(VLOOKUP(I47,MAPPING!$B$3:$J$131,9,0),'CFBG New Line Form'!$G$7:$EQ$7,0)),"")=0,"",IFERROR(INDEX('CFBG New Line Form'!$G$9:$EQ$105,MATCH(C11,'CFBG New Line Form'!$B$9:$B$105,0),MATCH(VLOOKUP(I47,MAPPING!$B$3:$J$131,9,0),'CFBG New Line Form'!$G$7:$EQ$7,0)),""))
C49: Lactose Intolerance: | E49: =IF(IFERROR(INDEX('CFBG New Line Form'!$G$9:$EQ$105,MATCH(C11,'CFBG New Line Form'!$B$9:$B$105,0),MATCH(VLOOKUP(C49,MAPPING!$B$3:$J$131,9,0),'CFBG New Line Form'!$G$7:$EQ$7,0)),"")=0,"",IFERROR(INDEX('CFBG New Line Form'!$G$9:$EQ$105,MATCH(C11,'CFBG New Line Form'!$B$9:$B$105,0),MATCH(VLOOKUP(C49,MAPPING!$B$3:$J$131,9,0),'CFBG New Line Form'!$G$7:$EQ$7,0)),"")) | G49: Peanuts: | H49: =IF(IFERROR(INDEX('CFBG New Line Form'!$G$9:$EQ$105,MATCH(C11,'CFBG New Line Form'!$B$9:$B$105,0),MATCH(VLOOKUP(G49,MAPPING!$B$3:$J$131,9,0),'CFBG New Line Form'!$G$7:$EQ$7,0)),"")=0,"",IFERROR(INDEX('CFBG New Line Form'!$G$9:$EQ$105,MATCH(C11,'CFBG New Line Form'!$B$9:$B$105,0),MATCH(VLOOKUP(G49,MAPPING!$B$3:$J$131,9,0),'CFBG New Line Form'!$G$7:$EQ$7,0)),"")) | I49: Lupins-Flour: | K49: =IF(IFERROR(INDEX('CFBG New Line Form'!$G$9:$EQ$105,MATCH(C11,'CFBG New Line Form'!$B$9:$B$105,0),MATCH(VLOOKUP(I49,MAPPING!$B$3:$J$131,9,0),'CFBG New Line Form'!$G$7:$EQ$7,0)),"")=0,"",IFERROR(INDEX('CFBG New Line Form'!$G$9:$EQ$105,MATCH(C11,'CFBG New Line Form'!$B$9:$B$105,0),MATCH(VLOOKUP(I49,MAPPING!$B$3:$J$131,9,0),'CFBG New Line Form'!$G$7:$EQ$7,0)),""))
G51: Cereals/Gluten: | H51: =IF(IFERROR(INDEX('CFBG New Line Form'!$G$9:$EQ$105,MATCH(C11,'CFBG New Line Form'!$B$9:$B$105,0),MATCH(VLOOKUP(G51,MAPPING!$B$3:$J$131,9,0),'CFBG New Line Form'!$G$7:$EQ$7,0)),"")=0,"",IFERROR(INDEX('CFBG New Line Form'!$G$9:$EQ$105,MATCH(C11,'CFBG New Line Form'!$B$9:$B$105,0),MATCH(VLOOKUP(G51,MAPPING!$B$3:$J$131,9,0),'CFBG New Line Form'!$G$7:$EQ$7,0)),"")) | I51: Celery: | K51: =IF(IFERROR(INDEX('CFBG New Line Form'!$G$9:$EQ$105,MATCH(C11,'CFBG New Line Form'!$B$9:$B$105,0),MATCH(VLOOKUP(I51,MAPPING!$B$3:$J$131,9,0),'CFBG New Line Form'!$G$7:$EQ$7,0)),"")=0,"",IFERROR(INDEX('CFBG New Line Form'!$G$9:$EQ$105,MATCH(C11,'CFBG New Line Form'!$B$9:$B$105,0),MATCH(VLOOKUP(I51,MAPPING!$B$3:$J$131,9,0),'CFBG New Line Form'!$G$7:$EQ$7,0)),""))
G53: Sesame Seeds | H53: =IF(IFERROR(INDEX('CFBG New Line Form'!$G$9:$EQ$105,MATCH(C11,'CFBG New Line Form'!$B$9:$B$105,0),MATCH(VLOOKUP(G53,MAPPING!$B$3:$J$131,9,0),'CFBG New Line Form'!$G$7:$EQ$7,0)),"")=0,"",IFERROR(INDEX('CFBG New Line Form'!$G$9:$EQ$105,MATCH(C11,'CFBG New Line Form'!$B$9:$B$105,0),MATCH(VLOOKUP(G53,MAPPING!$B$3:$J$131,9,0),'CFBG New Line Form'!$G$7:$EQ$7,0)),"")) | I53: Sulphur Dioxiode/Sulphites | K53: =IF(IFERROR(INDEX('CFBG New Line Form'!$G$9:$EQ$105,MATCH(C11,'CFBG New Line Form'!$B$9:$B$105,0),MATCH(VLOOKUP(I53,MAPPING!$B$3:$J$131,9,0),'CFBG New Line Form'!$G$7:$EQ$7,0)),"")=0,"",IFERROR(INDEX('CFBG New Line Form'!$G$9:$EQ$105,MATCH(C11,'CFBG New Line Form'!$B$9:$B$105,0),MATCH(VLOOKUP(I53,MAPPING!$B$3:$J$131,9,0),'CFBG New Line Form'!$G$7:$EQ$7,0)),""))
A56: For Caterfood SW Use Only:
A57: Department: | D57: Category: | G57: Sub-Category:
B59: Full Case Code: | F59: Full Case Sell:
B61: Split Case Code: | F61: Split Case Sell:
G63: Yes | I63: No
A64: Should the HACCP Plan be Reviewed :
A66: MSC Product? MSC Change of scope needs to be reported within 10 days
G67: =IF(IFERROR(INDEX('CFBG New Line Form'!$G$9:$EQ$105,MATCH(C11,'CFBG New Line Form'!$B$9:$B$105,0),MATCH(VLOOKUP(A66,MAPPING!$B$3:$J$131,9,0),'CFBG New Line Form'!$G$7:$EQ$7,0)),"")=0,"",IFERROR(INDEX('CFBG New Line Form'!$G$9:$EQ$105,MATCH(C11,'CFBG New Line Form'!$B$9:$B$105,0),MATCH(VLOOKUP(A66,MAPPING!$B$3:$J$131,9,0),'CFBG New Line Form'!$G$7:$EQ$7,0)),""))
A69: Comments

Sheet Elite
C3: New Product / Product Amendment Form
D4: Please complete all blue sections as fully as possible and email to purchasing@elitefinefoods.co.uk Please note incomplete forms or attachments will result in delay of product set up
B7: New Product | C7: Select from Drop Down
A8: Section A
A9: 1 | B9: Supplier Name | D9: =IF( IFERROR(INDEX('CFBG New Line Form'!$G$9:$EQ$105,MATCH(D11,'CFBG New Line Form'!$B$9:$B$105,0),MATCH(VLOOKUP(B9,MAPPING!$D$3:$J$131,7,0),'CFBG New Line Form'!$G$7:$EQ$7,0)),"")=0, "", IFERROR(INDEX('CFBG New Line Form'!$G$9:$EQ$105,MATCH(D11,'CFBG New Line Form'!$B$9:$B$105,0),MATCH(VLOOKUP(B9,MAPPING!$D$3:$J$131,7,0),'CFBG New Line Form'!$G$7:$EQ$7,0)),""))
A11: 1.01 | B11: Product Name
A12: 1.02 | B12: Manufacturer Product Code | D12: =IF(IFERROR(INDEX('CFBG New Line Form'!$G$9:$EQ$105,MATCH(D11,'CFBG New Line Form'!$B$9:$B$105,0),MATCH(VLOOKUP(B12,MAPPING!$D$3:$J$131,7,0),'CFBG New Line Form'!$G$7:$EQ$7,0)),"")=0,"",IFERROR(INDEX('CFBG New Line Form'!$G$9:$EQ$105,MATCH(D11,'CFBG New Line Form'!$B$9:$B$105,0),MATCH(VLOOKUP(B12,MAPPING!$D$3:$J$131,7,0),'CFBG New Line Form'!$G$7:$EQ$7,0)),""))
B13: Supplier ordering code (if different from above) | D13: =IF(IFERROR(INDEX('CFBG New Line Form'!$G$9:$EQ$105,MATCH(D11,'CFBG New Line Form'!$B$9:$B$105,0),MATCH(VLOOKUP(B13,MAPPING!$D$3:$J$131,7,0),'CFBG New Line Form'!$G$7:$EQ$7,0)),"")=0,"",IFERROR(INDEX('CFBG New Line Form'!$G$9:$EQ$105,MATCH(D11,'CFBG New Line Form'!$B$9:$B$105,0),MATCH(VLOOKUP(B13,MAPPING!$D$3:$J$131,7,0),'CFBG New Line Form'!$G$7:$EQ$7,0)),""))
A14: 1.03 | B14: Product Category | D14: =IF(IFERROR(INDEX('CFBG New Line Form'!$G$9:$EQ$105,MATCH(D11,'CFBG New Line Form'!$B$9:$B$105,0),MATCH(VLOOKUP(B14,MAPPING!$D$3:$J$131,7,0),'CFBG New Line Form'!$G$7:$EQ$7,0)),"")=0,"",IFERROR(INDEX('CFBG New Line Form'!$G$9:$EQ$105,MATCH(D11,'CFBG New Line Form'!$B$9:$B$105,0),MATCH(VLOOKUP(B14,MAPPING!$D$3:$J$131,7,0),'CFBG New Line Form'!$G$7:$EQ$7,0)),""))
A15: 1.04 | B15: Product Brand | D15: =IF(IFERROR(INDEX('CFBG New Line Form'!$C$9:$EQ$105,MATCH(D11,'CFBG New Line Form'!$B$9:$B$105,0),MATCH(VLOOKUP(B15,MAPPING!$D$3:$J$131,7,0),'CFBG New Line Form'!$C$7:$EQ$7,0)),"")=0,"",IFERROR(INDEX('CFBG New Line Form'!$C$9:$EQ$105,MATCH(D11,'CFBG New Line Form'!$B$9:$B$105,0),MATCH(VLOOKUP(B15,MAPPING!$D$3:$J$131,7,0),'CFBG New Line Form'!$C$7:$EQ$7,0)),""))
A17: 1.05 | B17: Packs in case | D17: =IF(IFERROR(INDEX('CFBG New Line Form'!$G$9:$EQ$105,MATCH(D11,'CFBG New Line Form'!$B$9:$B$105,0),MATCH(VLOOKUP(B17,MAPPING!$D$3:$J$131,7,0),'CFBG New Line Form'!$G$7:$EQ$7,0)),"")=0,"",IFERROR(INDEX('CFBG New Line Form'!$G$9:$EQ$105,MATCH(D11,'CFBG New Line Form'!$B$9:$B$105,0),MATCH(VLOOKUP(B17,MAPPING!$D$3:$J$131,7,0),'CFBG New Line Form'!$G$7:$EQ$7,0)),"")) | E17: Units in Pack | G17: =IF(IFERROR(INDEX('CFBG New Line Form'!$G$9:$EQ$105,MATCH(D11,'CFBG New Line Form'!$B$9:$B$105,0),MATCH(VLOOKUP(E17,MAPPING!$D$3:$J$131,7,0),'CFBG New Line Form'!$G$7:$EQ$7,0)),"")=0,"",IFERROR(INDEX('CFBG New Line Form'!$G$9:$EQ$105,MATCH(D11,'CFBG New Line Form'!$B$9:$B$105,0),MATCH(VLOOKUP(E17,MAPPING!$D$3:$J$131,7,0),'CFBG New Line Form'!$G$7:$EQ$7,0)),""))
A18: 1.06 | B18: Unit Size | D18: =IF(IFERROR(INDEX('CFBG New Line Form'!$G$9:$EQ$105,MATCH(D11,'CFBG New Line Form'!$B$9:$B$105,0),MATCH(VLOOKUP(B18,MAPPING!$D$3:$J$131,7,0),'CFBG New Line Form'!$G$7:$EQ$7,0)),"")=0,"",IFERROR(INDEX('CFBG New Line Form'!$G$9:$EQ$105,MATCH(D11,'CFBG New Line Form'!$B$9:$B$105,0),MATCH(VLOOKUP(B18,MAPPING!$D$3:$J$131,7,0),'CFBG New Line Form'!$G$7:$EQ$7,0)),"")) | E18: Unit of Measure | G18: =IF(IFERROR(INDEX('CFBG New Line Form'!$G$9:$EQ$105,MATCH(D11,'CFBG New Line Form'!$B$9:$B$105,0),MATCH(VLOOKUP(E18,MAPPING!$D$3:$J$131,7,0),'CFBG New Line Form'!$G$7:$EQ$7,0)),"")=0,"",IFERROR(INDEX('CFBG New Line Form'!$G$9:$EQ$105,MATCH(D11,'CFBG New Line Form'!$B$9:$B$105,0),MATCH(VLOOKUP(E18,MAPPING!$D$3:$J$131,7,0),'CFBG New Line Form'!$G$7:$EQ$7,0)),""))
A19: 1.07 | B19: Layers per Pallet | D19: =IF(IFERROR(INDEX('CFBG New Line Form'!$G$9:$EQ$105,MATCH(D11,'CFBG New Line Form'!$B$9:$B$105,0),MATCH(VLOOKUP(B19,MAPPING!$D$3:$J$131,7,0),'CFBG New Line Form'!$G$7:$EQ$7,0)),"")=0,"",IFERROR(INDEX('CFBG New Line Form'!$G$9:$EQ$105,MATCH(D11,'CFBG New Line Form'!$B$9:$B$105,0),MATCH(VLOOKUP(B19,MAPPING!$D$3:$J$131,7,0),'CFBG New Line Form'!$G$7:$EQ$7,0)),"")) | E19: Cases per Layer | G19: =IF(IFERROR(INDEX('CFBG New Line Form'!$G$9:$EQ$105,MATCH(D11,'CFBG New Line Form'!$B$9:$B$105,0),MATCH(VLOOKUP(E19,MAPPING!$D$3:$J$131,7,0),'CFBG New Line Form'!$G$7:$EQ$7,0)),"")=0,"",IFERROR(INDEX('CFBG New Line Form'!$G$9:$EQ$105,MATCH(D11,'CFBG New Line Form'!$B$9:$B$105,0),MATCH(VLOOKUP(E19,MAPPING!$D$3:$J$131,7,0),'CFBG New Line Form'!$G$7:$EQ$7,0)),""))
A20: 1.08 | B20: Confirm Euro Pallets not used | D20: =IF(IFERROR(INDEX('CFBG New Line Form'!$G$9:$EQ$105,MATCH(D11,'CFBG New Line Form'!$B$9:$B$105,0),MATCH(VLOOKUP(B20,MAPPING!$D$3:$J$131,7,0),'CFBG New Line Form'!$G$7:$EQ$7,0)),"")=0,"",IFERROR(INDEX('CFBG New Line Form'!$G$9:$EQ$105,MATCH(D11,'CFBG New Line Form'!$B$9:$B$105,0),MATCH(VLOOKUP(B20,MAPPING!$D$3:$J$131,7,0),'CFBG New Line Form'!$G$7:$EQ$7,0)),""))
A21: 1.09 | B21: Case Size in MM | D21: Height | E21: =IF(IFERROR(INDEX('CFBG New Line Form'!$G$9:$EQ$105,MATCH(D11,'CFBG New Line Form'!$B$9:$B$105,0),MATCH(VLOOKUP(D21,MAPPING!$D$3:$J$131,7,0),'CFBG New Line Form'!$G$7:$EQ$7,0))*100,"")=0,"",IFERROR(INDEX('CFBG New Line Form'!$G$9:$EQ$105,MATCH(D11,'CFBG New Line Form'!$B$9:$B$105,0),MATCH(VLOOKUP(D21,MAPPING!$D$3:$J$131,7,0),'CFBG New Line Form'!$G$7:$EQ$7,0))*100,"")) | F21: Width | G21: =IF(IFERROR(INDEX('CFBG New Line Form'!$G$9:$EQ$105,MATCH(D11,'CFBG New Line Form'!$B$9:$B$105,0),MATCH(VLOOKUP(F21,MAPPING!$D$3:$J$131,7,0),'CFBG New Line Form'!$G$7:$EQ$7,0))*100,"")=0,"",IFERROR(INDEX('CFBG New Line Form'!$G$9:$EQ$105,MATCH(D11,'CFBG New Line Form'!$B$9:$B$105,0),MATCH(VLOOKUP(F21,MAPPING!$D$3:$J$131,7,0),'CFBG New Line Form'!$G$7:$EQ$7,0))*100,""))
D22: Length | E22: =IF(IFERROR(INDEX('CFBG New Line Form'!$G$9:$EQ$105,MATCH(D11,'CFBG New Line Form'!$B$9:$B$105,0),MATCH(VLOOKUP(D22,MAPPING!$D$3:$J$131,7,0),'CFBG New Line Form'!$G$7:$EQ$7,0))*100,"")=0,"",IFERROR(INDEX('CFBG New Line Form'!$G$9:$EQ$105,MATCH(D11,'CFBG New Line Form'!$B$9:$B$105,0),MATCH(VLOOKUP(D22,MAPPING!$D$3:$J$131,7,0),'CFBG New Line Form'!$G$7:$EQ$7,0))*100,"")) | F22: Weight (KG) | G22: =IF(IFERROR(INDEX('CFBG New Line Form'!$G$9:$EQ$105,MATCH(D11,'CFBG New Line Form'!$B$9:$B$105,0),MATCH(VLOOKUP(F22,MAPPING!$D$3:$J$131,7,0),'CFBG New Line Form'!$G$7:$EQ$7,0)),"")=0,"",IFERROR(INDEX('CFBG New Line Form'!$G$9:$EQ$105,MATCH(D11,'CFBG New Line Form'!$B$9:$B$105,0),MATCH(VLOOKUP(F22,MAPPING!$D$3:$J$131,7,0),'CFBG New Line Form'!$G$7:$EQ$7,0)),""))
A24: 1.1 | B24: Shelf Life upon Delivery | D24: =IF(IFERROR(INDEX('CFBG New Line Form'!$G$9:$EQ$105,MATCH(D11,'CFBG New Line Form'!$B$9:$B$105,0),MATCH(VLOOKUP(B24,MAPPING!$D$3:$J$131,7,0),'CFBG New Line Form'!$G$7:$EQ$7,0)),"")=0,"",IFERROR(INDEX('CFBG New Line Form'!$G$9:$EQ$105,MATCH(D11,'CFBG New Line Form'!$B$9:$B$105,0),MATCH(VLOOKUP(B24,MAPPING!$D$3:$J$131,7,0),'CFBG New Line Form'!$G$7:$EQ$7,0)),"")) | E24: Number of: | F24: =IF(D24="","","Days")
A25: 1.11 | B25: Weighted Product Y/N | D25: =IF(IFERROR(INDEX('CFBG New Line Form'!$G$9:$EQ$105,MATCH(D11,'CFBG New Line Form'!$B$9:$B$105,0),MATCH(VLOOKUP(B25,MAPPING!$D$3:$J$131,7,0),'CFBG New Line Form'!$G$7:$EQ$7,0)),"")=0,"",IFERROR(INDEX('CFBG New Line Form'!$G$9:$EQ$105,MATCH(D11,'CFBG New Line Form'!$B$9:$B$105,0),MATCH(VLOOKUP(B25,MAPPING!$D$3:$J$131,7,0),'CFBG New Line Form'!$G$7:$EQ$7,0)),"")) | E25: Average Weight (KG) | G25: =IF(IF(D25="No","N/A", IF(D25="Yes",IFERROR(INDEX('CFBG New Line Form'!$G$9:$EQ$105,MATCH(D11,'CFBG New Line Form'!$B$9:$B$105,0),MATCH(VLOOKUP(E25,MAPPING!$D$3:$J$131,7,0),'CFBG New Line Form'!$G$7:$EQ$7,0)),""),""))=0,"",IF(D25="No","N/A", IF(D25="Yes",IFERROR(INDEX('CFBG New Line Form'!$G$9:$EQ$105,MATCH(D11,'CFBG New Line Form'!$B$9:$B$105,0),MATCH(VLOOKUP(E25,MAPPING!$D$3:$J$131,7,0),'CFBG New Line Form'!$G$7:$EQ$7,0)),""),"")))
A26: 1.12 | B26: Minimum Order Quantity | D26: Pallets | E26: =IF(IFERROR(INDEX('CFBG New Line Form'!$G$9:$EQ$105,MATCH(D11,'CFBG New Line Form'!$B$9:$B$105,0),MATCH(VLOOKUP(D26,MAPPING!$D$3:$J$131,7,0),'CFBG New Line Form'!$G$7:$EQ$7,0)),"")=0,"",IFERROR(INDEX('CFBG New Line Form'!$G$9:$EQ$105,MATCH(D11,'CFBG New Line Form'!$B$9:$B$105,0),MATCH(VLOOKUP(D26,MAPPING!$D$3:$J$131,7,0),'CFBG New Line Form'!$G$7:$EQ$7,0)),"")) | F26: Cases | G26: =IF(IFERROR(INDEX('CFBG New Line Form'!$G$9:$EQ$105,MATCH(D11,'CFBG New Line Form'!$B$9:$B$105,0),MATCH(VLOOKUP(F26,MAPPING!$D$3:$J$131,7,0),'CFBG New Line Form'!$G$7:$EQ$7,0)),"")=0,"",IFERROR(INDEX('CFBG New Line Form'!$G$9:$EQ$105,MATCH(D11,'CFBG New Line Form'!$B$9:$B$105,0),MATCH(VLOOKUP(F26,MAPPING!$D$3:$J$131,7,0),'CFBG New Line Form'!$G$7:$EQ$7,0)),""))
A27: 1.13 | B27: Minimum Order Value | D27: GBP | E27: =IF(IFERROR(INDEX('CFBG New Line Form'!$G$9:$EQ$105,MATCH(D11,'CFBG New Line Form'!$B$9:$B$105,0),MATCH(VLOOKUP(D27,MAPPING!$D$3:$J$131,7,0),'CFBG New Line Form'!$G$7:$EQ$7,0)),"")=0,"",IFERROR(INDEX('CFBG New Line Form'!$G$9:$EQ$105,MATCH(D11,'CFBG New Line Form'!$B$9:$B$105,0),MATCH(VLOOKUP(D27,MAPPING!$D$3:$J$131,7,0),'CFBG New Line Form'!$G$7:$EQ$7,0)),""))
A29: 1.14 | B29: Barcode GTIN (Outer Case) | D29: =IF(IFERROR(INDEX('CFBG New Line Form'!$G$9:$EQ$105,MATCH(D11,'CFBG New Line Form'!$B$9:$B$105,0),MATCH(VLOOKUP(B29,MAPPING!$D$3:$J$131,7,0),'CFBG New Line Form'!$G$7:$EQ$7,0)),"")=0,"",IFERROR(INDEX('CFBG New Line Form'!$G$9:$EQ$105,MATCH(D11,'CFBG New Line Form'!$B$9:$B$105,0),MATCH(VLOOKUP(B29,MAPPING!$D$3:$J$131,7,0),'CFBG New Line Form'!$G$7:$EQ$7,0)),""))
A30: 1.15 | B30: Barcode GTIN (Inner Pack) | D30: =IF(IFERROR(INDEX('CFBG New Line Form'!$G$9:$EQ$105,MATCH(D11,'CFBG New Line Form'!$B$9:$B$105,0),MATCH(VLOOKUP(B30,MAPPING!$D$3:$J$131,7,0),'CFBG New Line Form'!$G$7:$EQ$7,0)),"")=0,"",IFERROR(INDEX('CFBG New Line Form'!$G$9:$EQ$105,MATCH(D11,'CFBG New Line Form'!$B$9:$B$105,0),MATCH(VLOOKUP(B30,MAPPING!$D$3:$J$131,7,0),'CFBG New Line Form'!$G$7:$EQ$7,0)),""))
A32: 1.16 | B32: Standard Invoice Cost per Case (£000.00) | D32: =IF(IFERROR(INDEX('CFBG New Line Form'!$G$9:$EQ$105,MATCH(D11,'CFBG New Line Form'!$B$9:$B$105,0),MATCH(VLOOKUP(B32,MAPPING!$D$3:$J$131,7,0),'CFBG New Line Form'!$G$7:$EQ$7,0)),"")=0,"",IFERROR(INDEX('CFBG New Line Form'!$G$9:$EQ$105,MATCH(D11,'CFBG New Line Form'!$B$9:$B$105,0),MATCH(VLOOKUP(B32,MAPPING!$D$3:$J$131,7,0),'CFBG New Line Form'!$G$7:$EQ$7,0)),""))
A33: 1.17 | B33: Net Cost per Case (£000.00) | D33: =IF(IFERROR(INDEX('CFBG New Line Form'!$G$9:$EQ$105,MATCH(D11,'CFBG New Line Form'!$B$9:$B$105,0),MATCH(VLOOKUP(B33,MAPPING!$D$3:$J$131,7,0),'CFBG New Line Form'!$G$7:$EQ$7,0)),"")=0,"",IFERROR(INDEX('CFBG New Line Form'!$G$9:$EQ$105,MATCH(D11,'CFBG New Line Form'!$B$9:$B$105,0),MATCH(VLOOKUP(B33,MAPPING!$D$3:$J$131,7,0),'CFBG New Line Form'!$G$7:$EQ$7,0)),""))
A34: 1.18 | B34: VAT Rate (1 = Zero / 2 = Reduced/Partial / 3 = Standard) | D34: =IF(IFERROR(INDEX('CFBG New Line Form'!$G$9:$EQ$105,MATCH(D11,'CFBG New Line Form'!$B$9:$B$105,0),MATCH(VLOOKUP(B34,MAPPING!$D$3:$J$131,7,0),'CFBG New Line Form'!$G$7:$EQ$7,0)),"")=0,"",IFERROR(INDEX('CFBG New Line Form'!$G$9:$EQ$105,MATCH(D11,'CFBG New Line Form'!$B$9:$B$105,0),MATCH(VLOOKUP(B34,MAPPING!$D$3:$J$131,7,0),'CFBG New Line Form'!$G$7:$EQ$7,0)),""))
A36: 1.19 | B36: I confirm specification will be sent with NLF | D36: =IF(IFERROR(INDEX('CFBG New Line Form'!$G$9:$EQ$105,MATCH(D11,'CFBG New Line Form'!$B$9:$B$105,0),MATCH(VLOOKUP(B36,MAPPING!$D$3:$J$131,7,0),'CFBG New Line Form'!$G$7:$EQ$7,0)),"")=0,"",IFERROR(INDEX('CFBG New Line Form'!$G$9:$EQ$105,MATCH(D11,'CFBG New Line Form'!$B$9:$B$105,0),MATCH(VLOOKUP(B36,MAPPING!$D$3:$J$131,7,0),'CFBG New Line Form'!$G$7:$EQ$7,0)),""))
A37: 1.2 | B37: Is this product on Erudus | D37: =IF(IFERROR(INDEX('CFBG New Line Form'!$G$9:$EQ$105,MATCH(D11,'CFBG New Line Form'!$B$9:$B$105,0),MATCH(VLOOKUP(B37,MAPPING!$D$3:$J$131,7,0),'CFBG New Line Form'!$G$7:$EQ$7,0)),"")=0,"",IFERROR(INDEX('CFBG New Line Form'!$G$9:$EQ$105,MATCH(D11,'CFBG New Line Form'!$B$9:$B$105,0),MATCH(VLOOKUP(B37,MAPPING!$D$3:$J$131,7,0),'CFBG New Line Form'!$G$7:$EQ$7,0)),""))
A38: 1.21 | B38: If no I confirm we will complete all data on OPRI - Elites data system | D38: =IF(IFERROR(INDEX('CFBG New Line Form'!$G$9:$EQ$105,MATCH(D11,'CFBG New Line Form'!$B$9:$B$105,0),MATCH(VLOOKUP(B38,MAPPING!$D$3:$J$131,7,0),'CFBG New Line Form'!$G$7:$EQ$7,0)),"")=0,"",IFERROR(INDEX('CFBG New Line Form'!$G$9:$EQ$105,MATCH(D11,'CFBG New Line Form'!$B$9:$B$105,0),MATCH(VLOOKUP(B38,MAPPING!$D$3:$J$131,7,0),'CFBG New Line Form'!$G$7:$EQ$7,0)),"")) | E38: Email address to be registered on OPRI | G38: =IF(IFERROR(INDEX('CFBG New Line Form'!$G$9:$EQ$105,MATCH(D11,'CFBG New Line Form'!$B$9:$B$105,0),MATCH(VLOOKUP(E38,MAPPING!$D$3:$J$131,7,0),'CFBG New Line Form'!$G$7:$EQ$7,0)),"")=0,"",IFERROR(INDEX('CFBG New Line Form'!$G$9:$EQ$105,MATCH(D11,'CFBG New Line Form'!$B$9:$B$105,0),MATCH(VLOOKUP(E38,MAPPING!$D$3:$J$131,7,0),'CFBG New Line Form'!$G$7:$EQ$7,0)),""))
A39: 1.22 | B39: I confirm minimum of 1 pack shot image will be sent with NLF | D39: =IF(IFERROR(INDEX('CFBG New Line Form'!$G$9:$EQ$105,MATCH(D11,'CFBG New Line Form'!$B$9:$B$105,0),MATCH(VLOOKUP(B39,MAPPING!$D$3:$J$131,7,0),'CFBG New Line Form'!$G$7:$EQ$7,0)),"")=0,"",IFERROR(INDEX('CFBG New Line Form'!$G$9:$EQ$105,MATCH(D11,'CFBG New Line Form'!$B$9:$B$105,0),MATCH(VLOOKUP(B39,MAPPING!$D$3:$J$131,7,0),'CFBG New Line Form'!$G$7:$EQ$7,0)),""))
G40: Date
A41: 1.23 | B41: Form Completed By | C41: Name | D41: =IF(IFERROR(INDEX('CFBG New Line Form'!$G$9:$EQ$105,MATCH(D11,'CFBG New Line Form'!$B$9:$B$105,0),MATCH(VLOOKUP(C41,MAPPING!$D$3:$J$131,7,0),'CFBG New Line Form'!$G$7:$EQ$7,0)),"")=0,"",IFERROR(INDEX('CFBG New Line Form'!$G$9:$EQ$105,MATCH(D11,'CFBG New Line Form'!$B$9:$B$105,0),MATCH(VLOOKUP(C41,MAPPING!$D$3:$J$131,7,0),'CFBG New Line Form'!$G$7:$EQ$7,0)),"")) | G41: =IF(IFERROR(INDEX('CFBG New Line Form'!$G$9:$EQ$105,MATCH(D11,'CFBG New Line Form'!$B$9:$B$105,0),MATCH(VLOOKUP(G40,MAPPING!$D$3:$J$131,7,0),'CFBG New Line Form'!$G$7:$EQ$7,0)),"")=0,"",IFERROR(INDEX('CFBG New Line Form'!$G$9:$EQ$105,MATCH(D11,'CFBG New Line Form'!$B$9:$B$105,0),MATCH(VLOOKUP(G40,MAPPING!$D$3:$J$131,7,0),'CFBG New Line Form'!$G$7:$EQ$7,0)),""))
A44: Section B | B44: For Elite Fine Foods only:
A45: 2.01.02 | B45: Toxic | E45: Split Surcharge
A46: 2.03.04 | B46: Minimum accepted Shelf Life | E46: Number of:
A47: 2.05.06 | B47: Order in multiples of? | E47: Back to Back?
A48: 2.07 | B48: Pallet Rounding? | E48: Online Availibilty

Sheet SLF
A1: South Lincs Foodservice Ltd
A3: NEW PRODUCT LISTING FORM
B5: Supplier Name: | C5: =IF(IFERROR(INDEX('CFBG New Line Form'!$G$9:$EQ$105,MATCH(C11,'CFBG New Line Form'!$B$9:$B$105,0),MATCH(VLOOKUP(B5,MAPPING!$E$3:$J$131,6,0),'CFBG New Line Form'!$G$7:$EQ$7,0)),"")=0,"", IFERROR(INDEX('CFBG New Line Form'!$G$9:$EQ$105,MATCH(C11,'CFBG New Line Form'!$B$9:$B$105,0),MATCH(VLOOKUP(B5,MAPPING!$E$3:$J$131,6,0),'CFBG New Line Form'!$G$7:$EQ$7,0)),""))
B7: Supplier Code (SLF): | G7: Date: | I7: =IF(IFERROR(INDEX('CFBG New Line Form'!$G$9:$EQ$105,MATCH(C11,'CFBG New Line Form'!$B$9:$B$105,0),MATCH(VLOOKUP(G7,MAPPING!$E$3:$J$131,6,0),'CFBG New Line Form'!$G$7:$EQ$7,0)),"")=0,"",IFERROR(INDEX('CFBG New Line Form'!$G$9:$EQ$105,MATCH(C11,'CFBG New Line Form'!$B$9:$B$105,0),MATCH(VLOOKUP(G7,MAPPING!$E$3:$J$131,6,0),'CFBG New Line Form'!$G$7:$EQ$7,0)),""))
B9: Supplier Product Code: | C9: =IF(IFERROR(INDEX('CFBG New Line Form'!$G$9:$EQ$105,MATCH(C11,'CFBG New Line Form'!$B$9:$B$105,0),MATCH(VLOOKUP(B9,MAPPING!$E$3:$J$131,6,0),'CFBG New Line Form'!$G$7:$EQ$7,0)),"")=0,"",IFERROR(INDEX('CFBG New Line Form'!$G$9:$EQ$105,MATCH(C11,'CFBG New Line Form'!$B$9:$B$105,0),MATCH(VLOOKUP(B9,MAPPING!$E$3:$J$131,6,0),'CFBG New Line Form'!$G$7:$EQ$7,0)),""))
B11: Product Description:
B12: (As appears on Label)
B14: Full Description: | C14: =IF(IFERROR(INDEX('CFBG New Line Form'!$G$9:$EQ$105,MATCH(C11,'CFBG New Line Form'!$B$9:$B$105,0),MATCH(VLOOKUP(B14,MAPPING!$E$3:$J$131,6,0),'CFBG New Line Form'!$G$7:$EQ$7,0)),"")=0,"",IFERROR(INDEX('CFBG New Line Form'!$G$9:$EQ$105,MATCH(C11,'CFBG New Line Form'!$B$9:$B$105,0),MATCH(VLOOKUP(B14,MAPPING!$E$3:$J$131,6,0),'CFBG New Line Form'!$G$7:$EQ$7,0)),""))
C18: Shelf Life On Production: | D18: =IF(IFERROR(INDEX('CFBG New Line Form'!$G$9:$EQ$105,MATCH(C11,'CFBG New Line Form'!$B$9:$B$105,0),MATCH(VLOOKUP(C18,MAPPING!$E$3:$J$131,6,0),'CFBG New Line Form'!$G$7:$EQ$7,0)),"")=0,"",IFERROR(INDEX('CFBG New Line Form'!$G$9:$EQ$105,MATCH(C11,'CFBG New Line Form'!$B$9:$B$105,0),MATCH(VLOOKUP(C18,MAPPING!$E$3:$J$131,6,0),'CFBG New Line Form'!$G$7:$EQ$7,0)),"")) | I18: Shelf Life On Delivery: | J18: =IF(IFERROR(INDEX('CFBG New Line Form'!$G$9:$EQ$105,MATCH(C11,'CFBG New Line Form'!$B$9:$B$105,0),MATCH(VLOOKUP(I18,MAPPING!$E$3:$J$131,6,0),'CFBG New Line Form'!$G$7:$EQ$7,0)),"")=0,"",IFERROR(INDEX('CFBG New Line Form'!$G$9:$EQ$105,MATCH(C11,'CFBG New Line Form'!$B$9:$B$105,0),MATCH(VLOOKUP(I18,MAPPING!$E$3:$J$131,6,0),'CFBG New Line Form'!$G$7:$EQ$7,0)),""))
C20: Outer Case: | D20: =IF(C11="","",1) | G20: Inner Case: | I20: =IF(IFERROR(INDEX('CFBG New Line Form'!$G$9:$EQ$105,MATCH(C11,'CFBG New Line Form'!$B$9:$B$105,0),MATCH(VLOOKUP(G20,MAPPING!$E$3:$J$131,6,0),'CFBG New Line Form'!$G$7:$EQ$7,0)),"")=0,"",IFERROR(INDEX('CFBG New Line Form'!$G$9:$EQ$105,MATCH(C11,'CFBG New Line Form'!$B$9:$B$105,0),MATCH(VLOOKUP(G20,MAPPING!$E$3:$J$131,6,0),'CFBG New Line Form'!$G$7:$EQ$7,0)),""))
C22: Outer Invoice Cost: | D22: =IF(IFERROR(INDEX('CFBG New Line Form'!$G$9:$EQ$105,MATCH(C11,'CFBG New Line Form'!$B$9:$B$105,0),MATCH(VLOOKUP(C22,MAPPING!$E$3:$J$131,6,0),'CFBG New Line Form'!$G$7:$EQ$7,0)),"")=0,"",IFERROR(INDEX('CFBG New Line Form'!$G$9:$EQ$105,MATCH(C11,'CFBG New Line Form'!$B$9:$B$105,0),MATCH(VLOOKUP(C22,MAPPING!$E$3:$J$131,6,0),'CFBG New Line Form'!$G$7:$EQ$7,0)),"")) | G22: Inner Cost: | I22: =IF(IFERROR(INDEX('CFBG New Line Form'!$G$9:$EQ$105,MATCH(C11,'CFBG New Line Form'!$B$9:$B$105,0),MATCH(VLOOKUP(G22,MAPPING!$E$3:$J$131,6,0),'CFBG New Line Form'!$G$7:$EQ$7,0)),"")=0,"",IFERROR(INDEX('CFBG New Line Form'!$G$9:$EQ$105,MATCH(C11,'CFBG New Line Form'!$B$9:$B$105,0),MATCH(VLOOKUP(G22,MAPPING!$E$3:$J$131,6,0),'CFBG New Line Form'!$G$7:$EQ$7,0)),""))
C24: Cases per Layer: | D24: =IF(IFERROR(INDEX('CFBG New Line Form'!$G$9:$EQ$105,MATCH(C11,'CFBG New Line Form'!$B$9:$B$105,0),MATCH(VLOOKUP(C24,MAPPING!$E$3:$J$131,6,0),'CFBG New Line Form'!$G$7:$EQ$7,0)),"")=0,"",IFERROR(INDEX('CFBG New Line Form'!$G$9:$EQ$105,MATCH(C11,'CFBG New Line Form'!$B$9:$B$105,0),MATCH(VLOOKUP(C24,MAPPING!$E$3:$J$131,6,0),'CFBG New Line Form'!$G$7:$EQ$7,0)),"")) | F24: Layers per Pallet: | G24: =IF(IFERROR(INDEX('CFBG New Line Form'!$G$9:$EQ$105,MATCH(C11,'CFBG New Line Form'!$B$9:$B$105,0),MATCH(VLOOKUP(F24,MAPPING!$E$3:$J$131,6,0),'CFBG New Line Form'!$G$7:$EQ$7,0)),"")=0,"",IFERROR(INDEX('CFBG New Line Form'!$G$9:$EQ$105,MATCH(C11,'CFBG New Line Form'!$B$9:$B$105,0),MATCH(VLOOKUP(F24,MAPPING!$E$3:$J$131,6,0),'CFBG New Line Form'!$G$7:$EQ$7,0)),"")) | J24: Cases per Pallet: | K24: =IF(IFERROR(INDEX('CFBG New Line Form'!$G$9:$EQ$105,MATCH(C11,'CFBG New Line Form'!$B$9:$B$105,0),MATCH(VLOOKUP(J24,MAPPING!$E$3:$J$131,6,0),'CFBG New Line Form'!$G$7:$EQ$7,0)),"")=0,"",IFERROR(INDEX('CFBG New Line Form'!$G$9:$EQ$105,MATCH(C11,'CFBG New Line Form'!$B$9:$B$105,0),MATCH(VLOOKUP(J24,MAPPING!$E$3:$J$131,6,0),'CFBG New Line Form'!$G$7:$EQ$7,0)),""))
C26: Pallet Weight: | D26: =IF(IFERROR(INDEX('CFBG New Line Form'!$G$9:$EQ$105,MATCH(C11,'CFBG New Line Form'!$B$9:$B$105,0),MATCH(VLOOKUP(C26,MAPPING!$E$3:$J$131,6,0),'CFBG New Line Form'!$G$7:$EQ$7,0)),"")=0,"",IFERROR(INDEX('CFBG New Line Form'!$G$9:$EQ$105,MATCH(C11,'CFBG New Line Form'!$B$9:$B$105,0),MATCH(VLOOKUP(C26,MAPPING!$E$3:$J$131,6,0),'CFBG New Line Form'!$G$7:$EQ$7,0)),"")) | F26: Pallet Height: | G26: =IF(IFERROR(INDEX('CFBG New Line Form'!$G$9:$EQ$105,MATCH(C11,'CFBG New Line Form'!$B$9:$B$105,0),MATCH(VLOOKUP(F26,MAPPING!$E$3:$J$131,6,0),'CFBG New Line Form'!$G$7:$EQ$7,0)),"")=0,"",IFERROR(INDEX('CFBG New Line Form'!$G$9:$EQ$105,MATCH(C11,'CFBG New Line Form'!$B$9:$B$105,0),MATCH(VLOOKUP(F26,MAPPING!$E$3:$J$131,6,0),'CFBG New Line Form'!$G$7:$EQ$7,0)),"")) | J26: Minimum Order: | K26: =IF(IFERROR(INDEX('CFBG New Line Form'!$G$9:$EQ$105,MATCH(C11,'CFBG New Line Form'!$B$9:$B$105,0),MATCH(VLOOKUP(J26,MAPPING!$E$3:$J$131,6,0),'CFBG New Line Form'!$G$7:$EQ$7,0)),"")=0,"",IFERROR(INDEX('CFBG New Line Form'!$G$9:$EQ$105,MATCH(C11,'CFBG New Line Form'!$B$9:$B$105,0),MATCH(VLOOKUP(J26,MAPPING!$E$3:$J$131,6,0),'CFBG New Line Form'!$G$7:$EQ$7,0)),""))
C28: Barcode: | D28: =IF(IFERROR(INDEX('CFBG New Line Form'!$G$9:$EQ$105,MATCH(C11,'CFBG New Line Form'!$B$9:$B$105,0),MATCH(VLOOKUP(C28,MAPPING!$E$3:$J$131,6,0),'CFBG New Line Form'!$G$7:$EQ$7,0)),"")=0,"",IFERROR(INDEX('CFBG New Line Form'!$G$9:$EQ$105,MATCH(C11,'CFBG New Line Form'!$B$9:$B$105,0),MATCH(VLOOKUP(C28,MAPPING!$E$3:$J$131,6,0),'CFBG New Line Form'!$G$7:$EQ$7,0)),"")) | G28: EAN Code: | I28: =IF(IFERROR(INDEX('CFBG New Line Form'!$G$9:$EQ$105,MATCH(C11,'CFBG New Line Form'!$B$9:$B$105,0),MATCH(VLOOKUP(G28,MAPPING!$E$3:$J$131,6,0),'CFBG New Line Form'!$G$7:$EQ$7,0)),"")=0,"",IFERROR(INDEX('CFBG New Line Form'!$G$9:$EQ$105,MATCH(C11,'CFBG New Line Form'!$B$9:$B$105,0),MATCH(VLOOKUP(G28,MAPPING!$E$3:$J$131,6,0),'CFBG New Line Form'!$G$7:$EQ$7,0)),""))
C30: Vatable: | D30: =IF(IFERROR(INDEX('CFBG New Line Form'!$G$9:$EQ$105,MATCH(C11,'CFBG New Line Form'!$B$9:$B$105,0),MATCH(VLOOKUP(C30,MAPPING!$E$3:$J$131,6,0),'CFBG New Line Form'!$G$7:$EQ$7,0)),"")=0,"",IFERROR(INDEX('CFBG New Line Form'!$G$9:$EQ$105,MATCH(C11,'CFBG New Line Form'!$B$9:$B$105,0),MATCH(VLOOKUP(C30,MAPPING!$E$3:$J$131,6,0),'CFBG New Line Form'!$G$7:$EQ$7,0)),"")) | G30: VAT Rate: | I30: =IF(IFERROR(INDEX('CFBG New Line Form'!$G$9:$EQ$105,MATCH(C11,'CFBG New Line Form'!$B$9:$B$105,0),MATCH(VLOOKUP(G30,MAPPING!$E$3:$J$131,6,0),'CFBG New Line Form'!$G$7:$EQ$7,0)),"")=0,"",IFERROR(INDEX('CFBG New Line Form'!$G$9:$EQ$105,MATCH(C11,'CFBG New Line Form'!$B$9:$B$105,0),MATCH(VLOOKUP(G30,MAPPING!$E$3:$J$131,6,0),'CFBG New Line Form'!$G$7:$EQ$7,0)),""))
B33: Cooking / Defrost | C33: =IF(IFERROR(INDEX('CFBG New Line Form'!$G$9:$EQ$105,MATCH(C11,'CFBG New Line Form'!$B$9:$B$105,0),MATCH(VLOOKUP(B33,MAPPING!$E$3:$J$131,6,0),'CFBG New Line Form'!$G$7:$EQ$7,0)),"")=0,"",IFERROR(INDEX('CFBG New Line Form'!$G$9:$EQ$105,MATCH(C11,'CFBG New Line Form'!$B$9:$B$105,0),MATCH(VLOOKUP(B33,MAPPING!$E$3:$J$131,6,0),'CFBG New Line Form'!$G$7:$EQ$7,0)),""))
B34: Instructions
B39: Suitable For: | G39: Product Contains:
C41: Vegetarians: | E41: =IF(IFERROR(INDEX('CFBG New Line Form'!$G$9:$EQ$105,MATCH(C11,'CFBG New Line Form'!$B$9:$B$105,0),MATCH(VLOOKUP(C41,MAPPING!$E$3:$J$131,6,0),'CFBG New Line Form'!$G$7:$EQ$7,0)),"")=0,"",IFERROR(INDEX('CFBG New Line Form'!$G$9:$EQ$105,MATCH(C11,'CFBG New Line Form'!$B$9:$B$105,0),MATCH(VLOOKUP(C41,MAPPING!$E$3:$J$131,6,0),'CFBG New Line Form'!$G$7:$EQ$7,0)),"")) | G41: Milk: | H41: =IF(IFERROR(INDEX('CFBG New Line Form'!$G$9:$EQ$105,MATCH(C11,'CFBG New Line Form'!$B$9:$B$105,0),MATCH(VLOOKUP(G41,MAPPING!$E$3:$J$131,6,0),'CFBG New Line Form'!$G$7:$EQ$7,0)),"")=0,"",IFERROR(INDEX('CFBG New Line Form'!$G$9:$EQ$105,MATCH(C11,'CFBG New Line Form'!$B$9:$B$105,0),MATCH(VLOOKUP(G41,MAPPING!$E$3:$J$131,6,0),'CFBG New Line Form'!$G$7:$EQ$7,0)),"")) | I41: Fish: | K41: =IF(IFERROR(INDEX('CFBG New Line Form'!$G$9:$EQ$105,MATCH(C11,'CFBG New Line Form'!$B$9:$B$105,0),MATCH(VLOOKUP(I41,MAPPING!$E$3:$J$131,6,0),'CFBG New Line Form'!$G$7:$EQ$7,0)),"")=0,"",IFERROR(INDEX('CFBG New Line Form'!$G$9:$EQ$105,MATCH(C11,'CFBG New Line Form'!$B$9:$B$105,0),MATCH(VLOOKUP(I41,MAPPING!$E$3:$J$131,6,0),'CFBG New Line Form'!$G$7:$EQ$7,0)),""))
C43: Vegans: | E43: =IF(IFERROR(INDEX('CFBG New Line Form'!$G$9:$EQ$105,MATCH(C11,'CFBG New Line Form'!$B$9:$B$105,0),MATCH(VLOOKUP(C43,MAPPING!$E$3:$J$131,6,0),'CFBG New Line Form'!$G$7:$EQ$7,0)),"")=0,"",IFERROR(INDEX('CFBG New Line Form'!$G$9:$EQ$105,MATCH(C11,'CFBG New Line Form'!$B$9:$B$105,0),MATCH(VLOOKUP(C43,MAPPING!$E$3:$J$131,6,0),'CFBG New Line Form'!$G$7:$EQ$7,0)),"")) | G43: Eggs: | H43: =IF(IFERROR(INDEX('CFBG New Line Form'!$G$9:$EQ$105,MATCH(C11,'CFBG New Line Form'!$B$9:$B$105,0),MATCH(VLOOKUP(G43,MAPPING!$E$3:$J$131,6,0),'CFBG New Line Form'!$G$7:$EQ$7,0)),"")=0,"",IFERROR(INDEX('CFBG New Line Form'!$G$9:$EQ$105,MATCH(C11,'CFBG New Line Form'!$B$9:$B$105,0),MATCH(VLOOKUP(G43,MAPPING!$E$3:$J$131,6,0),'CFBG New Line Form'!$G$7:$EQ$7,0)),"")) | I43: Shell Fish/Crustaceans | K43: =IF(IFERROR(INDEX('CFBG New Line Form'!$G$9:$EQ$105,MATCH(C11,'CFBG New Line Form'!$B$9:$B$105,0),MATCH(VLOOKUP(I43,MAPPING!$E$3:$J$131,6,0),'CFBG New Line Form'!$G$7:$EQ$7,0)),"")=0,"",IFERROR(INDEX('CFBG New Line Form'!$G$9:$EQ$105,MATCH(C11,'CFBG New Line Form'!$B$9:$B$105,0),MATCH(VLOOKUP(I43,MAPPING!$E$3:$J$131,6,0),'CFBG New Line Form'!$G$7:$EQ$7,0)),""))
C45: Diabetics: | E45: =IF(IFERROR(INDEX('CFBG New Line Form'!$G$9:$EQ$105,MATCH(C11,'CFBG New Line Form'!$B$9:$B$105,0),MATCH(VLOOKUP(C45,MAPPING!$E$3:$J$131,6,0),'CFBG New Line Form'!$G$7:$EQ$7,0)),"")=0,"",IFERROR(INDEX('CFBG New Line Form'!$G$9:$EQ$105,MATCH(C11,'CFBG New Line Form'!$B$9:$B$105,0),MATCH(VLOOKUP(C45,MAPPING!$E$3:$J$131,6,0),'CFBG New Line Form'!$G$7:$EQ$7,0)),"")) | G45: Soya: | H45: =IF(IFERROR(INDEX('CFBG New Line Form'!$G$9:$EQ$105,MATCH(C11,'CFBG New Line Form'!$B$9:$B$105,0),MATCH(VLOOKUP(G45,MAPPING!$E$3:$J$131,6,0),'CFBG New Line Form'!$G$7:$EQ$7,0)),"")=0,"",IFERROR(INDEX('CFBG New Line Form'!$G$9:$EQ$105,MATCH(C11,'CFBG New Line Form'!$B$9:$B$105,0),MATCH(VLOOKUP(G45,MAPPING!$E$3:$J$131,6,0),'CFBG New Line Form'!$G$7:$EQ$7,0)),"")) | I45: Molluscs | K45: =IF(IFERROR(INDEX('CFBG New Line Form'!$G$9:$EQ$105,MATCH(C11,'CFBG New Line Form'!$B$9:$B$105,0),MATCH(VLOOKUP(I45,MAPPING!$E$3:$J$131,6,0),'CFBG New Line Form'!$G$7:$EQ$7,0)),"")=0,"",IFERROR(INDEX('CFBG New Line Form'!$G$9:$EQ$105,MATCH(C11,'CFBG New Line Form'!$B$9:$B$105,0),MATCH(VLOOKUP(I45,MAPPING!$E$3:$J$131,6,0),'CFBG New Line Form'!$G$7:$EQ$7,0)),""))
C47: Coeliacs: | E47: =IF(IFERROR(INDEX('CFBG New Line Form'!$G$9:$EQ$105,MATCH(C11,'CFBG New Line Form'!$B$9:$B$105,0),MATCH(VLOOKUP(C47,MAPPING!$E$3:$J$131,6,0),'CFBG New Line Form'!$G$7:$EQ$7,0)),"")=0,"",IFERROR(INDEX('CFBG New Line Form'!$G$9:$EQ$105,MATCH(C11,'CFBG New Line Form'!$B$9:$B$105,0),MATCH(VLOOKUP(C47,MAPPING!$E$3:$J$131,6,0),'CFBG New Line Form'!$G$7:$EQ$7,0)),"")) | G47: Tree Nuts: | H47: =IF(IFERROR(INDEX('CFBG New Line Form'!$G$9:$EQ$105,MATCH(C11,'CFBG New Line Form'!$B$9:$B$105,0),MATCH(VLOOKUP(G47,MAPPING!$E$3:$J$131,6,0),'CFBG New Line Form'!$G$7:$EQ$7,0)),"")=0,"",IFERROR(INDEX('CFBG New Line Form'!$G$9:$EQ$105,MATCH(C11,'CFBG New Line Form'!$B$9:$B$105,0),MATCH(VLOOKUP(G47,MAPPING!$E$3:$J$131,6,0),'CFBG New Line Form'!$G$7:$EQ$7,0)),"")) | I47: Mustard: | K47: =IF(IFERROR(INDEX('CFBG New Line Form'!$G$9:$EQ$105,MATCH(C11,'CFBG New Line Form'!$B$9:$B$105,0),MATCH(VLOOKUP(I47,MAPPING!$E$3:$J$131,6,0),'CFBG New Line Form'!$G$7:$EQ$7,0)),"")=0,"",IFERROR(INDEX('CFBG New Line Form'!$G$9:$EQ$105,MATCH(C11,'CFBG New Line Form'!$B$9:$B$105,0),MATCH(VLOOKUP(I47,MAPPING!$E$3:$J$131,6,0),'CFBG New Line Form'!$G$7:$EQ$7,0)),""))
C49: Lactose Intolerance: | E49: =IF(IFERROR(INDEX('CFBG New Line Form'!$G$9:$EQ$105,MATCH(C11,'CFBG New Line Form'!$B$9:$B$105,0),MATCH(VLOOKUP(C49,MAPPING!$E$3:$J$131,6,0),'CFBG New Line Form'!$G$7:$EQ$7,0)),"")=0,"",IFERROR(INDEX('CFBG New Line Form'!$G$9:$EQ$105,MATCH(C11,'CFBG New Line Form'!$B$9:$B$105,0),MATCH(VLOOKUP(C49,MAPPING!$E$3:$J$131,6,0),'CFBG New Line Form'!$G$7:$EQ$7,0)),"")) | G49: Peanuts: | H49: =IF(IFERROR(INDEX('CFBG New Line Form'!$G$9:$EQ$105,MATCH(C11,'CFBG New Line Form'!$B$9:$B$105,0),MATCH(VLOOKUP(G49,MAPPING!$E$3:$J$131,6,0),'CFBG New Line Form'!$G$7:$EQ$7,0)),"")=0,"",IFERROR(INDEX('CFBG New Line Form'!$G$9:$EQ$105,MATCH(C11,'CFBG New Line Form'!$B$9:$B$105,0),MATCH(VLOOKUP(G49,MAPPING!$E$3:$J$131,6,0),'CFBG New Line Form'!$G$7:$EQ$7,0)),"")) | I49: Lupins-Flour: | K49: =IF(IFERROR(INDEX('CFBG New Line Form'!$G$9:$EQ$105,MATCH(C11,'CFBG New Line Form'!$B$9:$B$105,0),MATCH(VLOOKUP(I49,MAPPING!$E$3:$J$131,6,0),'CFBG New Line Form'!$G$7:$EQ$7,0)),"")=0,"",IFERROR(INDEX('CFBG New Line Form'!$G$9:$EQ$105,MATCH(C11,'CFBG New Line Form'!$B$9:$B$105,0),MATCH(VLOOKUP(I49,MAPPING!$E$3:$J$131,6,0),'CFBG New Line Form'!$G$7:$EQ$7,0)),""))
G51: Cereals/Gluten: | H51: =IF(IFERROR(INDEX('CFBG New Line Form'!$G$9:$EQ$105,MATCH(C11,'CFBG New Line Form'!$B$9:$B$105,0),MATCH(VLOOKUP(G51,MAPPING!$E$3:$J$131,6,0),'CFBG New Line Form'!$G$7:$EQ$7,0)),"")=0,"",IFERROR(INDEX('CFBG New Line Form'!$G$9:$EQ$105,MATCH(C11,'CFBG New Line Form'!$B$9:$B$105,0),MATCH(VLOOKUP(G51,MAPPING!$E$3:$J$131,6,0),'CFBG New Line Form'!$G$7:$EQ$7,0)),"")) | I51: Celery: | K51: =IF(IFERROR(INDEX('CFBG New Line Form'!$G$9:$EQ$105,MATCH(C11,'CFBG New Line Form'!$B$9:$B$105,0),MATCH(VLOOKUP(I51,MAPPING!$E$3:$J$131,6,0),'CFBG New Line Form'!$G$7:$EQ$7,0)),"")=0,"",IFERROR(INDEX('CFBG New Line Form'!$G$9:$EQ$105,MATCH(C11,'CFBG New Line Form'!$B$9:$B$105,0),MATCH(VLOOKUP(I51,MAPPING!$E$3:$J$131,6,0),'CFBG New Line Form'!$G$7:$EQ$7,0)),""))
G53: Sesame Seeds | H53: =IF(IFERROR(INDEX('CFBG New Line Form'!$G$9:$EQ$105,MATCH(C11,'CFBG New Line Form'!$B$9:$B$105,0),MATCH(VLOOKUP(G53,MAPPING!$E$3:$J$131,6,0),'CFBG New Line Form'!$G$7:$EQ$7,0)),"")=0,"",IFERROR(INDEX('CFBG New Line Form'!$G$9:$EQ$105,MATCH(C11,'CFBG New Line Form'!$B$9:$B$105,0),MATCH(VLOOKUP(G53,MAPPING!$E$3:$J$131,6,0),'CFBG New Line Form'!$G$7:$EQ$7,0)),"")) | I53: Sulphur Dioxiode/Sulphites | K53: =IF(IFERROR(INDEX('CFBG New Line Form'!$G$9:$EQ$105,MATCH(C11,'CFBG New Line Form'!$B$9:$B$105,0),MATCH(VLOOKUP(I53,MAPPING!$E$3:$J$131,6,0),'CFBG New Line Form'!$G$7:$EQ$7,0)),"")=0,"",IFERROR(INDEX('CFBG New Line Form'!$G$9:$EQ$105,MATCH(C11,'CFBG New Line Form'!$B$9:$B$105,0),MATCH(VLOOKUP(I53,MAPPING!$E$3:$J$131,6,0),'CFBG New Line Form'!$G$7:$EQ$7,0)),""))
A56: For SLF Use Only:
A57: Department: | D57: Category: | G57: Sub-Category:
B59: Full Case Code: | F59: Full Case Sell:
B61: Split Case Code: | F61: Split Case Sell:
G63: Yes | I63: No
A64: Should the HACCP Plan be Reviewed :
A66: MSC Product? MSC Change of scope needs to be reported within 10 days | G66: Yes | I66: No
A69: Comments

Sheet Nicol Hughes
A2: Product Description
A3: Unit Size | B3: =IF(IFERROR(INDEX('CFBG New Line Form'!$G$9:$EQ$105,MATCH(B2,'CFBG New Line Form'!$B$9:$B$105,0),MATCH(VLOOKUP(A3,MAPPING!$F$3:$J$131,5,0),'CFBG New Line Form'!$G$7:$EQ$7,0)),"")=0,"",IFERROR(INDEX('CFBG New Line Form'!$G$9:$EQ$105,MATCH(B2,'CFBG New Line Form'!$B$9:$B$105,0),MATCH(VLOOKUP(A3,MAPPING!$F$3:$J$131,5,0),'CFBG New Line Form'!$G$7:$EQ$7,0)),"")) | C3: Unit of Measure | D3: =IF(IFERROR(INDEX('CFBG New Line Form'!$G$9:$EQ$105,MATCH(B2,'CFBG New Line Form'!$B$9:$B$105,0),MATCH(VLOOKUP(C3,MAPPING!$F$3:$J$131,5,0),'CFBG New Line Form'!$G$7:$EQ$7,0)),"")=0,"",IFERROR(INDEX('CFBG New Line Form'!$G$9:$EQ$105,MATCH(B2,'CFBG New Line Form'!$B$9:$B$105,0),MATCH(VLOOKUP(C3,MAPPING!$F$3:$J$131,5,0),'CFBG New Line Form'!$G$7:$EQ$7,0)),""))
A4: Case Size | B4: =IF(IFERROR(INDEX('CFBG New Line Form'!$G$9:$EQ$105,MATCH(B2,'CFBG New Line Form'!$B$9:$B$105,0),MATCH(VLOOKUP(A4,MAPPING!$F$3:$J$131,5,0),'CFBG New Line Form'!$G$7:$EQ$7,0)),"")=0,"",IFERROR(INDEX('CFBG New Line Form'!$G$9:$EQ$105,MATCH(B2,'CFBG New Line Form'!$B$9:$B$105,0),MATCH(VLOOKUP(A4,MAPPING!$F$3:$J$131,5,0),'CFBG New Line Form'!$G$7:$EQ$7,0)),""))
A5: Supplier Code | B5: =IF(IFERROR(INDEX('CFBG New Line Form'!$G$9:$EQ$105,MATCH(B2,'CFBG New Line Form'!$B$9:$B$105,0),MATCH(VLOOKUP(A5,MAPPING!$F$3:$J$131,5,0),'CFBG New Line Form'!$G$7:$EQ$7,0)),"")=0,"",IFERROR(INDEX('CFBG New Line Form'!$G$9:$EQ$105,MATCH(B2,'CFBG New Line Form'!$B$9:$B$105,0),MATCH(VLOOKUP(A5,MAPPING!$F$3:$J$131,5,0),'CFBG New Line Form'!$G$7:$EQ$7,0)),""))
A6: Minimum Life On Delivery | B6: =IF(IFERROR(INDEX('CFBG New Line Form'!$G$9:$EQ$105,MATCH(B2,'CFBG New Line Form'!$B$9:$B$105,0),MATCH(VLOOKUP(A6,MAPPING!$F$3:$J$131,5,0),'CFBG New Line Form'!$G$7:$EQ$7,0)),"")=0,"",IFERROR(INDEX('CFBG New Line Form'!$G$9:$EQ$105,MATCH(B2,'CFBG New Line Form'!$B$9:$B$105,0),MATCH(VLOOKUP(A6,MAPPING!$F$3:$J$131,5,0),'CFBG New Line Form'!$G$7:$EQ$7,0)),"")) | C6: =IF(B6="","","Days")
A7: Unit Barcode | B7: =IF(IFERROR(INDEX('CFBG New Line Form'!$G$9:$EQ$105,MATCH(B2,'CFBG New Line Form'!$B$9:$B$105,0),MATCH(VLOOKUP(A7,MAPPING!$F$3:$J$131,5,0),'CFBG New Line Form'!$G$7:$EQ$7,0)),"")=0,"",IFERROR(INDEX('CFBG New Line Form'!$G$9:$EQ$105,MATCH(B2,'CFBG New Line Form'!$B$9:$B$105,0),MATCH(VLOOKUP(A7,MAPPING!$F$3:$J$131,5,0),'CFBG New Line Form'!$G$7:$EQ$7,0)),""))
A8: Case Barcode | B8: =IF(IFERROR(INDEX('CFBG New Line Form'!$G$9:$EQ$105,MATCH(B2,'CFBG New Line Form'!$B$9:$B$105,0),MATCH(VLOOKUP(A8,MAPPING!$F$3:$J$131,5,0),'CFBG New Line Form'!$G$7:$EQ$7,0)),"")=0,"",IFERROR(INDEX('CFBG New Line Form'!$G$9:$EQ$105,MATCH(B2,'CFBG New Line Form'!$B$9:$B$105,0),MATCH(VLOOKUP(A8,MAPPING!$F$3:$J$131,5,0),'CFBG New Line Form'!$G$7:$EQ$7,0)),""))
A9: Erudus ID | B9: =IF(IFERROR(INDEX('CFBG New Line Form'!$G$9:$EQ$105,MATCH(B2,'CFBG New Line Form'!$B$9:$B$105,0),MATCH(VLOOKUP(A9,MAPPING!$F$3:$J$131,5,0),'CFBG New Line Form'!$G$7:$EQ$7,0)),"")=0,"",IFERROR(INDEX('CFBG New Line Form'!$G$9:$EQ$105,MATCH(B2,'CFBG New Line Form'!$B$9:$B$105,0),MATCH(VLOOKUP(A9,MAPPING!$F$3:$J$131,5,0),'CFBG New Line Form'!$G$7:$EQ$7,0)),""))
A10: Cost Price | B10: =IF(IFERROR(INDEX('CFBG New Line Form'!$G$9:$EQ$105,MATCH(B2,'CFBG New Line Form'!$B$9:$B$105,0),MATCH(VLOOKUP(A10,MAPPING!$F$3:$J$131,5,0),'CFBG New Line Form'!$G$7:$EQ$7,0)),"")=0,"",IFERROR(INDEX('CFBG New Line Form'!$G$9:$EQ$105,MATCH(B2,'CFBG New Line Form'!$B$9:$B$105,0),MATCH(VLOOKUP(A10,MAPPING!$F$3:$J$131,5,0),'CFBG New Line Form'!$G$7:$EQ$7,0)),""))

Sheet Thomas Ridley
A5: SUPPLIER NEW PRODUCT REQUEST FORM
A7: DATE: | D7: =IF(IFERROR(INDEX('CFBG New Line Form'!$G$9:$EQ$105,MATCH(F14,'CFBG New Line Form'!$B$9:$B$105,0),MATCH(VLOOKUP(A7,MAPPING!$G$3:$J$131,4,0),'CFBG New Line Form'!$G$7:$EQ$7,0)),"")=0,"",IFERROR(INDEX('CFBG New Line Form'!$G$9:$EQ$105,MATCH(F14,'CFBG New Line Form'!$B$9:$B$105,0),MATCH(VLOOKUP(A7,MAPPING!$G$3:$J$131,4,0),'CFBG New Line Form'!$G$7:$EQ$7,0)),""))
A9: SUPPLIER NUMBER: | F9: Name: | G9: =IF(IFERROR(INDEX('CFBG New Line Form'!$G$9:$EQ$105,MATCH(F14,'CFBG New Line Form'!$B$9:$B$105,0),MATCH(VLOOKUP(F9,MAPPING!$G$3:$J$131,4,0),'CFBG New Line Form'!$G$7:$EQ$7,0)),"")=0,"",IFERROR(INDEX('CFBG New Line Form'!$G$9:$EQ$105,MATCH(F14,'CFBG New Line Form'!$B$9:$B$105,0),MATCH(VLOOKUP(F9,MAPPING!$G$3:$J$131,4,0),'CFBG New Line Form'!$G$7:$EQ$7,0)),""))
D11: Ambient Y/N | E11: =IF(IF(F14="","", IF(IFERROR(INDEX('CFBG New Line Form'!$G$9:$EQ$105,MATCH(F14,'CFBG New Line Form'!$B$9:$B$105,0),MATCH("Storage Conditions",'CFBG New Line Form'!$G$7:$EQ$7,0)),"")="Ambient","Y","N"))=0,"",IF(F14="","", IF(IFERROR(INDEX('CFBG New Line Form'!$G$9:$EQ$105,MATCH(F14,'CFBG New Line Form'!$B$9:$B$105,0),MATCH("Storage Conditions",'CFBG New Line Form'!$G$7:$EQ$7,0)),"")="Ambient","Y","N"))) | F11: Frozen Y/N | G11: =IF(IF(F14="","", IF(IFERROR(INDEX('CFBG New Line Form'!$G$9:$EQ$105,MATCH(F14,'CFBG New Line Form'!$B$9:$B$105,0),MATCH("Storage Conditions",'CFBG New Line Form'!$G$7:$EQ$7,0)),"")="Frozen","Y","N"))=0,"",IF(F14="","", IF(IFERROR(INDEX('CFBG New Line Form'!$G$9:$EQ$105,MATCH(F14,'CFBG New Line Form'!$B$9:$B$105,0),MATCH("Storage Conditions",'CFBG New Line Form'!$G$7:$EQ$7,0)),"")="Frozen","Y","N"))) | H11: Chilled Y/N | I11: =IF(IF(F14="","", IF(IFERROR(INDEX('CFBG New Line Form'!$G$9:$EQ$105,MATCH(F14,'CFBG New Line Form'!$B$9:$B$105,0),MATCH("Storage Conditions",'CFBG New Line Form'!$G$7:$EQ$7,0)),"")="Chilled","Y","N"))=0,"",IF(F14="","", IF(IFERROR(INDEX('CFBG New Line Form'!$G$9:$EQ$105,MATCH(F14,'CFBG New Line Form'!$B$9:$B$105,0),MATCH("Storage Conditions",'CFBG New Line Form'!$G$7:$EQ$7,0)),"")="Chilled","Y","N"))) | J11: Non Food Y/N | K11: =IF(IF(F14="","", IF(IFERROR(INDEX('CFBG New Line Form'!$G$9:$EQ$105,MATCH(F14,'CFBG New Line Form'!$B$9:$B$105,0),MATCH("Storage Conditions",'CFBG New Line Form'!$G$7:$EQ$7,0)),"")="Non-Food","Y","N"))=0,"",IF(F14="","", IF(IFERROR(INDEX('CFBG New Line Form'!$G$9:$EQ$105,MATCH(F14,'CFBG New Line Form'!$B$9:$B$105,0),MATCH("Storage Conditions",'CFBG New Line Form'!$G$7:$EQ$7,0)),"")="Non-Food","Y","N")))
D13: Brand | F13: Product Description | M13: Supplier Product Code
D14: =IF(IFERROR(INDEX('CFBG New Line Form'!$C$9:$EQ$105,MATCH(F14,'CFBG New Line Form'!$B$9:$B$105,0),MATCH(VLOOKUP(D13,MAPPING!$G$3:$J$131,4,0),'CFBG New Line Form'!$C$7:$EQ$7,0)),"")=0,"",IFERROR(INDEX('CFBG New Line Form'!$C$9:$EQ$105,MATCH(F14,'CFBG New Line Form'!$B$9:$B$105,0),MATCH(VLOOKUP(D13,MAPPING!$G$3:$J$131,4,0),'CFBG New Line Form'!$C$7:$EQ$7,0)),"")) | M14: =IF(IFERROR(INDEX('CFBG New Line Form'!$G$9:$EQ$105,MATCH(F14,'CFBG New Line Form'!$B$9:$B$105,0),MATCH(VLOOKUP(M13,MAPPING!$G$3:$J$131,4,0),'CFBG New Line Form'!$G$7:$EQ$7,0)),"")=0,"",IFERROR(INDEX('CFBG New Line Form'!$G$9:$EQ$105,MATCH(F14,'CFBG New Line Form'!$B$9:$B$105,0),MATCH(VLOOKUP(M13,MAPPING!$G$3:$J$131,4,0),'CFBG New Line Form'!$G$7:$EQ$7,0)),""))
A17: Case Pack Size: | D17: =IF(IFERROR(INDEX('CFBG New Line Form'!$G$9:$EQ$105,MATCH(F14,'CFBG New Line Form'!$B$9:$B$105,0),MATCH(VLOOKUP(A17,MAPPING!$G$3:$J$131,4,0),'CFBG New Line Form'!$G$7:$EQ$7,0)),"")=0,"",IFERROR(INDEX('CFBG New Line Form'!$G$9:$EQ$105,MATCH(F14,'CFBG New Line Form'!$B$9:$B$105,0),MATCH(VLOOKUP(A17,MAPPING!$G$3:$J$131,4,0),'CFBG New Line Form'!$G$7:$EQ$7,0)),"")) | F17: Product Size: | H17: =IF(IFERROR(INDEX('CFBG New Line Form'!$G$9:$EQ$105,MATCH(F14,'CFBG New Line Form'!$B$9:$B$105,0),MATCH(VLOOKUP(F17,MAPPING!$G$3:$J$131,4,0),'CFBG New Line Form'!$G$7:$EQ$7,0)),"")=0,"",IFERROR(INDEX('CFBG New Line Form'!$G$9:$EQ$105,MATCH(F14,'CFBG New Line Form'!$B$9:$B$105,0),MATCH(VLOOKUP(F17,MAPPING!$G$3:$J$131,4,0),'CFBG New Line Form'!$G$7:$EQ$7,0)),"")) | J17: COST: (per case or kg) | M17: =IF(IFERROR(INDEX('CFBG New Line Form'!$G$9:$EQ$105,MATCH(F14,'CFBG New Line Form'!$B$9:$B$105,0),MATCH(VLOOKUP(J17,MAPPING!$G$3:$J$131,4,0),'CFBG New Line Form'!$G$7:$EQ$7,0)),"")=0,"",IFERROR(INDEX('CFBG New Line Form'!$G$9:$EQ$105,MATCH(F14,'CFBG New Line Form'!$B$9:$B$105,0),MATCH(VLOOKUP(J17,MAPPING!$G$3:$J$131,4,0),'CFBG New Line Form'!$G$7:$EQ$7,0)),""))
H19: VAT (Y/N): | J19: =IF(IFERROR(INDEX('CFBG New Line Form'!$G$9:$EQ$105,MATCH(F14,'CFBG New Line Form'!$B$9:$B$105,0),MATCH(VLOOKUP(H19,MAPPING!$G$3:$J$131,4,0),'CFBG New Line Form'!$G$7:$EQ$7,0)),"")=0,"",IFERROR(INDEX('CFBG New Line Form'!$G$9:$EQ$105,MATCH(F14,'CFBG New Line Form'!$B$9:$B$105,0),MATCH(VLOOKUP(H19,MAPPING!$G$3:$J$131,4,0),'CFBG New Line Form'!$G$7:$EQ$7,0)),"")) | K19: Rate % | M19: =IF(IFERROR(INDEX('CFBG New Line Form'!$G$9:$EQ$105,MATCH(F14,'CFBG New Line Form'!$B$9:$B$105,0),MATCH(VLOOKUP(K19,MAPPING!$G$3:$J$131,4,0),'CFBG New Line Form'!$G$7:$EQ$7,0)),"")=0,"",IFERROR(INDEX('CFBG New Line Form'!$G$9:$EQ$105,MATCH(F14,'CFBG New Line Form'!$B$9:$B$105,0),MATCH(VLOOKUP(K19,MAPPING!$G$3:$J$131,4,0),'CFBG New Line Form'!$G$7:$EQ$7,0)),""))
A21: EAN CODES: | B21: Outer: | D21: =IF(IFERROR(INDEX('CFBG New Line Form'!$G$9:$EQ$105,MATCH(F14,'CFBG New Line Form'!$B$9:$B$105,0),MATCH(VLOOKUP(B21,MAPPING!$G$3:$J$131,4,0),'CFBG New Line Form'!$G$7:$EQ$7,0)),"")=0,"",IFERROR(INDEX('CFBG New Line Form'!$G$9:$EQ$105,MATCH(F14,'CFBG New Line Form'!$B$9:$B$105,0),MATCH(VLOOKUP(B21,MAPPING!$G$3:$J$131,4,0),'CFBG New Line Form'!$G$7:$EQ$7,0)),"")) | H21: Inner: | J21: =IF(IFERROR(INDEX('CFBG New Line Form'!$G$9:$EQ$105,MATCH(F14,'CFBG New Line Form'!$B$9:$B$105,0),MATCH(VLOOKUP(H21,MAPPING!$G$3:$J$131,4,0),'CFBG New Line Form'!$G$7:$EQ$7,0)),"")=0,"",IFERROR(INDEX('CFBG New Line Form'!$G$9:$EQ$105,MATCH(F14,'CFBG New Line Form'!$B$9:$B$105,0),MATCH(VLOOKUP(H21,MAPPING!$G$3:$J$131,4,0),'CFBG New Line Form'!$G$7:$EQ$7,0)),""))
A23: CASES PER LAYER: | D23: =IF(IFERROR(INDEX('CFBG New Line Form'!$G$9:$EQ$105,MATCH(F14,'CFBG New Line Form'!$B$9:$B$105,0),MATCH(VLOOKUP(A23,MAPPING!$G$3:$J$131,4,0),'CFBG New Line Form'!$G$7:$EQ$7,0)),"")=0,"",IFERROR(INDEX('CFBG New Line Form'!$G$9:$EQ$105,MATCH(F14,'CFBG New Line Form'!$B$9:$B$105,0),MATCH(VLOOKUP(A23,MAPPING!$G$3:$J$131,4,0),'CFBG New Line Form'!$G$7:$EQ$7,0)),"")) | F23: CASES PER PALLET: | I23: =IF(IFERROR(INDEX('CFBG New Line Form'!$G$9:$EQ$105,MATCH(F14,'CFBG New Line Form'!$B$9:$B$105,0),MATCH(VLOOKUP(F23,MAPPING!$G$3:$J$131,4,0),'CFBG New Line Form'!$G$7:$EQ$7,0)),"")=0,"",IFERROR(INDEX('CFBG New Line Form'!$G$9:$EQ$105,MATCH(F14,'CFBG New Line Form'!$B$9:$B$105,0),MATCH(VLOOKUP(F23,MAPPING!$G$3:$J$131,4,0),'CFBG New Line Form'!$G$7:$EQ$7,0)),""))
A25: MINIMUM SHELF LIFE ON DELIVERY: | E25: Please choose one only: | H25: Weeks: | J25: =IF(IFERROR(INDEX('CFBG New Line Form'!$G$9:$EQ$105,MATCH(F14,'CFBG New Line Form'!$B$9:$B$105,0),MATCH(VLOOKUP(H25,MAPPING!$G$3:$J$131,4,0),'CFBG New Line Form'!$G$7:$EQ$7,0)),"")=0,"",IFERROR(INDEX('CFBG New Line Form'!$G$9:$EQ$105,MATCH(F14,'CFBG New Line Form'!$B$9:$B$105,0),MATCH(VLOOKUP(H25,MAPPING!$G$3:$J$131,4,0),'CFBG New Line Form'!$G$7:$EQ$7,0)),"")) | K25: or Days: | M25: =IF(IFERROR(INDEX('CFBG New Line Form'!$G$9:$EQ$105,MATCH(F14,'CFBG New Line Form'!$B$9:$B$105,0),MATCH(VLOOKUP(K25,MAPPING!$G$3:$J$131,4,0),'CFBG New Line Form'!$G$7:$EQ$7,0)),"")=0,"",IFERROR(INDEX('CFBG New Line Form'!$G$9:$EQ$105,MATCH(F14,'CFBG New Line Form'!$B$9:$B$105,0),MATCH(VLOOKUP(K25,MAPPING!$G$3:$J$131,4,0),'CFBG New Line Form'!$G$7:$EQ$7,0)),""))
A27: WEIGHT PER OUTER CASE: (INCL. PACKAGING) | F27: =IF(IFERROR(INDEX('CFBG New Line Form'!$G$9:$EQ$105,MATCH(F14,'CFBG New Line Form'!$B$9:$B$105,0),MATCH(VLOOKUP(A27,MAPPING!$G$3:$J$131,4,0),'CFBG New Line Form'!$G$7:$EQ$7,0)),"")=0,"",IFERROR(INDEX('CFBG New Line Form'!$G$9:$EQ$105,MATCH(F14,'CFBG New Line Form'!$B$9:$B$105,0),MATCH(VLOOKUP(A27,MAPPING!$G$3:$J$131,4,0),'CFBG New Line Form'!$G$7:$EQ$7,0)),"")) | I27: WEIGHT PER UNIT: (INCL. PACKAGING) | M27: =IF(IFERROR(INDEX('CFBG New Line Form'!$G$9:$EQ$105,MATCH(F14,'CFBG New Line Form'!$B$9:$B$105,0),MATCH(VLOOKUP(I27,MAPPING!$G$3:$J$131,4,0),'CFBG New Line Form'!$G$7:$EQ$7,0)),"")=0,"",IFERROR(INDEX('CFBG New Line Form'!$G$9:$EQ$105,MATCH(F14,'CFBG New Line Form'!$B$9:$B$105,0),MATCH(VLOOKUP(I27,MAPPING!$G$3:$J$131,4,0),'CFBG New Line Form'!$G$7:$EQ$7,0)),""))
A29: CASE DIMENSIONS: | D29: DEPTH (in cm) | F29: =IF(IFERROR(INDEX('CFBG New Line Form'!$G$9:$EQ$105,MATCH(F14,'CFBG New Line Form'!$B$9:$B$105,0),MATCH(VLOOKUP(D29,MAPPING!$G$3:$J$131,4,0),'CFBG New Line Form'!$G$7:$EQ$7,0)),"")=0,"",IFERROR(INDEX('CFBG New Line Form'!$G$9:$EQ$105,MATCH(F14,'CFBG New Line Form'!$B$9:$B$105,0),MATCH(VLOOKUP(D29,MAPPING!$G$3:$J$131,4,0),'CFBG New Line Form'!$G$7:$EQ$7,0)),"")) | G29: WIDTH (in cm) | I29: =IF(IFERROR(INDEX('CFBG New Line Form'!$G$9:$EQ$105,MATCH(F14,'CFBG New Line Form'!$B$9:$B$105,0),MATCH(VLOOKUP(G29,MAPPING!$G$3:$J$131,4,0),'CFBG New Line Form'!$G$7:$EQ$7,0)),"")=0,"",IFERROR(INDEX('CFBG New Line Form'!$G$9:$EQ$105,MATCH(F14,'CFBG New Line Form'!$B$9:$B$105,0),MATCH(VLOOKUP(G29,MAPPING!$G$3:$J$131,4,0),'CFBG New Line Form'!$G$7:$EQ$7,0)),"")) | K29: HEIGHT (in cm) | M29: =IF(IFERROR(INDEX('CFBG New Line Form'!$G$9:$EQ$105,MATCH(F14,'CFBG New Line Form'!$B$9:$B$105,0),MATCH(VLOOKUP(K29,MAPPING!$G$3:$J$131,4,0),'CFBG New Line Form'!$G$7:$EQ$7,0)),"")=0,"",IFERROR(INDEX('CFBG New Line Form'!$G$9:$EQ$105,MATCH(F14,'CFBG New Line Form'!$B$9:$B$105,0),MATCH(VLOOKUP(K29,MAPPING!$G$3:$J$131,4,0),'CFBG New Line Form'!$G$7:$EQ$7,0)),""))
A31: UNIT DIMENSIONS: | D31: DEPTH (in cm) | F31: =IF(IFERROR(INDEX('CFBG New Line Form'!$G$9:$EQ$105,MATCH(F14,'CFBG New Line Form'!$B$9:$B$105,0),MATCH(VLOOKUP(D31,MAPPING!$G$3:$J$131,4,0),'CFBG New Line Form'!$G$7:$EQ$7,0)),"")=0,"",IFERROR(INDEX('CFBG New Line Form'!$G$9:$EQ$105,MATCH(F14,'CFBG New Line Form'!$B$9:$B$105,0),MATCH(VLOOKUP(D31,MAPPING!$G$3:$J$131,4,0),'CFBG New Line Form'!$G$7:$EQ$7,0)),"")) | G31: WIDTH (in cm) | I31: =IF(IFERROR(INDEX('CFBG New Line Form'!$G$9:$EQ$105,MATCH(F14,'CFBG New Line Form'!$B$9:$B$105,0),MATCH(VLOOKUP(G31,MAPPING!$G$3:$J$131,4,0),'CFBG New Line Form'!$G$7:$EQ$7,0)),"")=0,"",IFERROR(INDEX('CFBG New Line Form'!$G$9:$EQ$105,MATCH(F14,'CFBG New Line Form'!$B$9:$B$105,0),MATCH(VLOOKUP(G31,MAPPING!$G$3:$J$131,4,0),'CFBG New Line Form'!$G$7:$EQ$7,0)),"")) | K31: HEIGHT (in cm) | M31: =IF(IFERROR(INDEX('CFBG New Line Form'!$G$9:$EQ$105,MATCH(F14,'CFBG New Line Form'!$B$9:$B$105,0),MATCH(VLOOKUP(K31,MAPPING!$G$3:$J$131,4,0),'CFBG New Line Form'!$G$7:$EQ$7,0)),"")=0,"",IFERROR(INDEX('CFBG New Line Form'!$G$9:$EQ$105,MATCH(F14,'CFBG New Line Form'!$B$9:$B$105,0),MATCH(VLOOKUP(K31,MAPPING!$G$3:$J$131,4,0),'CFBG New Line Form'!$G$7:$EQ$7,0)),""))
B34: PRODUCT LOCATION | G34: THIS PRODUCT IS SUITABLE FOR: | K34: PRODUCT CERTIFICATION
B35: Please use Drop Boxes | G35: Yes or No | K35: Yes or No
B37: Country of Origin | D37: =IF(IFERROR(INDEX('CFBG New Line Form'!$G$9:$EQ$105,MATCH(F14,'CFBG New Line Form'!$B$9:$B$105,0),MATCH(VLOOKUP(B37,MAPPING!$G$3:$J$131,4,0),'CFBG New Line Form'!$G$7:$EQ$7,0)),"")=0,"",IFERROR(INDEX('CFBG New Line Form'!$G$9:$EQ$105,MATCH(F14,'CFBG New Line Form'!$B$9:$B$105,0),MATCH(VLOOKUP(B37,MAPPING!$G$3:$J$131,4,0),'CFBG New Line Form'!$G$7:$EQ$7,0)),"")) | G37: Vegetarian | I37: =IF(IFERROR(INDEX('CFBG New Line Form'!$G$9:$EQ$105,MATCH(F14,'CFBG New Line Form'!$B$9:$B$105,0),MATCH(VLOOKUP(G37,MAPPING!$G$3:$J$131,4,0),'CFBG New Line Form'!$G$7:$EQ$7,0)),"")=0,"",IFERROR(INDEX('CFBG New Line Form'!$G$9:$EQ$105,MATCH(F14,'CFBG New Line Form'!$B$9:$B$105,0),MATCH(VLOOKUP(G37,MAPPING!$G$3:$J$131,4,0),'CFBG New Line Form'!$G$7:$EQ$7,0)),"")) | K37: Fairtrade Certified | M37: =IF(IFERROR(INDEX('CFBG New Line Form'!$G$9:$EQ$105,MATCH(F14,'CFBG New Line Form'!$B$9:$B$105,0),MATCH(VLOOKUP(K37,MAPPING!$G$3:$J$131,4,0),'CFBG New Line Form'!$G$7:$EQ$7,0)),"")=0,"",IFERROR(INDEX('CFBG New Line Form'!$G$9:$EQ$105,MATCH(F14,'CFBG New Line Form'!$B$9:$B$105,0),MATCH(VLOOKUP(K37,MAPPING!$G$3:$J$131,4,0),'CFBG New Line Form'!$G$7:$EQ$7,0)),""))
G38: Vegan | I38: =IF(IFERROR(INDEX('CFBG New Line Form'!$G$9:$EQ$105,MATCH(F14,'CFBG New Line Form'!$B$9:$B$105,0),MATCH(VLOOKUP(G38,MAPPING!$G$3:$J$131,4,0),'CFBG New Line Form'!$G$7:$EQ$7,0)),"")=0,"",IFERROR(INDEX('CFBG New Line Form'!$G$9:$EQ$105,MATCH(F14,'CFBG New Line Form'!$B$9:$B$105,0),MATCH(VLOOKUP(G38,MAPPING!$G$3:$J$131,4,0),'CFBG New Line Form'!$G$7:$EQ$7,0)),"")) | K38: Halal | M38: =IF(IFERROR(INDEX('CFBG New Line Form'!$G$9:$EQ$105,MATCH(F14,'CFBG New Line Form'!$B$9:$B$105,0),MATCH(VLOOKUP(K38,MAPPING!$G$3:$J$131,4,0),'CFBG New Line Form'!$G$7:$EQ$7,0)),"")=0,"",IFERROR(INDEX('CFBG New Line Form'!$G$9:$EQ$105,MATCH(F14,'CFBG New Line Form'!$B$9:$B$105,0),MATCH(VLOOKUP(K38,MAPPING!$G$3:$J$131,4,0),'CFBG New Line Form'!$G$7:$EQ$7,0)),""))
K39: Kosher | M39: =IF(IFERROR(INDEX('CFBG New Line Form'!$G$9:$EQ$105,MATCH(F14,'CFBG New Line Form'!$B$9:$B$105,0),MATCH(VLOOKUP(K39,MAPPING!$G$3:$J$131,4,0),'CFBG New Line Form'!$G$7:$EQ$7,0)),"")=0,"",IFERROR(INDEX('CFBG New Line Form'!$G$9:$EQ$105,MATCH(F14,'CFBG New Line Form'!$B$9:$B$105,0),MATCH(VLOOKUP(K39,MAPPING!$G$3:$J$131,4,0),'CFBG New Line Form'!$G$7:$EQ$7,0)),""))
B40: County of Origin (If UK): | D40: =IF(IFERROR(INDEX('CFBG New Line Form'!$G$9:$EQ$105,MATCH(F14,'CFBG New Line Form'!$B$9:$B$105,0),MATCH(VLOOKUP(B40,MAPPING!$G$3:$J$131,4,0),'CFBG New Line Form'!$G$7:$EQ$7,0)),"")=0,"",IFERROR(INDEX('CFBG New Line Form'!$G$9:$EQ$105,MATCH(F14,'CFBG New Line Form'!$B$9:$B$105,0),MATCH(VLOOKUP(B40,MAPPING!$G$3:$J$131,4,0),'CFBG New Line Form'!$G$7:$EQ$7,0)),"")) | J40: Marine Stewardship Council | M40: =IF(IFERROR(INDEX('CFBG New Line Form'!$G$9:$EQ$105,MATCH(F14,'CFBG New Line Form'!$B$9:$B$105,0),MATCH(VLOOKUP(J40,MAPPING!$G$3:$J$131,4,0),'CFBG New Line Form'!$G$7:$EQ$7,0)),"")=0,"",IFERROR(INDEX('CFBG New Line Form'!$G$9:$EQ$105,MATCH(F14,'CFBG New Line Form'!$B$9:$B$105,0),MATCH(VLOOKUP(J40,MAPPING!$G$3:$J$131,4,0),'CFBG New Line Form'!$G$7:$EQ$7,0)),""))
K41: Organic Product | M41: =IF(IFERROR(INDEX('CFBG New Line Form'!$G$9:$EQ$105,MATCH(F14,'CFBG New Line Form'!$B$9:$B$105,0),MATCH(VLOOKUP(K41,MAPPING!$G$3:$J$131,4,0),'CFBG New Line Form'!$G$7:$EQ$7,0)),"")=0,"",IFERROR(INDEX('CFBG New Line Form'!$G$9:$EQ$105,MATCH(F14,'CFBG New Line Form'!$B$9:$B$105,0),MATCH(VLOOKUP(K41,MAPPING!$G$3:$J$131,4,0),'CFBG New Line Form'!$G$7:$EQ$7,0)),""))
K42: Rainforest Alliance | M42: =IF(IFERROR(INDEX('CFBG New Line Form'!$G$9:$EQ$105,MATCH(F14,'CFBG New Line Form'!$B$9:$B$105,0),MATCH(VLOOKUP(K42,MAPPING!$G$3:$J$131,4,0),'CFBG New Line Form'!$G$7:$EQ$7,0)),"")=0,"",IFERROR(INDEX('CFBG New Line Form'!$G$9:$EQ$105,MATCH(F14,'CFBG New Line Form'!$B$9:$B$105,0),MATCH(VLOOKUP(K42,MAPPING!$G$3:$J$131,4,0),'CFBG New Line Form'!$G$7:$EQ$7,0)),""))
K43: Red Tractor Certified | M43: =IF(IFERROR(INDEX('CFBG New Line Form'!$G$9:$EQ$105,MATCH(F14,'CFBG New Line Form'!$B$9:$B$105,0),MATCH(VLOOKUP(K43,MAPPING!$G$3:$J$131,4,0),'CFBG New Line Form'!$G$7:$EQ$7,0)),"")=0,"",IFERROR(INDEX('CFBG New Line Form'!$G$9:$EQ$105,MATCH(F14,'CFBG New Line Form'!$B$9:$B$105,0),MATCH(VLOOKUP(K43,MAPPING!$G$3:$J$131,4,0),'CFBG New Line Form'!$G$7:$EQ$7,0)),""))
A45: Checklist: Supplier must provide each of the below with this form:
A46: 1) Food: | F46: Product Specification for food,
A47: 1) Detergent/Non Food Liquids: | F47: Classification of Labelling and Packaging Sheet
A48: 1) Non Food Dry: | F48: Product Information Sheet
A49: PDF FORMAT PRODUCT SPECIFICATION OR NON FOOD PRODUCT INFORMATION (previously COSSH SHEET)
A50: MUST BE SENT SEPARATELY ON THE SAME EMAIL
A52: 2) Product Image - must be original high-res 300dpi 2000 pixels (Images must be attached separately and not included into an email)
A53: Where possible image should be a pack shot on a plain white background. Lifestyle images will be used as a
A54: secondary image.
A55: 3) PDF Copy of the Product Label
A56: (Label must be attached separately and not inserted into an email)
A57: The label must show; Product Description, Pack Size, Ingredients, Allergen Info, Nutritional Info,
A58: Drained Weight if applicable, A Valid Barcode, The Date Issued
A59: 4) 1 Page flyer stating benefits and features of the product.
A61: THOMAS RIDLEY BUYING OFFICE USE ONLY | H61: CUSTOMER NAME:
H62: REPS NAME:
A63: CODE:
A64: PRODUCT GROUP: | H64: PLOF Main Section:
A65: PRICE LIST: | H65: Sub:
A66: SPLIT REQUIRED: | H66: Plof Group:
A67: SELL PRICE 1: | H67: Print in Plof:
A68: MARGIN:
A69: SELL PRICE 2: | H69: Category Controller Sign Off:
A70: MARGIN: | H70: Technical Approval Sign Off:
A71: SUPPLIER SEQ:
A72: SUBSTITUTE FOR NEW LINE:
A73: SUBSTITUTE NEW CODE FOR OLD CODE:
A74: ISSUE 20 20 February 2025 | K74: Review Feb 2026

Sheet Turner Price
C3: All green columns are required | I3: For the purpose of Allergen Data, the following key applies: | AH3: For the purpose of Diet Suitability, the following key applies:
I4: Y = Contains | AH4: Y = Suitable
A5: Turner Price | I5: N = Does Not Contain | AH5: N = Not Suitable
A6: New Product Listing File | C6: If Erudus ID provided, all other orange columns are NOT required | I6: M = May Contain/Cross Contamination possible (i.e used on same line/same factory)
A9: 1 | B9: 2 | C9: 3 | D9: 4 | E9: 6 | F9: 7 | G9: 8 | H9: 9 | I9: 10 | J9: 11 | K9: 12 | L9: 13 | M9: 14 | N9: 15 | O9: 16 | P9: 17 | Q9: 18 | R9: 19 | S9: 20 | T9: 21 | U9: 22 | V9: 23 | W9: 24 | X9: 25 | Y9: 26 | Z9: 27 | AA9: 28 | AB9: 29 | AC9: 30 | AD9: 31 | AE9: 32 | AF9: 33 | AG9: 34 | AH9: 35 | AI9: 36 | AJ9: 37
A10: Supplier Code | B10: Description | C10: Size | D10: Pack | E10: Pallet | F10: Layer | G10: List Price | H10: EAN | I10: VAT Code | J10: Add Desc 1 _ Erudus ID | K10: Department | L10: Group | M10: Sub Group | N10: Allow Splits | O10: Status | P10: Brand | Q10: TP Product Code | R10: Weight | S10: Volume | T10: Sell Price 1 | U10: Restrict Flag | V10: Quantity Break 1 | W10: Quantity Break 2 | X10: Quantity Break 3 | Y10: Quantity Break 4 | Z10: Category | AA10: PLOF1 | AB10: PLOF2 | AC10: PLOF3 | AD10: PLU | AE10: SPLIT PLU | AF10: Discount Group | AG10: National Code - CRG Code | AH10: Length | AI10: Width | AJ10: Height | AK10: Ecom long desc | AL10: ecom_long_desc | AM10: packaging_recylcing_information | AN10: average_serving | AO10: country_of_origin | AP10: ingredients | AQ10: directions_for_use | AR10: storage_instructions | AS10: kj_per_100 | AT10: kcal_per_100 | AU10: carbs_per_100g | AV10: carbs_sugars_per_100g | AW10: fat_per_100 | AX10: fat_saturates_per_100 | AY10: protein_per_100 | AZ10: salt_per_100 | BA10: fibre_per_100 | BB10: sodium_per_100 | BC10: contains_peanuts | BD10: contains_nuts | BE10: contains_eggs | BF10: contains_fish | BG10: contains_crustacea | BH10: contains_molluscs | BI10: contains_milk | BJ10: contains_soybeans | BK10: contains_cereals | BL10: contains_sesame | BM10: celery_celeriac | BN10: contains_mustard | BO10: contains_sulphur_sulphites | BP10: contains_lupin | BQ10: palm_oil | BR10: suitable_vegetarian | BS10: suitable_vegan | BT10: suitable_coeliacs | BU10: suitable_lactose | BV10: suitable_for_nut_allergy | BW10: halal_diet | BX10: kosher_diet | BY10: cashew_nuts | BZ10: hazelnuts | CA10: macadamia_nuts | CB10: pecan_nuts | CC10: pistachio_nuts | CD10: walnuts | CE10: almond_nuts | CF10: hydrogenated_vegetable_oil_fat | CG10: gm_protein_dna | CH10: suitable_for_a_vegetarian_diet | CI10: suitable_for_a_vegan_diet | CJ10: suitable_for_coeliacs | CK10: suitable_for_sufferers_of_lactose_intolerance | CL10: suitable_for_nut_allergy | CM10: approved_for_a_halal_diet | CN10: approved_for_a_kosher_diet
A11: Supplier Product Code | B11: Product Description | C11: Size | D11: Pack | E11: Pallet Quantity | F11: Layer Quantity | G11: Cost Price | H11: EAN (Case) | I11: VAT Code 3=0% 1=20% | J11: Erudus ID | K11: N/A | L11: N/A | M11: N/A | N11: N/A | O11: N/A | P11: N/A | Q11: N/A | R11: Weight (kg) | S11: Volume | T11: N/A | U11: N/A | V11: N/A | W11: N/A | X11: N/A | Y11: N/A | Z11: N/A | AA11: N/A | AB11: N/A | AC11: N/A | AD11: N/A | AE11: EAN (Unit) | AF11: N/A | AG11: N/A | AH11: Outer Case Length (cm) | AI11: Outer Case Width (cm) | AJ11: Outer Case Height (cm) | AK11: Long product description | AL11: Brand Name | AM11: Packaging & Recycling Information | AN11: Average Serving/Use (g/ml) | AO11: Country of Origin | AP11: Ingredients List | AQ11: Directions of Use / Cooking Instructions | AR11: Storage Instructions | AS11: Energy per 100g (kJ) | AT11: Energy per 100g (kcal) | AU11: Carbohydrate Per 100g (g) | AV11: Carbohydrate of which Sugars per 100g (g) | AW11: Fat per 100g (g) | AX11: Fat of which Saturates per 100g (g) | AY11: Protein per 100g (g) | AZ11: Salt per 100g (g) | BA11: Fibre per 100g (g) | BB11: Sodium per 100g (g) | BC11: Contains Peanuts | BD11: Contains Tree Nuts | BE11: Contains Eggs | BF11: Contains Fish | BG11: Contains Crustacea | BH11: Contains Molluscs | BI11: Contains Milk | BJ11: Contains Soybeans | BK11: Contains Cereals containing Gluten | BL11: Contains Sesame Seeds | BM11: Contains Celery Celeriac | BN11: Contains Mustard | BO11: Contains Sulphur Dioxide | BP11: Contains Lupin | BQ11: Contains Palm Oil | BR11: Contains Barley | BS11: Contains Kamut | BT11: Contains Oats | BU11: Contains Rye | BV11: Contains Spelt | BW11: Contains Wheat | BX11: Contains Brazil Nuts | BY11: Contains Cashew Nuts | BZ11: Contains Hazelnut Nuts | CA11: Contains Macadamia Nuts | CB11: Contains Pecan Nuts | CC11: Contains Pistachio Nuts | CD11: Contains Walnut Nuts | CE11: Contains Almond Nuts | CF11: Contains Hydrogenated Vegetable Oil/Fat | CG11: Contains GM Protein/DNA | CH11: Vegetarian Suitable | CI11: Vegan Suitable | CJ11: Coeliac Suitable | CK11: Sufferers of Lactose Intolerance Suitable | CL11: Nut Allergy Sufferers Suitable | CM11: Halal Approved | CN11: Kosher Approved | CO11: Red Tractor Approved | CP11: Organic Approved | CQ11: School Standards Approved | CR11: Public Image URL 1 | CS11: Public Image URL 2 | CT11: Public Image URL 3
A12: =IF( IFERROR(INDEX('CFBG New Line Form'!$G$9:$EQ$105,MATCH(B12,'CFBG New Line Form'!$B$9:$B$105,0),MATCH(VLOOKUP($A$11,MAPPING!$H$3:$J$131,3,0),'CFBG New Line Form'!$G$7:$EQ$7,0)),"")=0,"", IFERROR(INDEX('CFBG New Line Form'!$G$9:$EQ$105,MATCH(B12,'CFBG New Line Form'!$B$9:$B$105,0),MATCH(VLOOKUP($A$11,MAPPING!$H$3:$J$131,3,0),'CFBG New Line Form'!$G$7:$EQ$7,0)),"")) | C12: =IF( IFERROR(INDEX('CFBG New Line Form'!$G$9:$EQ$105,MATCH(B12,'CFBG New Line Form'!$B$9:$B$105,0),MATCH(VLOOKUP($C$11,MAPPING!$H$3:$J$131,3,0),'CFBG New Line Form'!$G$7:$EQ$7,0)),"")=0,"", IFERROR(INDEX('CFBG New Line Form'!$G$9:$EQ$105,MATCH(B12,'CFBG New Line Form'!$B$9:$B$105,0),MATCH(VLOOKUP($C$11,MAPPING!$H$3:$J$131,3,0),'CFBG New Line Form'!$G$7:$EQ$7,0)),"")) | D12: =IF( IFERROR(INDEX('CFBG New Line Form'!$G$9:$EQ$105,MATCH(B12,'CFBG New Line Form'!$B$9:$B$105,0),MATCH(VLOOKUP($D$11,MAPPING!$H$3:$J$131,3,0),'CFBG New Line Form'!$G$7:$EQ$7,0)),"")=0,"", IFERROR(INDEX('CFBG New Line Form'!$G$9:$EQ$105,MATCH(B12,'CFBG New Line Form'!$B$9:$B$105,0),MATCH(VLOOKUP($D$11,MAPPING!$H$3:$J$131,3,0),'CFBG New Line Form'!$G$7:$EQ$7,0)),"")) | E12: =IF(IFERROR(INDEX('CFBG New Line Form'!$G$9:$EQ$105,MATCH(B12,'CFBG New Line Form'!$B$9:$B$105,0),MATCH(VLOOKUP($E$11,MAPPING!$H$3:$J$131,3,0),'CFBG New Line Form'!$G$7:$EQ$7,0)),"")=0,"",IFERROR(INDEX('CFBG New Line Form'!$G$9:$EQ$105,MATCH(B12,'CFBG New Line Form'!$B$9:$B$105,0),MATCH(VLOOKUP($E$11,MAPPING!$H$3:$J$131,3,0),'CFBG New Line Form'!$G$7:$EQ$7,0)),"")) | F12: =IF(IFERROR(INDEX('CFBG New Line Form'!$G$9:$EQ$105,MATCH(B12,'CFBG New Line Form'!$B$9:$B$105,0),MATCH(VLOOKUP($F$11,MAPPING!$H$3:$J$131,3,0),'CFBG New Line Form'!$G$7:$EQ$7,0)),"")=0,"",IFERROR(INDEX('CFBG New Line Form'!$G$9:$EQ$105,MATCH(B12,'CFBG New Line Form'!$B$9:$B$105,0),MATCH(VLOOKUP($F$11,MAPPING!$H$3:$J$131,3,0),'CFBG New Line Form'!$G$7:$EQ$7,0)),"")) | G12: =IF(IFERROR(INDEX('CFBG New Line Form'!$G$9:$EQ$105,MATCH(B12,'CFBG New Line Form'!$B$9:$B$105,0),MATCH(VLOOKUP($G$11,MAPPING!$H$3:$J$131,3,0),'CFBG New Line Form'!$G$7:$EQ$7,0)),"")=0,"",IFERROR(INDEX('CFBG New Line Form'!$G$9:$EQ$105,MATCH(B12,'CFBG New Line Form'!$B$9:$B$105,0),MATCH(VLOOKUP($G$11,MAPPING!$H$3:$J$131,3,0),'CFBG New Line Form'!$G$7:$EQ$7,0)),"")) | H12: =IF(IFERROR(INDEX('CFBG New Line Form'!$G$9:$EQ$105,MATCH(B12,'CFBG New Line Form'!$B$9:$B$105,0),MATCH(VLOOKUP($H$11,MAPPING!$H$3:$J$131,3,0),'CFBG New Line Form'!$G$7:$EQ$7,0)),"")=0,"",IFERROR(INDEX('CFBG New Line Form'!$G$9:$EQ$105,MATCH(B12,'CFBG New Line Form'!$B$9:$B$105,0),MATCH(VLOOKUP($H$11,MAPPING!$H$3:$J$131,3,0),'CFBG New Line Form'!$G$7:$EQ$7,0)),"")) | I12: =IF(IFERROR(INDEX('CFBG New Line Form'!$G$9:$EQ$105,MATCH(B12,'CFBG New Line Form'!$B$9:$B$105,0),MATCH(VLOOKUP($I$11,MAPPING!$H$3:$J$131,3,0),'CFBG New Line Form'!$G$7:$EQ$7,0)),"")=0,"",IFERROR(INDEX('CFBG New Line Form'!$G$9:$EQ$105,MATCH(B12,'CFBG New Line Form'!$B$9:$B$105,0),MATCH(VLOOKUP($I$11,MAPPING!$H$3:$J$131,3,0),'CFBG New Line Form'!$G$7:$EQ$7,0)),"")) | J12: =IF(IFERROR(INDEX('CFBG New Line Form'!$G$9:$EQ$105,MATCH(B12,'CFBG New Line Form'!$B$9:$B$105,0),MATCH(VLOOKUP($J$11,MAPPING!$H$3:$J$131,3,0),'CFBG New Line Form'!$G$7:$EQ$7,0)),"")=0,"",IFERROR(INDEX('CFBG New Line Form'!$G$9:$EQ$105,MATCH(B12,'CFBG New Line Form'!$B$9:$B$105,0),MATCH(VLOOKUP($J$11,MAPPING!$H$3:$J$131,3,0),'CFBG New Line Form'!$G$7:$EQ$7,0)),"")) | K12: #N/A | L12: #N/A | M12: #N/A | N12: #N/A | O12: #N/A | P12: #N/A | Q12: #N/A | R12: =IF(IFERROR(INDEX('CFBG New Line Form'!$G$9:$EQ$105,MATCH(B12,'CFBG New Line Form'!$B$9:$B$105,0),MATCH(VLOOKUP($R$11,MAPPING!$H$3:$J$131,3,0),'CFBG New Line Form'!$G$7:$EQ$7,0)),"")=0,"",IFERROR(INDEX('CFBG New Line Form'!$G$9:$EQ$105,MATCH(B12,'CFBG New Line Form'!$B$9:$B$105,0),MATCH(VLOOKUP($R$11,MAPPING!$H$3:$J$131,3,0),'CFBG New Line Form'!$G$7:$EQ$7,0)),"")) | S12: =IF(IFERROR(INDEX('CFBG New Line Form'!$G$9:$EQ$105,MATCH(B12,'CFBG New Line Form'!$B$9:$B$105,0),MATCH(VLOOKUP($S$11,MAPPING!$H$3:$J$131,3,0),'CFBG New Line Form'!$G$7:$EQ$7,0)),"")=0,"",IFERROR(INDEX('CFBG New Line Form'!$G$9:$EQ$105,MATCH(B12,'CFBG New Line Form'!$B$9:$B$105,0),MATCH(VLOOKUP($S$11,MAPPING!$H$3:$J$131,3,0),'CFBG New Line Form'!$G$7:$EQ$7,0)),"")) | T12: #N/A | U12: #N/A | V12: #N/A | W12: #N/A | X12: #N/A | Y12: #N/A | Z12: #N/A | AA12: #N/A | AB12: #N/A | AC12: #N/A | AD12: #N/A | AE12: =IF(IFERROR(INDEX('CFBG New Line Form'!$G$9:$EQ$105,MATCH(B12,'CFBG New Line Form'!$B$9:$B$105,0),MATCH(VLOOKUP($AE$11,MAPPING!$H$3:$J$131,3,0),'CFBG New Line Form'!$G$7:$EQ$7,0)),"")=0,"",IFERROR(INDEX('CFBG New Line Form'!$G$9:$EQ$105,MATCH(B12,'CFBG New Line Form'!$B$9:$B$105,0),MATCH(VLOOKUP($AE$11,MAPPING!$H$3:$J$131,3,0),'CFBG New Line Form'!$G$7:$EQ$7,0)),"")) | AF12: #N/A | AG12: #N/A | AH12: =IF(IFERROR(INDEX('CFBG New Line Form'!$G$9:$EQ$105,MATCH(B12,'CFBG New Line Form'!$B$9:$B$105,0),MATCH(VLOOKUP($AH$11,MAPPING!$H$3:$J$131,3,0),'CFBG New Line Form'!$G$7:$EQ$7,0)),"")=0,"",IFERROR(INDEX('CFBG New Line Form'!$G$9:$EQ$105,MATCH(B12,'CFBG New Line Form'!$B$9:$B$105,0),MATCH(VLOOKUP($AH$11,MAPPING!$H$3:$J$131,3,0),'CFBG New Line Form'!$G$7:$EQ$7,0)),"")) | AI12: =IF(IFERROR(INDEX('CFBG New Line Form'!$G$9:$EQ$105,MATCH(B12,'CFBG New Line Form'!$B$9:$B$105,0),MATCH(VLOOKUP($AI$11,MAPPING!$H$3:$J$131,3,0),'CFBG New Line Form'!$G$7:$EQ$7,0)),"")=0,"",IFERROR(INDEX('CFBG New Line Form'!$G$9:$EQ$105,MATCH(B12,'CFBG New Line Form'!$B$9:$B$105,0),MATCH(VLOOKUP($AI$11,MAPPING!$H$3:$J$131,3,0),'CFBG New Line Form'!$G$7:$EQ$7,0)),"")) | AJ12: =IF(IFERROR(INDEX('CFBG New Line Form'!$G$9:$EQ$105,MATCH(B12,'CFBG New Line Form'!$B$9:$B$105,0),MATCH(VLOOKUP($AJ$11,MAPPING!$H$3:$J$131,3,0),'CFBG New Line Form'!$G$7:$EQ$7,0)),"")=0,"",IFERROR(INDEX('CFBG New Line Form'!$G$9:$EQ$105,MATCH(B12,'CFBG New Line Form'!$B$9:$B$105,0),MATCH(VLOOKUP($AJ$11,MAPPING!$H$3:$J$131,3,0),'CFBG New Line Form'!$G$7:$EQ$7,0)),"")) | AK12: =IF(IFERROR(INDEX('CFBG New Line Form'!$G$9:$EQ$105,MATCH(B12,'CFBG New Line Form'!$B$9:$B$105,0),MATCH(VLOOKUP($AK$11,MAPPING!$H$3:$J$131,3,0),'CFBG New Line Form'!$G$7:$EQ$7,0)),"")=0,"",IFERROR(INDEX('CFBG New Line Form'!$G$9:$EQ$105,MATCH(B12,'CFBG New Line Form'!$B$9:$B$105,0),MATCH(VLOOKUP($AK$11,MAPPING!$H$3:$J$131,3,0),'CFBG New Line Form'!$G$7:$EQ$7,0)),"")) | AL12: =IF(IFERROR(INDEX('CFBG New Line Form'!$C$9:$EQ$105,MATCH(B12,'CFBG New Line Form'!$B$9:$B$105,0),MATCH(VLOOKUP($AL$11,MAPPING!$H$3:$J$131,3,0),'CFBG New Line Form'!$G$7:$EQ$7,0)),"")=0,"",IFERROR(INDEX('CFBG New Line Form'!$C$9:$EQ$105,MATCH(B12,'CFBG New Line Form'!$B$9:$B$105,0),MATCH(VLOOKUP($AL$11,MAPPING!$H$3:$J$131,3,0),'CFBG New Line Form'!$C$7:$EQ$7,0)),"")) | AM12: =IF(IFERROR(INDEX('CFBG New Line Form'!$G$9:$EQ$105,MATCH(B12,'CFBG New Line Form'!$B$9:$B$105,0),MATCH(VLOOKUP($AM$11,MAPPING!$H$3:$J$131,3,0),'CFBG New Line Form'!$G$7:$EQ$7,0)),"")=0,"",IFERROR(INDEX('CFBG New Line Form'!$G$9:$EQ$105,MATCH(B12,'CFBG New Line Form'!$B$9:$B$105,0),MATCH(VLOOKUP($AM$11,MAPPING!$H$3:$J$131,3,0),'CFBG New Line Form'!$G$7:$EQ$7,0)),"")) | AN12: =IF(IFERROR(INDEX('CFBG New Line Form'!$G$9:$EQ$105,MATCH(B12,'CFBG New Line Form'!$B$9:$B$105,0),MATCH(VLOOKUP($AN$11,MAPPING!$H$3:$J$131,3,0),'CFBG New Line Form'!$G$7:$EQ$7,0)),"")=0,"",IFERROR(INDEX('CFBG New Line Form'!$G$9:$EQ$105,MATCH(B12,'CFBG New Line Form'!$B$9:$B$105,0),MATCH(VLOOKUP($AN$11,MAPPING!$H$3:$J$131,3,0),'CFBG New Line Form'!$G$7:$EQ$7,0)),"")) | AO12: =IF(IFERROR(INDEX('CFBG New Line Form'!$G$9:$EQ$105,MATCH(B12,'CFBG New Line Form'!$B$9:$B$105,0),MATCH(VLOOKUP($AO$11,MAPPING!$H$3:$J$131,3,0),'CFBG New Line Form'!$G$7:$EQ$7,0)),"")=0,"",IFERROR(INDEX('CFBG New Line Form'!$G$9:$EQ$105,MATCH(B12,'CFBG New Line Form'!$B$9:$B$105,0),MATCH(VLOOKUP($AO$11,MAPPING!$H$3:$J$131,3,0),'CFBG New Line Form'!$G$7:$EQ$7,0)),"")) | AP12: =IF(IFERROR(INDEX('CFBG New Line Form'!$G$9:$EQ$105,MATCH(B12,'CFBG New Line Form'!$B$9:$B$105,0),MATCH(VLOOKUP($AP$11,MAPPING!$H$3:$J$131,3,0),'CFBG New Line Form'!$G$7:$EQ$7,0)),"")=0,"",IFERROR(INDEX('CFBG New Line Form'!$G$9:$EQ$105,MATCH(B12,'CFBG New Line Form'!$B$9:$B$105,0),MATCH(VLOOKUP($AP$11,MAPPING!$H$3:$J$131,3,0),'CFBG New Line Form'!$G$7:$EQ$7,0)),"")) | AQ12: =IF(IFERROR(INDEX('CFBG New Line Form'!$G$9:$EQ$105,MATCH(B12,'CFBG New Line Form'!$B$9:$B$105,0),MATCH(VLOOKUP($AQ$11,MAPPING!$H$3:$J$131,3,0),'CFBG New Line Form'!$G$7:$EQ$7,0)),"")=0,"",IFERROR(INDEX('CFBG New Line Form'!$G$9:$EQ$105,MATCH(B12,'CFBG New Line Form'!$B$9:$B$105,0),MATCH(VLOOKUP($AQ$11,MAPPING!$H$3:$J$131,3,0),'CFBG New Line Form'!$G$7:$EQ$7,0)),"")) | AR12: =IF(IFERROR(INDEX('CFBG New Line Form'!$G$9:$EQ$105,MATCH(B12,'CFBG New Line Form'!$B$9:$B$105,0),MATCH(VLOOKUP($AR$11,MAPPING!$H$3:$J$131,3,0),'CFBG New Line Form'!$G$7:$EQ$7,0)),"")=0,"",IFERROR(INDEX('CFBG New Line Form'!$G$9:$EQ$105,MATCH(B12,'CFBG New Line Form'!$B$9:$B$105,0),MATCH(VLOOKUP($AR$11,MAPPING!$H$3:$J$131,3,0),'CFBG New Line Form'!$G$7:$EQ$7,0)),"")) | AS12: =IF(IFERROR(INDEX('CFBG New Line Form'!$G$9:$EQ$105,MATCH(B12,'CFBG New Line Form'!$B$9:$B$105,0),MATCH(VLOOKUP($AS$11,MAPPING!$H$3:$J$131,3,0),'CFBG New Line Form'!$G$7:$EQ$7,0)),"")=0,"",IFERROR(INDEX('CFBG New Line Form'!$G$9:$EQ$105,MATCH(B12,'CFBG New Line Form'!$B$9:$B$105,0),MATCH(VLOOKUP($AS$11,MAPPING!$H$3:$J$131,3,0),'CFBG New Line Form'!$G$7:$EQ$7,0)),"")) | AT12: =IF(IFERROR(INDEX('CFBG New Line Form'!$G$9:$EQ$105,MATCH(B12,'CFBG New Line Form'!$B$9:$B$105,0),MATCH(VLOOKUP($AT$11,MAPPING!$H$3:$J$131,3,0),'CFBG New Line Form'!$G$7:$EQ$7,0)),"")=0,"",IFERROR(INDEX('CFBG New Line Form'!$G$9:$EQ$105,MATCH(B12,'CFBG New Line Form'!$B$9:$B$105,0),MATCH(VLOOKUP($AT$11,MAPPING!$H$3:$J$131,3,0),'CFBG New Line Form'!$G$7:$EQ$7,0)),"")) | AU12: =IF(IFERROR(INDEX('CFBG New Line Form'!$G$9:$EQ$105,MATCH(B12,'CFBG New Line Form'!$B$9:$B$105,0),MATCH(VLOOKUP($AU$11,MAPPING!$H$3:$J$131,3,0),'CFBG New Line Form'!$G$7:$EQ$7,0)),"")=0,"",IFERROR(INDEX('CFBG New Line Form'!$G$9:$EQ$105,MATCH(B12,'CFBG New Line Form'!$B$9:$B$105,0),MATCH(VLOOKUP($AU$11,MAPPING!$H$3:$J$131,3,0),'CFBG New Line Form'!$G$7:$EQ$7,0)),"")) | AV12: =IF(IFERROR(INDEX('CFBG New Line Form'!$G$9:$EQ$105,MATCH(B12,'CFBG New Line Form'!$B$9:$B$105,0),MATCH(VLOOKUP($AV$11,MAPPING!$H$3:$J$131,3,0),'CFBG New Line Form'!$G$7:$EQ$7,0)),"")=0,"",IFERROR(INDEX('CFBG New Line Form'!$G$9:$EQ$105,MATCH(B12,'CFBG New Line Form'!$B$9:$B$105,0),MATCH(VLOOKUP($AV$11,MAPPING!$H$3:$J$131,3,0),'CFBG New Line Form'!$G$7:$EQ$7,0)),"")) | AW12: =IF(IFERROR(INDEX('CFBG New Line Form'!$G$9:$EQ$105,MATCH(B12,'CFBG New Line Form'!$B$9:$B$105,0),MATCH(VLOOKUP($AW$11,MAPPING!$H$3:$J$131,3,0),'CFBG New Line Form'!$G$7:$EQ$7,0)),"")=0,"",IFERROR(INDEX('CFBG New Line Form'!$G$9:$EQ$105,MATCH(B12,'CFBG New Line Form'!$B$9:$B$105,0),MATCH(VLOOKUP($AW$11,MAPPING!$H$3:$J$131,3,0),'CFBG New Line Form'!$G$7:$EQ$7,0)),"")) | AX12: =IF(IFERROR(INDEX('CFBG New Line Form'!$G$9:$EQ$105,MATCH(B12,'CFBG New Line Form'!$B$9:$B$105,0),MATCH(VLOOKUP($AX$11,MAPPING!$H$3:$J$131,3,0),'CFBG New Line Form'!$G$7:$EQ$7,0)),"")=0,"",IFERROR(INDEX('CFBG New Line Form'!$G$9:$EQ$105,MATCH(B12,'CFBG New Line Form'!$B$9:$B$105,0),MATCH(VLOOKUP($AX$11,MAPPING!$H$3:$J$131,3,0),'CFBG New Line Form'!$G$7:$EQ$7,0)),"")) | AY12: =IF(IFERROR(INDEX('CFBG New Line Form'!$G$9:$EQ$105,MATCH(B12,'CFBG New Line Form'!$B$9:$B$105,0),MATCH(VLOOKUP($AY$11,MAPPING!$H$3:$J$131,3,0),'CFBG New Line Form'!$G$7:$EQ$7,0)),"")=0,"",IFERROR(INDEX('CFBG New Line Form'!$G$9:$EQ$105,MATCH(B12,'CFBG New Line Form'!$B$9:$B$105,0),MATCH(VLOOKUP($AY$11,MAPPING!$H$3:$J$131,3,0),'CFBG New Line Form'!$G$7:$EQ$7,0)),"")) | AZ12: =IF(IFERROR(INDEX('CFBG New Line Form'!$G$9:$EQ$105,MATCH(B12,'CFBG New Line Form'!$B$9:$B$105,0),MATCH(VLOOKUP($AZ$11,MAPPING!$H$3:$J$131,3,0),'CFBG New Line Form'!$G$7:$EQ$7,0)),"")=0,"",IFERROR(INDEX('CFBG New Line Form'!$G$9:$EQ$105,MATCH(B12,'CFBG New Line Form'!$B$9:$B$105,0),MATCH(VLOOKUP($AZ$11,MAPPING!$H$3:$J$131,3,0),'CFBG New Line Form'!$G$7:$EQ$7,0)),"")) | BA12: =IF(IFERROR(INDEX('CFBG New Line Form'!$G$9:$EQ$105,MATCH(B12,'CFBG New Line Form'!$B$9:$B$105,0),MATCH(VLOOKUP($BA$11,MAPPING!$H$3:$J$131,3,0),'CFBG New Line Form'!$G$7:$EQ$7,0)),"")=0,"",IFERROR(INDEX('CFBG New Line Form'!$G$9:$EQ$105,MATCH(B12,'CFBG New Line Form'!$B$9:$B$105,0),MATCH(VLOOKUP($BA$11,MAPPING!$H$3:$J$131,3,0),'CFBG New Line Form'!$G$7:$EQ$7,0)),"")) | BB12: =IF(IFERROR(INDEX('CFBG New Line Form'!$G$9:$EQ$105,MATCH(B12,'CFBG New Line Form'!$B$9:$B$105,0),MATCH(VLOOKUP($BB$11,MAPPING!$H$3:$J$131,3,0),'CFBG New Line Form'!$G$7:$EQ$7,0)),"")=0,"",IFERROR(INDEX('CFBG New Line Form'!$G$9:$EQ$105,MATCH(B12,'CFBG New Line Form'!$B$9:$B$105,0),MATCH(VLOOKUP($BB$11,MAPPING!$H$3:$J$131,3,0),'CFBG New Line Form'!$G$7:$EQ$7,0)),"")) | BC12: =IF(IFERROR(INDEX('CFBG New Line Form'!$G$9:$EQ$105,MATCH(B12,'CFBG New Line Form'!$B$9:$B$105,0),MATCH(VLOOKUP($BC$11,MAPPING!$H$3:$J$131,3,0),'CFBG New Line Form'!$G$7:$EQ$7,0)),"")=0,"",IFERROR(INDEX('CFBG New Line Form'!$G$9:$EQ$105,MATCH(B12,'CFBG New Line Form'!$B$9:$B$105,0),MATCH(VLOOKUP($BC$11,MAPPING!$H$3:$J$131,3,0),'CFBG New Line Form'!$G$7:$EQ$7,0)),"")) | BD12: =IF(IFERROR(INDEX('CFBG New Line Form'!$G$9:$EQ$105,MATCH(B12,'CFBG New Line Form'!$B$9:$B$105,0),MATCH(VLOOKUP($BD$11,MAPPING!$H$3:$J$131,3,0),'CFBG New Line Form'!$G$7:$EQ$7,0)),"")=0,"",IFERROR(INDEX('CFBG New Line Form'!$G$9:$EQ$105,MATCH(B12,'CFBG New Line Form'!$B$9:$B$105,0),MATCH(VLOOKUP($BD$11,MAPPING!$H$3:$J$131,3,0),'CFBG New Line Form'!$G$7:$EQ$7,0)),"")) | BE12: =IF(IFERROR(INDEX('CFBG New Line Form'!$G$9:$EQ$105,MATCH(B12,'CFBG New Line Form'!$B$9:$B$105,0),MATCH(VLOOKUP($BE$11,MAPPING!$H$3:$J$131,3,0),'CFBG New Line Form'!$G$7:$EQ$7,0)),"")=0,"",IFERROR(INDEX('CFBG New Line Form'!$G$9:$EQ$105,MATCH(B12,'CFBG New Line Form'!$B$9:$B$105,0),MATCH(VLOOKUP($BE$11,MAPPING!$H$3:$J$131,3,0),'CFBG New Line Form'!$G$7:$EQ$7,0)),"")) | BF12: =IF(IFERROR(INDEX('CFBG New Line Form'!$G$9:$EQ$105,MATCH(B12,'CFBG New Line Form'!$B$9:$B$105,0),MATCH(VLOOKUP($BE$11,MAPPING!$H$3:$J$131,3,0),'CFBG New Line Form'!$G$7:$EQ$7,0)),"")=0,"",IFERROR(INDEX('CFBG New Line Form'!$G$9:$EQ$105,MATCH(B12,'CFBG New Line Form'!$B$9:$B$105,0),MATCH(VLOOKUP($BE$11,MAPPING!$H$3:$J$131,3,0),'CFBG New Line Form'!$G$7:$EQ$7,0)),"")) | BG12: =IF(IFERROR(INDEX('CFBG New Line Form'!$G$9:$EQ$105,MATCH(B12,'CFBG New Line Form'!$B$9:$B$105,0),MATCH(VLOOKUP($BG$11,MAPPING!$H$3:$J$131,3,0),'CFBG New Line Form'!$G$7:$EQ$7,0)),"")=0,"",IFERROR(INDEX('CFBG New Line Form'!$G$9:$EQ$105,MATCH(B12,'CFBG New Line Form'!$B$9:$B$105,0),MATCH(VLOOKUP($BG$11,MAPPING!$H$3:$J$131,3,0),'CFBG New Line Form'!$G$7:$EQ$7,0)),"")) | BH12: =IF(IFERROR(INDEX('CFBG New Line Form'!$G$9:$EQ$105,MATCH(B12,'CFBG New Line Form'!$B$9:$B$105,0),MATCH(VLOOKUP($BH$11,MAPPING!$H$3:$J$131,3,0),'CFBG New Line Form'!$G$7:$EQ$7,0)),"")=0,"",IFERROR(INDEX('CFBG New Line Form'!$G$9:$EQ$105,MATCH(B12,'CFBG New Line Form'!$B$9:$B$105,0),MATCH(VLOOKUP($BH$11,MAPPING!$H$3:$J$131,3,0),'CFBG New Line Form'!$G$7:$EQ$7,0)),"")) | BI12: =IF(IFERROR(INDEX('CFBG New Line Form'!$G$9:$EQ$105,MATCH(B12,'CFBG New Line Form'!$B$9:$B$105,0),MATCH(VLOOKUP($BI$11,MAPPING!$H$3:$J$131,3,0),'CFBG New Line Form'!$G$7:$EQ$7,0)),"")=0,"",IFERROR(INDEX('CFBG New Line Form'!$G$9:$EQ$105,MATCH(B12,'CFBG New Line Form'!$B$9:$B$105,0),MATCH(VLOOKUP($BI$11,MAPPING!$H$3:$J$131,3,0),'CFBG New Line Form'!$G$7:$EQ$7,0)),"")) | BJ12: =IF(IFERROR(INDEX('CFBG New Line Form'!$G$9:$EQ$105,MATCH(B12,'CFBG New Line Form'!$B$9:$B$105,0),MATCH(VLOOKUP($BJ$11,MAPPING!$H$3:$J$131,3,0),'CFBG New Line Form'!$G$7:$EQ$7,0)),"")=0,"",IFERROR(INDEX('CFBG New Line Form'!$G$9:$EQ$105,MATCH(B12,'CFBG New Line Form'!$B$9:$B$105,0),MATCH(VLOOKUP($BJ$11,MAPPING!$H$3:$J$131,3,0),'CFBG New Line Form'!$G$7:$EQ$7,0)),"")) | BK12: =IF(IFERROR(INDEX('CFBG New Line Form'!$G$9:$EQ$105,MATCH(B12,'CFBG New Line Form'!$B$9:$B$105,0),MATCH(VLOOKUP($BK$11,MAPPING!$H$3:$J$131,3,0),'CFBG New Line Form'!$G$7:$EQ$7,0)),"")=0,"",IFERROR(INDEX('CFBG New Line Form'!$G$9:$EQ$105,MATCH(B12,'CFBG New Line Form'!$B$9:$B$105,0),MATCH(VLOOKUP($BK$11,MAPPING!$H$3:$J$131,3,0),'CFBG New Line Form'!$G$7:$EQ$7,0)),"")) | BL12: =IF(IFERROR(INDEX('CFBG New Line Form'!$G$9:$EQ$105,MATCH(B12,'CFBG New Line Form'!$B$9:$B$105,0),MATCH(VLOOKUP($BL$11,MAPPING!$H$3:$J$131,3,0),'CFBG New Line Form'!$G$7:$EQ$7,0)),"")=0,"",IFERROR(INDEX('CFBG New Line Form'!$G$9:$EQ$105,MATCH(B12,'CFBG New Line Form'!$B$9:$B$105,0),MATCH(VLOOKUP($BL$11,MAPPING!$H$3:$J$131,3,0),'CFBG New Line Form'!$G$7:$EQ$7,0)),"")) | BM12: =IF(IFERROR(INDEX('CFBG New Line Form'!$G$9:$EQ$105,MATCH(B12,'CFBG New Line Form'!$B$9:$B$105,0),MATCH(VLOOKUP($BM$11,MAPPING!$H$3:$J$131,3,0),'CFBG New Line Form'!$G$7:$EQ$7,0)),"")=0,"",IFERROR(INDEX('CFBG New Line Form'!$G$9:$EQ$105,MATCH(B12,'CFBG New Line Form'!$B$9:$B$105,0),MATCH(VLOOKUP($BM$11,MAPPING!$H$3:$J$131,3,0),'CFBG New Line Form'!$G$7:$EQ$7,0)),"")) | BN12: =IF(IFERROR(INDEX('CFBG New Line Form'!$G$9:$EQ$105,MATCH(B12,'CFBG New Line Form'!$B$9:$B$105,0),MATCH(VLOOKUP($BN$11,MAPPING!$H$3:$J$131,3,0),'CFBG New Line Form'!$G$7:$EQ$7,0)),"")=0,"",IFERROR(INDEX('CFBG New Line Form'!$G$9:$EQ$105,MATCH(B12,'CFBG New Line Form'!$B$9:$B$105,0),MATCH(VLOOKUP($BN$11,MAPPING!$H$3:$J$131,3,0),'CFBG New Line Form'!$G$7:$EQ$7,0)),"")) | BO12: =IF(IFERROR(INDEX('CFBG New Line Form'!$G$9:$EQ$105,MATCH(B12,'CFBG New Line Form'!$B$9:$B$105,0),MATCH(VLOOKUP($BO$11,MAPPING!$H$3:$J$131,3,0),'CFBG New Line Form'!$G$7:$EQ$7,0)),"")=0,"",IFERROR(INDEX('CFBG New Line Form'!$G$9:$EQ$105,MATCH(B12,'CFBG New Line Form'!$B$9:$B$105,0),MATCH(VLOOKUP($BO$11,MAPPING!$H$3:$J$131,3,0),'CFBG New Line Form'!$G$7:$EQ$7,0)),"")) | BP12: =IF(IFERROR(INDEX('CFBG New Line Form'!$G$9:$EQ$105,MATCH(B12,'CFBG New Line Form'!$B$9:$B$105,0),MATCH(VLOOKUP($BP$11,MAPPING!$H$3:$J$131,3,0),'CFBG New Line Form'!$G$7:$EQ$7,0)),"")=0,"",IFERROR(INDEX('CFBG New Line Form'!$G$9:$EQ$105,MATCH(B12,'CFBG New Line Form'!$B$9:$B$105,0),MATCH(VLOOKUP($BP$11,MAPPING!$H$3:$J$131,3,0),'CFBG New Line Form'!$G$7:$EQ$7,0)),"")) | BQ12: =IF(IFERROR(INDEX('CFBG New Line Form'!$G$9:$EQ$105,MATCH(B12,'CFBG New Line Form'!$B$9:$B$105,0),MATCH(VLOOKUP($BQ$11,MAPPING!$H$3:$J$131,3,0),'CFBG New Line Form'!$G$7:$EQ$7,0)),"")=0,"",IFERROR(INDEX('CFBG New Line Form'!$G$9:$EQ$105,MATCH(B12,'CFBG New Line Form'!$B$9:$B$105,0),MATCH(VLOOKUP($BQ$11,MAPPING!$H$3:$J$131,3,0),'CFBG New Line Form'!$G$7:$EQ$7,0)),"")) | BR12: =IF(IFERROR(INDEX('CFBG New Line Form'!$G$9:$EQ$105,MATCH(B12,'CFBG New Line Form'!$B$9:$B$105,0),MATCH(VLOOKUP($BR$11,MAPPING!$H$3:$J$131,3,0),'CFBG New Line Form'!$G$7:$EQ$7,0)),"")=0,"",IFERROR(INDEX('CFBG New Line Form'!$G$9:$EQ$105,MATCH(B12,'CFBG New Line Form'!$B$9:$B$105,0),MATCH(VLOOKUP($BR$11,MAPPING!$H$3:$J$131,3,0),'CFBG New Line Form'!$G$7:$EQ$7,0)),"")) | BS12: =IF(IFERROR(INDEX('CFBG New Line Form'!$G$9:$EQ$105,MATCH(B12,'CFBG New Line Form'!$B$9:$B$105,0),MATCH(VLOOKUP($BS$11,MAPPING!$H$3:$J$131,3,0),'CFBG New Line Form'!$G$7:$EQ$7,0)),"")=0,"",IFERROR(INDEX('CFBG New Line Form'!$G$9:$EQ$105,MATCH(B12,'CFBG New Line Form'!$B$9:$B$105,0),MATCH(VLOOKUP($BS$11,MAPPING!$H$3:$J$131,3,0),'CFBG New Line Form'!$G$7:$EQ$7,0)),"")) | BT12: =IF(IFERROR(INDEX('CFBG New Line Form'!$G$9:$EQ$105,MATCH(B12,'CFBG New Line Form'!$B$9:$B$105,0),MATCH(VLOOKUP($BT$11,MAPPING!$H$3:$J$131,3,0),'CFBG New Line Form'!$G$7:$EQ$7,0)),"")=0,"",IFERROR(INDEX('CFBG New Line Form'!$G$9:$EQ$105,MATCH(B12,'CFBG New Line Form'!$B$9:$B$105,0),MATCH(VLOOKUP($BT$11,MAPPING!$H$3:$J$131,3,0),'CFBG New Line Form'!$G$7:$EQ$7,0)),"")) | BU12: =IF(IFERROR(INDEX('CFBG New Line Form'!$G$9:$EQ$105,MATCH(B12,'CFBG New Line Form'!$B$9:$B$105,0),MATCH(VLOOKUP($BU$11,MAPPING!$H$3:$J$131,3,0),'CFBG New Line Form'!$G$7:$EQ$7,0)),"")=0,"",IFERROR(INDEX('CFBG New Line Form'!$G$9:$EQ$105,MATCH(B12,'CFBG New Line Form'!$B$9:$B$105,0),MATCH(VLOOKUP($BU$11,MAPPING!$H$3:$J$131,3,0),'CFBG New Line Form'!$G$7:$EQ$7,0)),"")) | BV12: =IF(IFERROR(INDEX('CFBG New Line Form'!$G$9:$EQ$105,MATCH(B12,'CFBG New Line Form'!$B$9:$B$105,0),MATCH(VLOOKUP($BV$11,MAPPING!$H$3:$J$131,3,0),'CFBG New Line Form'!$G$7:$EQ$7,0)),"")=0,"",IFERROR(INDEX('CFBG New Line Form'!$G$9:$EQ$105,MATCH(B12,'CFBG New Line Form'!$B$9:$B$105,0),MATCH(VLOOKUP($BV$11,MAPPING!$H$3:$J$131,3,0),'CFBG New Line Form'!$G$7:$EQ$7,0)),"")) | BW12: =IF(IFERROR(INDEX('CFBG New Line Form'!$G$9:$EQ$105,MATCH(B12,'CFBG New Line Form'!$B$9:$B$105,0),MATCH(VLOOKUP($BW$11,MAPPING!$H$3:$J$131,3,0),'CFBG New Line Form'!$G$7:$EQ$7,0)),"")=0,"",IFERROR(INDEX('CFBG New Line Form'!$G$9:$EQ$105,MATCH(B12,'CFBG New Line Form'!$B$9:$B$105,0),MATCH(VLOOKUP($BW$11,MAPPING!$H$3:$J$131,3,0),'CFBG New Line Form'!$G$7:$EQ$7,0)),"")) | BX12: =IF(IFERROR(INDEX('CFBG New Line Form'!$G$9:$EQ$105,MATCH(B12,'CFBG New Line Form'!$B$9:$B$105,0),MATCH(VLOOKUP($BX$11,MAPPING!$H$3:$J$131,3,0),'CFBG New Line Form'!$G$7:$EQ$7,0)),"")=0,"",IFERROR(INDEX('CFBG New Line Form'!$G$9:$EQ$105,MATCH(B12,'CFBG New Line Form'!$B$9:$B$105,0),MATCH(VLOOKUP($BX$11,MAPPING!$H$3:$J$131,3,0),'CFBG New Line Form'!$G$7:$EQ$7,0)),"")) | BY12: =IF(IFERROR(INDEX('CFBG New Line Form'!$G$9:$EQ$105,MATCH(B12,'CFBG New Line Form'!$B$9:$B$105,0),MATCH(VLOOKUP($BY$11,MAPPING!$H$3:$J$131,3,0),'CFBG New Line Form'!$G$7:$EQ$7,0)),"")=0,"",IFERROR(INDEX('CFBG New Line Form'!$G$9:$EQ$105,MATCH(B12,'CFBG New Line Form'!$B$9:$B$105,0),MATCH(VLOOKUP($BY$11,MAPPING!$H$3:$J$131,3,0),'CFBG New Line Form'!$G$7:$EQ$7,0)),"")) | BZ12: =IF(IFERROR(INDEX('CFBG New Line Form'!$G$9:$EQ$105,MATCH(B12,'CFBG New Line Form'!$B$9:$B$105,0),MATCH(VLOOKUP($BZ$11,MAPPING!$H$3:$J$131,3,0),'CFBG New Line Form'!$G$7:$EQ$7,0)),"")=0,"",IFERROR(INDEX('CFBG New Line Form'!$G$9:$EQ$105,MATCH(B12,'CFBG New Line Form'!$B$9:$B$105,0),MATCH(VLOOKUP($BZ$11,MAPPING!$H$3:$J$131,3,0),'CFBG New Line Form'!$G$7:$EQ$7,0)),"")) | CA12: =IF(IFERROR(INDEX('CFBG New Line Form'!$G$9:$EQ$105,MATCH(B12,'CFBG New Line Form'!$B$9:$B$105,0),MATCH(VLOOKUP($CA$11,MAPPING!$H$3:$J$131,3,0),'CFBG New Line Form'!$G$7:$EQ$7,0)),"")=0,"",IFERROR(INDEX('CFBG New Line Form'!$G$9:$EQ$105,MATCH(B12,'CFBG New Line Form'!$B$9:$B$105,0),MATCH(VLOOKUP($CA$11,MAPPING!$H$3:$J$131,3,0),'CFBG New Line Form'!$G$7:$EQ$7,0)),"")) | CB12: =IF(IFERROR(INDEX('CFBG New Line Form'!$G$9:$EQ$105,MATCH(B12,'CFBG New Line Form'!$B$9:$B$105,0),MATCH(VLOOKUP($CB$11,MAPPING!$H$3:$J$131,3,0),'CFBG New Line Form'!$G$7:$EQ$7,0)),"")=0,"",IFERROR(INDEX('CFBG New Line Form'!$G$9:$EQ$105,MATCH(B12,'CFBG New Line Form'!$B$9:$B$105,0),MATCH(VLOOKUP($CB$11,MAPPING!$H$3:$J$131,3,0),'CFBG New Line Form'!$G$7:$EQ$7,0)),"")) | CC12: =IF(IFERROR(INDEX('CFBG New Line Form'!$G$9:$EQ$105,MATCH(B12,'CFBG New Line Form'!$B$9:$B$105,0),MATCH(VLOOKUP($CC$11,MAPPING!$H$3:$J$131,3,0),'CFBG New Line Form'!$G$7:$EQ$7,0)),"")=0,"",IFERROR(INDEX('CFBG New Line Form'!$G$9:$EQ$105,MATCH(B12,'CFBG New Line Form'!$B$9:$B$105,0),MATCH(VLOOKUP($CC$11,MAPPING!$H$3:$J$131,3,0),'CFBG New Line Form'!$G$7:$EQ$7,0)),"")) | CD12: =IF(IFERROR(INDEX('CFBG New Line Form'!$G$9:$EQ$105,MATCH(B12,'CFBG New Line Form'!$B$9:$B$105,0),MATCH(VLOOKUP($CD$11,MAPPING!$H$3:$J$131,3,0),'CFBG New Line Form'!$G$7:$EQ$7,0)),"")=0,"",IFERROR(INDEX('CFBG New Line Form'!$G$9:$EQ$105,MATCH(B12,'CFBG New Line Form'!$B$9:$B$105,0),MATCH(VLOOKUP($CD$11,MAPPING!$H$3:$J$131,3,0),'CFBG New Line Form'!$G$7:$EQ$7,0)),"")) | CE12: =IF(IFERROR(INDEX('CFBG New Line Form'!$G$9:$EQ$105,MATCH(B12,'CFBG New Line Form'!$B$9:$B$105,0),MATCH(VLOOKUP($CE$11,MAPPING!$H$3:$J$131,3,0),'CFBG New Line Form'!$G$7:$EQ$7,0)),"")=0,"",IFERROR(INDEX('CFBG New Line Form'!$G$9:$EQ$105,MATCH(B12,'CFBG New Line Form'!$B$9:$B$105,0),MATCH(VLOOKUP($CE$11,MAPPING!$H$3:$J$131,3,0),'CFBG New Line Form'!$G$7:$EQ$7,0)),"")) | CF12: =IF(IFERROR(INDEX('CFBG New Line Form'!$G$9:$EQ$105,MATCH(B12,'CFBG New Line Form'!$B$9:$B$105,0),MATCH(VLOOKUP($CF$11,MAPPING!$H$3:$J$131,3,0),'CFBG New Line Form'!$G$7:$EQ$7,0)),"")=0,"",IFERROR(INDEX('CFBG New Line Form'!$G$9:$EQ$105,MATCH(B12,'CFBG New Line Form'!$B$9:$B$105,0),MATCH(VLOOKUP($CF$11,MAPPING!$H$3:$J$131,3,0),'CFBG New Line Form'!$G$7:$EQ$7,0)),"")) | CG12: =IF(IFERROR(INDEX('CFBG New Line Form'!$G$9:$EQ$105,MATCH(B12,'CFBG New Line Form'!$B$9:$B$105,0),MATCH(VLOOKUP($CG$11,MAPPING!$H$3:$J$131,3,0),'CFBG New Line Form'!$G$7:$EQ$7,0)),"")=0,"",IFERROR(INDEX('CFBG New Line Form'!$G$9:$EQ$105,MATCH(B12,'CFBG New Line Form'!$B$9:$B$105,0),MATCH(VLOOKUP($CG$11,MAPPING!$H$3:$J$131,3,0),'CFBG New Line Form'!$G$7:$EQ$7,0)),"")) | CH12: =IF(IFERROR(INDEX('CFBG New Line Form'!$G$9:$EQ$105,MATCH(B12,'CFBG New Line Form'!$B$9:$B$105,0),MATCH(VLOOKUP($CH$11,MAPPING!$H$3:$J$131,3,0),'CFBG New Line Form'!$G$7:$EQ$7,0)),"")=0,"",IFERROR(INDEX('CFBG New Line Form'!$G$9:$EQ$105,MATCH(B12,'CFBG New Line Form'!$B$9:$B$105,0),MATCH(VLOOKUP($CH$11,MAPPING!$H$3:$J$131,3,0),'CFBG New Line Form'!$G$7:$EQ$7,0)),"")) | CI12: =IF(IFERROR(INDEX('CFBG New Line Form'!$G$9:$EQ$105,MATCH(B12,'CFBG New Line Form'!$B$9:$B$105,0),MATCH(VLOOKUP($CI$11,MAPPING!$H$3:$J$131,3,0),'CFBG New Line Form'!$G$7:$EQ$7,0)),"")=0,"",IFERROR(INDEX('CFBG New Line Form'!$G$9:$EQ$105,MATCH(B12,'CFBG New Line Form'!$B$9:$B$105,0),MATCH(VLOOKUP($CI$11,MAPPING!$H$3:$J$131,3,0),'CFBG New Line Form'!$G$7:$EQ$7,0)),"")) | CJ12: =IF(IFERROR(INDEX('CFBG New Line Form'!$G$9:$EQ$105,MATCH(B12,'CFBG New Line Form'!$B$9:$B$105,0),MATCH(VLOOKUP($CJ$11,MAPPING!$H$3:$J$131,3,0),'CFBG New Line Form'!$G$7:$EQ$7,0)),"")=0,"",IFERROR(INDEX('CFBG New Line Form'!$G$9:$EQ$105,MATCH(B12,'CFBG New Line Form'!$B$9:$B$105,0),MATCH(VLOOKUP($CJ$11,MAPPING!$H$3:$J$131,3,0),'CFBG New Line Form'!$G$7:$EQ$7,0)),"")) | CK12: =IF(IFERROR(INDEX('CFBG New Line Form'!$G$9:$EQ$105,MATCH(B12,'CFBG New Line Form'!$B$9:$B$105,0),MATCH(VLOOKUP($CK$11,MAPPING!$H$3:$J$131,3,0),'CFBG New Line Form'!$G$7:$EQ$7,0)),"")=0,"",IFERROR(INDEX('CFBG New Line Form'!$G$9:$EQ$105,MATCH(B12,'CFBG New Line Form'!$B$9:$B$105,0),MATCH(VLOOKUP($CK$11,MAPPING!$H$3:$J$131,3,0),'CFBG New Line Form'!$G$7:$EQ$7,0)),"")) | CL12: =IF(IFERROR(INDEX('CFBG New Line Form'!$G$9:$EQ$105,MATCH(B12,'CFBG New Line Form'!$B$9:$B$105,0),MATCH(VLOOKUP($CL$11,MAPPING!$H$3:$J$131,3,0),'CFBG New Line Form'!$G$7:$EQ$7,0)),"")=0,"",IFERROR(INDEX('CFBG New Line Form'!$G$9:$EQ$105,MATCH(B12,'CFBG New Line Form'!$B$9:$B$105,0),MATCH(VLOOKUP($CL$11,MAPPING!$H$3:$J$131,3,0),'CFBG New Line Form'!$G$7:$EQ$7,0)),"")) | CM12: =IF(IFERROR(INDEX('CFBG New Line Form'!$G$9:$EQ$105,MATCH(B12,'CFBG New Line Form'!$B$9:$B$105,0),MATCH(VLOOKUP($CM$11,MAPPING!$H$3:$J$131,3,0),'CFBG New Line Form'!$G$7:$EQ$7,0)),"")=0,"",IFERROR(INDEX('CFBG New Line Form'!$G$9:$EQ$105,MATCH(B12,'CFBG New Line Form'!$B$9:$B$105,0),MATCH(VLOOKUP($CM$11,MAPPING!$H$3:$J$131,3,0),'CFBG New Line Form'!$G$7:$EQ$7,0)),"")) | CN12: =IF(IFERROR(INDEX('CFBG New Line Form'!$G$9:$EQ$105,MATCH(B12,'CFBG New Line Form'!$B$9:$B$105,0),MATCH(VLOOKUP($CN$11,MAPPING!$H$3:$J$131,3,0),'CFBG New Line Form'!$G$7:$EQ$7,0)),"")=0,"",IFERROR(INDEX('CFBG New Line Form'!$G$9:$EQ$105,MATCH(B12,'CFBG New Line Form'!$B$9:$B$105,0),MATCH(VLOOKUP($CN$11,MAPPING!$H$3:$J$131,3,0),'CFBG New Line Form'!$G$7:$EQ$7,0)),"")) | CO12: =IF(IFERROR(INDEX('CFBG New Line Form'!$G$9:$EQ$105,MATCH(B12,'CFBG New Line Form'!$B$9:$B$105,0),MATCH(VLOOKUP($CO$11,MAPPING!$H$3:$J$131,3,0),'CFBG New Line Form'!$G$7:$EQ$7,0)),"")=0,"",IFERROR(INDEX('CFBG New Line Form'!$G$9:$EQ$105,MATCH(B12,'CFBG New Line Form'!$B$9:$B$105,0),MATCH(VLOOKUP($CO$11,MAPPING!$H$3:$J$131,3,0),'CFBG New Line Form'!$G$7:$EQ$7,0)),"")) | CP12: =IF(IFERROR(INDEX('CFBG New Line Form'!$G$9:$EQ$105,MATCH(B12,'CFBG New Line Form'!$B$9:$B$105,0),MATCH(VLOOKUP($CP$11,MAPPING!$H$3:$J$131,3,0),'CFBG New Line Form'!$G$7:$EQ$7,0)),"")=0,"",IFERROR(INDEX('CFBG New Line Form'!$G$9:$EQ$105,MATCH(B12,'CFBG New Line Form'!$B$9:$B$105,0),MATCH(VLOOKUP($CP$11,MAPPING!$H$3:$J$131,3,0),'CFBG New Line Form'!$G$7:$EQ$7,0)),"")) | CQ12: =IF(IFERROR(INDEX('CFBG New Line Form'!$G$9:$EQ$105,MATCH(B12,'CFBG New Line Form'!$B$9:$B$105,0),MATCH(VLOOKUP($CQ$11,MAPPING!$H$3:$J$131,3,0),'CFBG New Line Form'!$G$7:$EQ$7,0)),"")=0,"",IFERROR(INDEX('CFBG New Line Form'!$G$9:$EQ$105,MATCH(B12,'CFBG New Line Form'!$B$9:$B$105,0),MATCH(VLOOKUP($CQ$11,MAPPING!$H$3:$J$131,3,0),'CFBG New Line Form'!$G$7:$EQ$7,0)),""))
A13: =IF( IFERROR(INDEX('CFBG New Line Form'!$G$9:$EQ$105,MATCH(B13,'CFBG New Line Form'!$B$9:$B$105,0),MATCH(VLOOKUP($A$11,MAPPING!$H$3:$J$131,3,0),'CFBG New Line Form'!$G$7:$EQ$7,0)),"")=0,"", IFERROR(INDEX('CFBG New Line Form'!$G$9:$EQ$105,MATCH(B13,'CFBG New Line Form'!$B$9:$B$105,0),MATCH(VLOOKUP($A$11,MAPPING!$H$3:$J$131,3,0),'CFBG New Line Form'!$G$7:$EQ$7,0)),"")) | C13: =IF( IFERROR(INDEX('CFBG New Line Form'!$G$9:$EQ$105,MATCH(B13,'CFBG New Line Form'!$B$9:$B$105,0),MATCH(VLOOKUP($C$11,MAPPING!$H$3:$J$131,3,0),'CFBG New Line Form'!$G$7:$EQ$7,0)),"")=0,"", IFERROR(INDEX('CFBG New Line Form'!$G$9:$EQ$105,MATCH(B13,'CFBG New Line Form'!$B$9:$B$105,0),MATCH(VLOOKUP($C$11,MAPPING!$H$3:$J$131,3,0),'CFBG New Line Form'!$G$7:$EQ$7,0)),"")) | D13: =IF( IFERROR(INDEX('CFBG New Line Form'!$G$9:$EQ$105,MATCH(B13,'CFBG New Line Form'!$B$9:$B$105,0),MATCH(VLOOKUP($D$11,MAPPING!$H$3:$J$131,3,0),'CFBG New Line Form'!$G$7:$EQ$7,0)),"")=0,"", IFERROR(INDEX('CFBG New Line Form'!$G$9:$EQ$105,MATCH(B13,'CFBG New Line Form'!$B$9:$B$105,0),MATCH(VLOOKUP($D$11,MAPPING!$H$3:$J$131,3,0),'CFBG New Line Form'!$G$7:$EQ$7,0)),"")) | E13: =IF(IFERROR(INDEX('CFBG New Line Form'!$G$9:$EQ$105,MATCH(B13,'CFBG New Line Form'!$B$9:$B$105,0),MATCH(VLOOKUP($E$11,MAPPING!$H$3:$J$131,3,0),'CFBG New Line Form'!$G$7:$EQ$7,0)),"")=0,"",IFERROR(INDEX('CFBG New Line Form'!$G$9:$EQ$105,MATCH(B13,'CFBG New Line Form'!$B$9:$B$105,0),MATCH(VLOOKUP($E$11,MAPPING!$H$3:$J$131,3,0),'CFBG New Line Form'!$G$7:$EQ$7,0)),"")) | F13: =IF(IFERROR(INDEX('CFBG New Line Form'!$G$9:$EQ$105,MATCH(B13,'CFBG New Line Form'!$B$9:$B$105,0),MATCH(VLOOKUP($F$11,MAPPING!$H$3:$J$131,3,0),'CFBG New Line Form'!$G$7:$EQ$7,0)),"")=0,"",IFERROR(INDEX('CFBG New Line Form'!$G$9:$EQ$105,MATCH(B13,'CFBG New Line Form'!$B$9:$B$105,0),MATCH(VLOOKUP($F$11,MAPPING!$H$3:$J$131,3,0),'CFBG New Line Form'!$G$7:$EQ$7,0)),"")) | G13: =IF(IFERROR(INDEX('CFBG New Line Form'!$G$9:$EQ$105,MATCH(B13,'CFBG New Line Form'!$B$9:$B$105,0),MATCH(VLOOKUP($G$11,MAPPING!$H$3:$J$131,3,0),'CFBG New Line Form'!$G$7:$EQ$7,0)),"")=0,"",IFERROR(INDEX('CFBG New Line Form'!$G$9:$EQ$105,MATCH(B13,'CFBG New Line Form'!$B$9:$B$105,0),MATCH(VLOOKUP($G$11,MAPPING!$H$3:$J$131,3,0),'CFBG New Line Form'!$G$7:$EQ$7,0)),"")) | H13: =IF(IFERROR(INDEX('CFBG New Line Form'!$G$9:$EQ$105,MATCH(B13,'CFBG New Line Form'!$B$9:$B$105,0),MATCH(VLOOKUP($H$11,MAPPING!$H$3:$J$131,3,0),'CFBG New Line Form'!$G$7:$EQ$7,0)),"")=0,"",IFERROR(INDEX('CFBG New Line Form'!$G$9:$EQ$105,MATCH(B13,'CFBG New Line Form'!$B$9:$B$105,0),MATCH(VLOOKUP($H$11,MAPPING!$H$3:$J$131,3,0),'CFBG New Line Form'!$G$7:$EQ$7,0)),"")) | I13: =IF(IFERROR(INDEX('CFBG New Line Form'!$G$9:$EQ$105,MATCH(B13,'CFBG New Line Form'!$B$9:$B$105,0),MATCH(VLOOKUP($I$11,MAPPING!$H$3:$J$131,3,0),'CFBG New Line Form'!$G$7:$EQ$7,0)),"")=0,"",IFERROR(INDEX('CFBG New Line Form'!$G$9:$EQ$105,MATCH(B13,'CFBG New Line Form'!$B$9:$B$105,0),MATCH(VLOOKUP($I$11,MAPPING!$H$3:$J$131,3,0),'CFBG New Line Form'!$G$7:$EQ$7,0)),"")) | J13: =IF(IFERROR(INDEX('CFBG New Line Form'!$G$9:$EQ$105,MATCH(B13,'CFBG New Line Form'!$B$9:$B$105,0),MATCH(VLOOKUP($J$11,MAPPING!$H$3:$J$131,3,0),'CFBG New Line Form'!$G$7:$EQ$7,0)),"")=0,"",IFERROR(INDEX('CFBG New Line Form'!$G$9:$EQ$105,MATCH(B13,'CFBG New Line Form'!$B$9:$B$105,0),MATCH(VLOOKUP($J$11,MAPPING!$H$3:$J$131,3,0),'CFBG New Line Form'!$G$7:$EQ$7,0)),"")) | K13: #N/A | L13: #N/A | M13: #N/A | N13: #N/A | O13: #N/A | P13: #N/A | Q13: #N/A | R13: =IF(IFERROR(INDEX('CFBG New Line Form'!$G$9:$EQ$105,MATCH(B13,'CFBG New Line Form'!$B$9:$B$105,0),MATCH(VLOOKUP($R$11,MAPPING!$H$3:$J$131,3,0),'CFBG New Line Form'!$G$7:$EQ$7,0)),"")=0,"",IFERROR(INDEX('CFBG New Line Form'!$G$9:$EQ$105,MATCH(B13,'CFBG New Line Form'!$B$9:$B$105,0),MATCH(VLOOKUP($R$11,MAPPING!$H$3:$J$131,3,0),'CFBG New Line Form'!$G$7:$EQ$7,0)),"")) | S13: =IF(IFERROR(INDEX('CFBG New Line Form'!$G$9:$EQ$105,MATCH(B13,'CFBG New Line Form'!$B$9:$B$105,0),MATCH(VLOOKUP($S$11,MAPPING!$H$3:$J$131,3,0),'CFBG New Line Form'!$G$7:$EQ$7,0)),"")=0,"",IFERROR(INDEX('CFBG New Line Form'!$G$9:$EQ$105,MATCH(B13,'CFBG New Line Form'!$B$9:$B$105,0),MATCH(VLOOKUP($S$11,MAPPING!$H$3:$J$131,3,0),'CFBG New Line Form'!$G$7:$EQ$7,0)),"")) | T13: #N/A | U13: #N/A | V13: #N/A | W13: #N/A | X13: #N/A | Y13: #N/A | Z13: #N/A | AA13: #N/A | AB13: #N/A | AC13: #N/A | AD13: #N/A | AE13: =IF(IFERROR(INDEX('CFBG New Line Form'!$G$9:$EQ$105,MATCH(B13,'CFBG New Line Form'!$B$9:$B$105,0),MATCH(VLOOKUP($AE$11,MAPPING!$H$3:$J$131,3,0),'CFBG New Line Form'!$G$7:$EQ$7,0)),"")=0,"",IFERROR(INDEX('CFBG New Line Form'!$G$9:$EQ$105,MATCH(B13,'CFBG New Line Form'!$B$9:$B$105,0),MATCH(VLOOKUP($AE$11,MAPPING!$H$3:$J$131,3,0),'CFBG New Line Form'!$G$7:$EQ$7,0)),"")) | AF13: #N/A | AG13: #N/A | AH13: =IF(IFERROR(INDEX('CFBG New Line Form'!$G$9:$EQ$105,MATCH(B13,'CFBG New Line Form'!$B$9:$B$105,0),MATCH(VLOOKUP($AH$11,MAPPING!$H$3:$J$131,3,0),'CFBG New Line Form'!$G$7:$EQ$7,0)),"")=0,"",IFERROR(INDEX('CFBG New Line Form'!$G$9:$EQ$105,MATCH(B13,'CFBG New Line Form'!$B$9:$B$105,0),MATCH(VLOOKUP($AH$11,MAPPING!$H$3:$J$131,3,0),'CFBG New Line Form'!$G$7:$EQ$7,0)),"")) | AI13: =IF(IFERROR(INDEX('CFBG New Line Form'!$G$9:$EQ$105,MATCH(B13,'CFBG New Line Form'!$B$9:$B$105,0),MATCH(VLOOKUP($AI$11,MAPPING!$H$3:$J$131,3,0),'CFBG New Line Form'!$G$7:$EQ$7,0)),"")=0,"",IFERROR(INDEX('CFBG New Line Form'!$G$9:$EQ$105,MATCH(B13,'CFBG New Line Form'!$B$9:$B$105,0),MATCH(VLOOKUP($AI$11,MAPPING!$H$3:$J$131,3,0),'CFBG New Line Form'!$G$7:$EQ$7,0)),"")) | AJ13: =IF(IFERROR(INDEX('CFBG New Line Form'!$G$9:$EQ$105,MATCH(B13,'CFBG New Line Form'!$B$9:$B$105,0),MATCH(VLOOKUP($AJ$11,MAPPING!$H$3:$J$131,3,0),'CFBG New Line Form'!$G$7:$EQ$7,0)),"")=0,"",IFERROR(INDEX('CFBG New Line Form'!$G$9:$EQ$105,MATCH(B13,'CFBG New Line Form'!$B$9:$B$105,0),MATCH(VLOOKUP($AJ$11,MAPPING!$H$3:$J$131,3,0),'CFBG New Line Form'!$G$7:$EQ$7,0)),"")) | AK13: =IF(IFERROR(INDEX('CFBG New Line Form'!$G$9:$EQ$105,MATCH(B13,'CFBG New Line Form'!$B$9:$B$105,0),MATCH(VLOOKUP($AK$11,MAPPING!$H$3:$J$131,3,0),'CFBG New Line Form'!$G$7:$EQ$7,0)),"")=0,"",IFERROR(INDEX('CFBG New Line Form'!$G$9:$EQ$105,MATCH(B13,'CFBG New Line Form'!$B$9:$B$105,0),MATCH(VLOOKUP($AK$11,MAPPING!$H$3:$J$131,3,0),'CFBG New Line Form'!$G$7:$EQ$7,0)),"")) | AL13: =IF(IFERROR(INDEX('CFBG New Line Form'!$G$9:$EQ$105,MATCH(B13,'CFBG New Line Form'!$B$9:$B$105,0),MATCH(VLOOKUP($AL$11,MAPPING!$H$3:$J$131,3,0),'CFBG New Line Form'!$G$7:$EQ$7,0)),"")=0,"",IFERROR(INDEX('CFBG New Line Form'!$G$9:$EQ$105,MATCH(B13,'CFBG New Line Form'!$B$9:$B$105,0),MATCH(VLOOKUP($AL$11,MAPPING!$H$3:$J$131,3,0),'CFBG New Line Form'!$G$7:$EQ$7,0)),"")) | AM13: =IF(IFERROR(INDEX('CFBG New Line Form'!$G$9:$EQ$105,MATCH(B13,'CFBG New Line Form'!$B$9:$B$105,0),MATCH(VLOOKUP($AM$11,MAPPING!$H$3:$J$131,3,0),'CFBG New Line Form'!$G$7:$EQ$7,0)),"")=0,"",IFERROR(INDEX('CFBG New Line Form'!$G$9:$EQ$105,MATCH(B13,'CFBG New Line Form'!$B$9:$B$105,0),MATCH(VLOOKUP($AM$11,MAPPING!$H$3:$J$131,3,0),'CFBG New Line Form'!$G$7:$EQ$7,0)),"")) | AN13: =IF(IFERROR(INDEX('CFBG New Line Form'!$G$9:$EQ$105,MATCH(B13,'CFBG New Line Form'!$B$9:$B$105,0),MATCH(VLOOKUP($AN$11,MAPPING!$H$3:$J$131,3,0),'CFBG New Line Form'!$G$7:$EQ$7,0)),"")=0,"",IFERROR(INDEX('CFBG New Line Form'!$G$9:$EQ$105,MATCH(B13,'CFBG New Line Form'!$B$9:$B$105,0),MATCH(VLOOKUP($AN$11,MAPPING!$H$3:$J$131,3,0),'CFBG New Line Form'!$G$7:$EQ$7,0)),"")) | AO13: =IF(IFERROR(INDEX('CFBG New Line Form'!$G$9:$EQ$105,MATCH(B13,'CFBG New Line Form'!$B$9:$B$105,0),MATCH(VLOOKUP($AO$11,MAPPING!$H$3:$J$131,3,0),'CFBG New Line Form'!$G$7:$EQ$7,0)),"")=0,"",IFERROR(INDEX('CFBG New Line Form'!$G$9:$EQ$105,MATCH(B13,'CFBG New Line Form'!$B$9:$B$105,0),MATCH(VLOOKUP($AO$11,MAPPING!$H$3:$J$131,3,0),'CFBG New Line Form'!$G$7:$EQ$7,0)),"")) | AP13: =IF(IFERROR(INDEX('CFBG New Line Form'!$G$9:$EQ$105,MATCH(B13,'CFBG New Line Form'!$B$9:$B$105,0),MATCH(VLOOKUP($AP$11,MAPPING!$H$3:$J$131,3,0),'CFBG New Line Form'!$G$7:$EQ$7,0)),"")=0,"",IFERROR(INDEX('CFBG New Line Form'!$G$9:$EQ$105,MATCH(B13,'CFBG New Line Form'!$B$9:$B$105,0),MATCH(VLOOKUP($AP$11,MAPPING!$H$3:$J$131,3,0),'CFBG New Line Form'!$G$7:$EQ$7,0)),"")) | AQ13: =IF(IFERROR(INDEX('CFBG New Line Form'!$G$9:$EQ$105,MATCH(B13,'CFBG New Line Form'!$B$9:$B$105,0),MATCH(VLOOKUP($AQ$11,MAPPING!$H$3:$J$131,3,0),'CFBG New Line Form'!$G$7:$EQ$7,0)),"")=0,"",IFERROR(INDEX('CFBG New Line Form'!$G$9:$EQ$105,MATCH(B13,'CFBG New Line Form'!$B$9:$B$105,0),MATCH(VLOOKUP($AQ$11,MAPPING!$H$3:$J$131,3,0),'CFBG New Line Form'!$G$7:$EQ$7,0)),"")) | AR13: =IF(IFERROR(INDEX('CFBG New Line Form'!$G$9:$EQ$105,MATCH(B13,'CFBG New Line Form'!$B$9:$B$105,0),MATCH(VLOOKUP($AR$11,MAPPING!$H$3:$J$131,3,0),'CFBG New Line Form'!$G$7:$EQ$7,0)),"")=0,"",IFERROR(INDEX('CFBG New Line Form'!$G$9:$EQ$105,MATCH(B13,'CFBG New Line Form'!$B$9:$B$105,0),MATCH(VLOOKUP($AR$11,MAPPING!$H$3:$J$131,3,0),'CFBG New Line Form'!$G$7:$EQ$7,0)),"")) | AS13: =IF(IFERROR(INDEX('CFBG New Line Form'!$G$9:$EQ$105,MATCH(B13,'CFBG New Line Form'!$B$9:$B$105,0),MATCH(VLOOKUP($AS$11,MAPPING!$H$3:$J$131,3,0),'CFBG New Line Form'!$G$7:$EQ$7,0)),"")=0,"",IFERROR(INDEX('CFBG New Line Form'!$G$9:$EQ$105,MATCH(B13,'CFBG New Line Form'!$B$9:$B$105,0),MATCH(VLOOKUP($AS$11,MAPPING!$H$3:$J$131,3,0),'CFBG New Line Form'!$G$7:$EQ$7,0)),"")) | AT13: =IF(IFERROR(INDEX('CFBG New Line Form'!$G$9:$EQ$105,MATCH(B13,'CFBG New Line Form'!$B$9:$B$105,0),MATCH(VLOOKUP($AT$11,MAPPING!$H$3:$J$131,3,0),'CFBG New Line Form'!$G$7:$EQ$7,0)),"")=0,"",IFERROR(INDEX('CFBG New Line Form'!$G$9:$EQ$105,MATCH(B13,'CFBG New Line Form'!$B$9:$B$105,0),MATCH(VLOOKUP($AT$11,MAPPING!$H$3:$J$131,3,0),'CFBG New Line Form'!$G$7:$EQ$7,0)),"")) | AU13: =IF(IFERROR(INDEX('CFBG New Line Form'!$G$9:$EQ$105,MATCH(B13,'CFBG New Line Form'!$B$9:$B$105,0),MATCH(VLOOKUP($AU$11,MAPPING!$H$3:$J$131,3,0),'CFBG New Line Form'!$G$7:$EQ$7,0)),"")=0,"",IFERROR(INDEX('CFBG New Line Form'!$G$9:$EQ$105,MATCH(B13,'CFBG New Line Form'!$B$9:$B$105,0),MATCH(VLOOKUP($AU$11,MAPPING!$H$3:$J$131,3,0),'CFBG New Line Form'!$G$7:$EQ$7,0)),"")) | AV13: =IF(IFERROR(INDEX('CFBG New Line Form'!$G$9:$EQ$105,MATCH(B13,'CFBG New Line Form'!$B$9:$B$105,0),MATCH(VLOOKUP($AV$11,MAPPING!$H$3:$J$131,3,0),'CFBG New Line Form'!$G$7:$EQ$7,0)),"")=0,"",IFERROR(INDEX('CFBG New Line Form'!$G$9:$EQ$105,MATCH(B13,'CFBG New Line Form'!$B$9:$B$105,0),MATCH(VLOOKUP($AV$11,MAPPING!$H$3:$J$131,3,0),'CFBG New Line Form'!$G$7:$EQ$7,0)),"")) | AW13: =IF(IFERROR(INDEX('CFBG New Line Form'!$G$9:$EQ$105,MATCH(B13,'CFBG New Line Form'!$B$9:$B$105,0),MATCH(VLOOKUP($AW$11,MAPPING!$H$3:$J$131,3,0),'CFBG New Line Form'!$G$7:$EQ$7,0)),"")=0,"",IFERROR(INDEX('CFBG New Line Form'!$G$9:$EQ$105,MATCH(B13,'CFBG New Line Form'!$B$9:$B$105,0),MATCH(VLOOKUP($AW$11,MAPPING!$H$3:$J$131,3,0),'CFBG New Line Form'!$G$7:$EQ$7,0)),"")) | AX13: =IF(IFERROR(INDEX('CFBG New Line Form'!$G$9:$EQ$105,MATCH(B13,'CFBG New Line Form'!$B$9:$B$105,0),MATCH(VLOOKUP($AX$11,MAPPING!$H$3:$J$131,3,0),'CFBG New Line Form'!$G$7:$EQ$7,0)),"")=0,"",IFERROR(INDEX('CFBG New Line Form'!$G$9:$EQ$105,MATCH(B13,'CFBG New Line Form'!$B$9:$B$105,0),MATCH(VLOOKUP($AX$11,MAPPING!$H$3:$J$131,3,0),'CFBG New Line Form'!$G$7:$EQ$7,0)),"")) | AY13: =IF(IFERROR(INDEX('CFBG New Line Form'!$G$9:$EQ$105,MATCH(B13,'CFBG New Line Form'!$B$9:$B$105,0),MATCH(VLOOKUP($AY$11,MAPPING!$H$3:$J$131,3,0),'CFBG New Line Form'!$G$7:$EQ$7,0)),"")=0,"",IFERROR(INDEX('CFBG New Line Form'!$G$9:$EQ$105,MATCH(B13,'CFBG New Line Form'!$B$9:$B$105,0),MATCH(VLOOKUP($AY$11,MAPPING!$H$3:$J$131,3,0),'CFBG New Line Form'!$G$7:$EQ$7,0)),"")) | AZ13: =IF(IFERROR(INDEX('CFBG New Line Form'!$G$9:$EQ$105,MATCH(B13,'CFBG New Line Form'!$B$9:$B$105,0),MATCH(VLOOKUP($AZ$11,MAPPING!$H$3:$J$131,3,0),'CFBG New Line Form'!$G$7:$EQ$7,0)),"")=0,"",IFERROR(INDEX('CFBG New Line Form'!$G$9:$EQ$105,MATCH(B13,'CFBG New Line Form'!$B$9:$B$105,0),MATCH(VLOOKUP($AZ$11,MAPPING!$H$3:$J$131,3,0),'CFBG New Line Form'!$G$7:$EQ$7,0)),"")) | BA13: =IF(IFERROR(INDEX('CFBG New Line Form'!$G$9:$EQ$105,MATCH(B13,'CFBG New Line Form'!$B$9:$B$105,0),MATCH(VLOOKUP($BA$11,MAPPING!$H$3:$J$131,3,0),'CFBG New Line Form'!$G$7:$EQ$7,0)),"")=0,"",IFERROR(INDEX('CFBG New Line Form'!$G$9:$EQ$105,MATCH(B13,'CFBG New Line Form'!$B$9:$B$105,0),MATCH(VLOOKUP($BA$11,MAPPING!$H$3:$J$131,3,0),'CFBG New Line Form'!$G$7:$EQ$7,0)),"")) | BB13: =IF(IFERROR(INDEX('CFBG New Line Form'!$G$9:$EQ$105,MATCH(B13,'CFBG New Line Form'!$B$9:$B$105,0),MATCH(VLOOKUP($BB$11,MAPPING!$H$3:$J$131,3,0),'CFBG New Line Form'!$G$7:$EQ$7,0)),"")=0,"",IFERROR(INDEX('CFBG New Line Form'!$G$9:$EQ$105,MATCH(B13,'CFBG New Line Form'!$B$9:$B$105,0),MATCH(VLOOKUP($BB$11,MAPPING!$H$3:$J$131,3,0),'CFBG New Line Form'!$G$7:$EQ$7,0)),"")) | BC13: =IF(IFERROR(INDEX('CFBG New Line Form'!$G$9:$EQ$105,MATCH(B13,'CFBG New Line Form'!$B$9:$B$105,0),MATCH(VLOOKUP($BC$11,MAPPING!$H$3:$J$131,3,0),'CFBG New Line Form'!$G$7:$EQ$7,0)),"")=0,"",IFERROR(INDEX('CFBG New Line Form'!$G$9:$EQ$105,MATCH(B13,'CFBG New Line Form'!$B$9:$B$105,0),MATCH(VLOOKUP($BC$11,MAPPING!$H$3:$J$131,3,0),'CFBG New Line Form'!$G$7:$EQ$7,0)),"")) | BD13: =IF(IFERROR(INDEX('CFBG New Line Form'!$G$9:$EQ$105,MATCH(B13,'CFBG New Line Form'!$B$9:$B$105,0),MATCH(VLOOKUP($BD$11,MAPPING!$H$3:$J$131,3,0),'CFBG New Line Form'!$G$7:$EQ$7,0)),"")=0,"",IFERROR(INDEX('CFBG New Line Form'!$G$9:$EQ$105,MATCH(B13,'CFBG New Line Form'!$B$9:$B$105,0),MATCH(VLOOKUP($BD$11,MAPPING!$H$3:$J$131,3,0),'CFBG New Line Form'!$G$7:$EQ$7,0)),"")) | BE13: =IF(IFERROR(INDEX('CFBG New Line Form'!$G$9:$EQ$105,MATCH(B13,'CFBG New Line Form'!$B$9:$B$105,0),MATCH(VLOOKUP($BE$11,MAPPING!$H$3:$J$131,3,0),'CFBG New Line Form'!$G$7:$EQ$7,0)),"")=0,"",IFERROR(INDEX('CFBG New Line Form'!$G$9:$EQ$105,MATCH(B13,'CFBG New Line Form'!$B$9:$B$105,0),MATCH(VLOOKUP($BE$11,MAPPING!$H$3:$J$131,3,0),'CFBG New Line Form'!$G$7:$EQ$7,0)),"")) | BF13: =IF(IFERROR(INDEX('CFBG New Line Form'!$G$9:$EQ$105,MATCH(B13,'CFBG New Line Form'!$B$9:$B$105,0),MATCH(VLOOKUP($BE$11,MAPPING!$H$3:$J$131,3,0),'CFBG New Line Form'!$G$7:$EQ$7,0)),"")=0,"",IFERROR(INDEX('CFBG New Line Form'!$G$9:$EQ$105,MATCH(B13,'CFBG New Line Form'!$B$9:$B$105,0),MATCH(VLOOKUP($BE$11,MAPPING!$H$3:$J$131,3,0),'CFBG New Line Form'!$G$7:$EQ$7,0)),"")) | BG13: =IF(IFERROR(INDEX('CFBG New Line Form'!$G$9:$EQ$105,MATCH(B13,'CFBG New Line Form'!$B$9:$B$105,0),MATCH(VLOOKUP($BG$11,MAPPING!$H$3:$J$131,3,0),'CFBG New Line Form'!$G$7:$EQ$7,0)),"")=0,"",IFERROR(INDEX('CFBG New Line Form'!$G$9:$EQ$105,MATCH(B13,'CFBG New Line Form'!$B$9:$B$105,0),MATCH(VLOOKUP($BG$11,MAPPING!$H$3:$J$131,3,0),'CFBG New Line Form'!$G$7:$EQ$7,0)),"")) | BH13: =IF(IFERROR(INDEX('CFBG New Line Form'!$G$9:$EQ$105,MATCH(B13,'CFBG New Line Form'!$B$9:$B$105,0),MATCH(VLOOKUP($BH$11,MAPPING!$H$3:$J$131,3,0),'CFBG New Line Form'!$G$7:$EQ$7,0)),"")=0,"",IFERROR(INDEX('CFBG New Line Form'!$G$9:$EQ$105,MATCH(B13,'CFBG New Line Form'!$B$9:$B$105,0),MATCH(VLOOKUP($BH$11,MAPPING!$H$3:$J$131,3,0),'CFBG New Line Form'!$G$7:$EQ$7,0)),"")) | BI13: =IF(IFERROR(INDEX('CFBG New Line Form'!$G$9:$EQ$105,MATCH(B13,'CFBG New Line Form'!$B$9:$B$105,0),MATCH(VLOOKUP($BI$11,MAPPING!$H$3:$J$131,3,0),'CFBG New Line Form'!$G$7:$EQ$7,0)),"")=0,"",IFERROR(INDEX('CFBG New Line Form'!$G$9:$EQ$105,MATCH(B13,'CFBG New Line Form'!$B$9:$B$105,0),MATCH(VLOOKUP($BI$11,MAPPING!$H$3:$J$131,3,0),'CFBG New Line Form'!$G$7:$EQ$7,0)),"")) | BJ13: =IF(IFERROR(INDEX('CFBG New Line Form'!$G$9:$EQ$105,MATCH(B13,'CFBG New Line Form'!$B$9:$B$105,0),MATCH(VLOOKUP($BJ$11,MAPPING!$H$3:$J$131,3,0),'CFBG New Line Form'!$G$7:$EQ$7,0)),"")=0,"",IFERROR(INDEX('CFBG New Line Form'!$G$9:$EQ$105,MATCH(B13,'CFBG New Line Form'!$B$9:$B$105,0),MATCH(VLOOKUP($BJ$11,MAPPING!$H$3:$J$131,3,0),'CFBG New Line Form'!$G$7:$EQ$7,0)),"")) | BK13: =IF(IFERROR(INDEX('CFBG New Line Form'!$G$9:$EQ$105,MATCH(B13,'CFBG New Line Form'!$B$9:$B$105,0),MATCH(VLOOKUP($BK$11,MAPPING!$H$3:$J$131,3,0),'CFBG New Line Form'!$G$7:$EQ$7,0)),"")=0,"",IFERROR(INDEX('CFBG New Line Form'!$G$9:$EQ$105,MATCH(B13,'CFBG New Line Form'!$B$9:$B$105,0),MATCH(VLOOKUP($BK$11,MAPPING!$H$3:$J$131,3,0),'CFBG New Line Form'!$G$7:$EQ$7,0)),"")) | BL13: =IF(IFERROR(INDEX('CFBG New Line Form'!$G$9:$EQ$105,MATCH(B13,'CFBG New Line Form'!$B$9:$B$105,0),MATCH(VLOOKUP($BL$11,MAPPING!$H$3:$J$131,3,0),'CFBG New Line Form'!$G$7:$EQ$7,0)),"")=0,"",IFERROR(INDEX('CFBG New Line Form'!$G$9:$EQ$105,MATCH(B13,'CFBG New Line Form'!$B$9:$B$105,0),MATCH(VLOOKUP($BL$11,MAPPING!$H$3:$J$131,3,0),'CFBG New Line Form'!$G$7:$EQ$7,0)),"")) | BM13: =IF(IFERROR(INDEX('CFBG New Line Form'!$G$9:$EQ$105,MATCH(B13,'CFBG New Line Form'!$B$9:$B$105,0),MATCH(VLOOKUP($BM$11,MAPPING!$H$3:$J$131,3,0),'CFBG New Line Form'!$G$7:$EQ$7,0)),"")=0,"",IFERROR(INDEX('CFBG New Line Form'!$G$9:$EQ$105,MATCH(B13,'CFBG New Line Form'!$B$9:$B$105,0),MATCH(VLOOKUP($BM$11,MAPPING!$H$3:$J$131,3,0),'CFBG New Line Form'!$G$7:$EQ$7,0)),"")) | BN13: =IF(IFERROR(INDEX('CFBG New Line Form'!$G$9:$EQ$105,MATCH(B13,'CFBG New Line Form'!$B$9:$B$105,0),MATCH(VLOOKUP($BN$11,MAPPING!$H$3:$J$131,3,0),'CFBG New Line Form'!$G$7:$EQ$7,0)),"")=0,"",IFERROR(INDEX('CFBG New Line Form'!$G$9:$EQ$105,MATCH(B13,'CFBG New Line Form'!$B$9:$B$105,0),MATCH(VLOOKUP($BN$11,MAPPING!$H$3:$J$131,3,0),'CFBG New Line Form'!$G$7:$EQ$7,0)),"")) | BO13: =IF(IFERROR(INDEX('CFBG New Line Form'!$G$9:$EQ$105,MATCH(B13,'CFBG New Line Form'!$B$9:$B$105,0),MATCH(VLOOKUP($BO$11,MAPPING!$H$3:$J$131,3,0),'CFBG New Line Form'!$G$7:$EQ$7,0)),"")=0,"",IFERROR(INDEX('CFBG New Line Form'!$G$9:$EQ$105,MATCH(B13,'CFBG New Line Form'!$B$9:$B$105,0),MATCH(VLOOKUP($BO$11,MAPPING!$H$3:$J$131,3,0),'CFBG New Line Form'!$G$7:$EQ$7,0)),"")) | BP13: =IF(IFERROR(INDEX('CFBG New Line Form'!$G$9:$EQ$105,MATCH(B13,'CFBG New Line Form'!$B$9:$B$105,0),MATCH(VLOOKUP($BP$11,MAPPING!$H$3:$J$131,3,0),'CFBG New Line Form'!$G$7:$EQ$7,0)),"")=0,"",IFERROR(INDEX('CFBG New Line Form'!$G$9:$EQ$105,MATCH(B13,'CFBG New Line Form'!$B$9:$B$105,0),MATCH(VLOOKUP($BP$11,MAPPING!$H$3:$J$131,3,0),'CFBG New Line Form'!$G$7:$EQ$7,0)),"")) | BQ13: =IF(IFERROR(INDEX('CFBG New Line Form'!$G$9:$EQ$105,MATCH(B13,'CFBG New Line Form'!$B$9:$B$105,0),MATCH(VLOOKUP($BQ$11,MAPPING!$H$3:$J$131,3,0),'CFBG New Line Form'!$G$7:$EQ$7,0)),"")=0,"",IFERROR(INDEX('CFBG New Line Form'!$G$9:$EQ$105,MATCH(B13,'CFBG New Line Form'!$B$9:$B$105,0),MATCH(VLOOKUP($BQ$11,MAPPING!$H$3:$J$131,3,0),'CFBG New Line Form'!$G$7:$EQ$7,0)),"")) | BR13: =IF(IFERROR(INDEX('CFBG New Line Form'!$G$9:$EQ$105,MATCH(B13,'CFBG New Line Form'!$B$9:$B$105,0),MATCH(VLOOKUP($BR$11,MAPPING!$H$3:$J$131,3,0),'CFBG New Line Form'!$G$7:$EQ$7,0)),"")=0,"",IFERROR(INDEX('CFBG New Line Form'!$G$9:$EQ$105,MATCH(B13,'CFBG New Line Form'!$B$9:$B$105,0),MATCH(VLOOKUP($BR$11,MAPPING!$H$3:$J$131,3,0),'CFBG New Line Form'!$G$7:$EQ$7,0)),"")) | BS13: =IF(IFERROR(INDEX('CFBG New Line Form'!$G$9:$EQ$105,MATCH(B13,'CFBG New Line Form'!$B$9:$B$105,0),MATCH(VLOOKUP($BS$11,MAPPING!$H$3:$J$131,3,0),'CFBG New Line Form'!$G$7:$EQ$7,0)),"")=0,"",IFERROR(INDEX('CFBG New Line Form'!$G$9:$EQ$105,MATCH(B13,'CFBG New Line Form'!$B$9:$B$105,0),MATCH(VLOOKUP($BS$11,MAPPING!$H$3:$J$131,3,0),'CFBG New Line Form'!$G$7:$EQ$7,0)),"")) | BT13: =IF(IFERROR(INDEX('CFBG New Line Form'!$G$9:$EQ$105,MATCH(B13,'CFBG New Line Form'!$B$9:$B$105,0),MATCH(VLOOKUP($BT$11,MAPPING!$H$3:$J$131,3,0),'CFBG New Line Form'!$G$7:$EQ$7,0)),"")=0,"",IFERROR(INDEX('CFBG New Line Form'!$G$9:$EQ$105,MATCH(B13,'CFBG New Line Form'!$B$9:$B$105,0),MATCH(VLOOKUP($BT$11,MAPPING!$H$3:$J$131,3,0),'CFBG New Line Form'!$G$7:$EQ$7,0)),"")) | BU13: =IF(IFERROR(INDEX('CFBG New Line Form'!$G$9:$EQ$105,MATCH(B13,'CFBG New Line Form'!$B$9:$B$105,0),MATCH(VLOOKUP($BU$11,MAPPING!$H$3:$J$131,3,0),'CFBG New Line Form'!$G$7:$EQ$7,0)),"")=0,"",IFERROR(INDEX('CFBG New Line Form'!$G$9:$EQ$105,MATCH(B13,'CFBG New Line Form'!$B$9:$B$105,0),MATCH(VLOOKUP($BU$11,MAPPING!$H$3:$J$131,3,0),'CFBG New Line Form'!$G$7:$EQ$7,0)),"")) | BV13: =IF(IFERROR(INDEX('CFBG New Line Form'!$G$9:$EQ$105,MATCH(B13,'CFBG New Line Form'!$B$9:$B$105,0),MATCH(VLOOKUP($BV$11,MAPPING!$H$3:$J$131,3,0),'CFBG New Line Form'!$G$7:$EQ$7,0)),"")=0,"",IFERROR(INDEX('CFBG New Line Form'!$G$9:$EQ$105,MATCH(B13,'CFBG New Line Form'!$B$9:$B$105,0),MATCH(VLOOKUP($BV$11,MAPPING!$H$3:$J$131,3,0),'CFBG New Line Form'!$G$7:$EQ$7,0)),"")) | BW13: =IF(IFERROR(INDEX('CFBG New Line Form'!$G$9:$EQ$105,MATCH(B13,'CFBG New Line Form'!$B$9:$B$105,0),MATCH(VLOOKUP($BW$11,MAPPING!$H$3:$J$131,3,0),'CFBG New Line Form'!$G$7:$EQ$7,0)),"")=0,"",IFERROR(INDEX('CFBG New Line Form'!$G$9:$EQ$105,MATCH(B13,'CFBG New Line Form'!$B$9:$B$105,0),MATCH(VLOOKUP($BW$11,MAPPING!$H$3:$J$131,3,0),'CFBG New Line Form'!$G$7:$EQ$7,0)),"")) | BX13: =IF(IFERROR(INDEX('CFBG New Line Form'!$G$9:$EQ$105,MATCH(B13,'CFBG New Line Form'!$B$9:$B$105,0),MATCH(VLOOKUP($BX$11,MAPPING!$H$3:$J$131,3,0),'CFBG New Line Form'!$G$7:$EQ$7,0)),"")=0,"",IFERROR(INDEX('CFBG New Line Form'!$G$9:$EQ$105,MATCH(B13,'CFBG New Line Form'!$B$9:$B$105,0),MATCH(VLOOKUP($BX$11,MAPPING!$H$3:$J$131,3,0),'CFBG New Line Form'!$G$7:$EQ$7,0)),"")) | BY13: =IF(IFERROR(INDEX('CFBG New Line Form'!$G$9:$EQ$105,MATCH(B13,'CFBG New Line Form'!$B$9:$B$105,0),MATCH(VLOOKUP($BY$11,MAPPING!$H$3:$J$131,3,0),'CFBG New Line Form'!$G$7:$EQ$7,0)),"")=0,"",IFERROR(INDEX('CFBG New Line Form'!$G$9:$EQ$105,MATCH(B13,'CFBG New Line Form'!$B$9:$B$105,0),MATCH(VLOOKUP($BY$11,MAPPING!$H$3:$J$131,3,0),'CFBG New Line Form'!$G$7:$EQ$7,0)),"")) | BZ13: =IF(IFERROR(INDEX('CFBG New Line Form'!$G$9:$EQ$105,MATCH(B13,'CFBG New Line Form'!$B$9:$B$105,0),MATCH(VLOOKUP($BZ$11,MAPPING!$H$3:$J$131,3,0),'CFBG New Line Form'!$G$7:$EQ$7,0)),"")=0,"",IFERROR(INDEX('CFBG New Line Form'!$G$9:$EQ$105,MATCH(B13,'CFBG New Line Form'!$B$9:$B$105,0),MATCH(VLOOKUP($BZ$11,MAPPING!$H$3:$J$131,3,0),'CFBG New Line Form'!$G$7:$EQ$7,0)),"")) | CA13: =IF(IFERROR(INDEX('CFBG New Line Form'!$G$9:$EQ$105,MATCH(B13,'CFBG New Line Form'!$B$9:$B$105,0),MATCH(VLOOKUP($CA$11,MAPPING!$H$3:$J$131,3,0),'CFBG New Line Form'!$G$7:$EQ$7,0)),"")=0,"",IFERROR(INDEX('CFBG New Line Form'!$G$9:$EQ$105,MATCH(B13,'CFBG New Line Form'!$B$9:$B$105,0),MATCH(VLOOKUP($CA$11,MAPPING!$H$3:$J$131,3,0),'CFBG New Line Form'!$G$7:$EQ$7,0)),"")) | CB13: =IF(IFERROR(INDEX('CFBG New Line Form'!$G$9:$EQ$105,MATCH(B13,'CFBG New Line Form'!$B$9:$B$105,0),MATCH(VLOOKUP($CB$11,MAPPING!$H$3:$J$131,3,0),'CFBG New Line Form'!$G$7:$EQ$7,0)),"")=0,"",IFERROR(INDEX('CFBG New Line Form'!$G$9:$EQ$105,MATCH(B13,'CFBG New Line Form'!$B$9:$B$105,0),MATCH(VLOOKUP($CB$11,MAPPING!$H$3:$J$131,3,0),'CFBG New Line Form'!$G$7:$EQ$7,0)),"")) | CC13: =IF(IFERROR(INDEX('CFBG New Line Form'!$G$9:$EQ$105,MATCH(B13,'CFBG New Line Form'!$B$9:$B$105,0),MATCH(VLOOKUP($CC$11,MAPPING!$H$3:$J$131,3,0),'CFBG New Line Form'!$G$7:$EQ$7,0)),"")=0,"",IFERROR(INDEX('CFBG New Line Form'!$G$9:$EQ$105,MATCH(B13,'CFBG New Line Form'!$B$9:$B$105,0),MATCH(VLOOKUP($CC$11,MAPPING!$H$3:$J$131,3,0),'CFBG New Line Form'!$G$7:$EQ$7,0)),"")) | CD13: =IF(IFERROR(INDEX('CFBG New Line Form'!$G$9:$EQ$105,MATCH(B13,'CFBG New Line Form'!$B$9:$B$105,0),MATCH(VLOOKUP($CD$11,MAPPING!$H$3:$J$131,3,0),'CFBG New Line Form'!$G$7:$EQ$7,0)),"")=0,"",IFERROR(INDEX('CFBG New Line Form'!$G$9:$EQ$105,MATCH(B13,'CFBG New Line Form'!$B$9:$B$105,0),MATCH(VLOOKUP($CD$11,MAPPING!$H$3:$J$131,3,0),'CFBG New Line Form'!$G$7:$EQ$7,0)),"")) | CE13: =IF(IFERROR(INDEX('CFBG New Line Form'!$G$9:$EQ$105,MATCH(B13,'CFBG New Line Form'!$B$9:$B$105,0),MATCH(VLOOKUP($CE$11,MAPPING!$H$3:$J$131,3,0),'CFBG New Line Form'!$G$7:$EQ$7,0)),"")=0,"",IFERROR(INDEX('CFBG New Line Form'!$G$9:$EQ$105,MATCH(B13,'CFBG New Line Form'!$B$9:$B$105,0),MATCH(VLOOKUP($CE$11,MAPPING!$H$3:$J$131,3,0),'CFBG New Line Form'!$G$7:$EQ$7,0)),"")) | CF13: =IF(IFERROR(INDEX('CFBG New Line Form'!$G$9:$EQ$105,MATCH(B13,'CFBG New Line Form'!$B$9:$B$105,0),MATCH(VLOOKUP($CF$11,MAPPING!$H$3:$J$131,3,0),'CFBG New Line Form'!$G$7:$EQ$7,0)),"")=0,"",IFERROR(INDEX('CFBG New Line Form'!$G$9:$EQ$105,MATCH(B13,'CFBG New Line Form'!$B$9:$B$105,0),MATCH(VLOOKUP($CF$11,MAPPING!$H$3:$J$131,3,0),'CFBG New Line Form'!$G$7:$EQ$7,0)),"")) | CG13: =IF(IFERROR(INDEX('CFBG New Line Form'!$G$9:$EQ$105,MATCH(B13,'CFBG New Line Form'!$B$9:$B$105,0),MATCH(VLOOKUP($CG$11,MAPPING!$H$3:$J$131,3,0),'CFBG New Line Form'!$G$7:$EQ$7,0)),"")=0,"",IFERROR(INDEX('CFBG New Line Form'!$G$9:$EQ$105,MATCH(B13,'CFBG New Line Form'!$B$9:$B$105,0),MATCH(VLOOKUP($CG$11,MAPPING!$H$3:$J$131,3,0),'CFBG New Line Form'!$G$7:$EQ$7,0)),"")) | CH13: =IF(IFERROR(INDEX('CFBG New Line Form'!$G$9:$EQ$105,MATCH(B13,'CFBG New Line Form'!$B$9:$B$105,0),MATCH(VLOOKUP($CH$11,MAPPING!$H$3:$J$131,3,0),'CFBG New Line Form'!$G$7:$EQ$7,0)),"")=0,"",IFERROR(INDEX('CFBG New Line Form'!$G$9:$EQ$105,MATCH(B13,'CFBG New Line Form'!$B$9:$B$105,0),MATCH(VLOOKUP($CH$11,MAPPING!$H$3:$J$131,3,0),'CFBG New Line Form'!$G$7:$EQ$7,0)),"")) | CI13: =IF(IFERROR(INDEX('CFBG New Line Form'!$G$9:$EQ$105,MATCH(B13,'CFBG New Line Form'!$B$9:$B$105,0),MATCH(VLOOKUP($CI$11,MAPPING!$H$3:$J$131,3,0),'CFBG New Line Form'!$G$7:$EQ$7,0)),"")=0,"",IFERROR(INDEX('CFBG New Line Form'!$G$9:$EQ$105,MATCH(B13,'CFBG New Line Form'!$B$9:$B$105,0),MATCH(VLOOKUP($CI$11,MAPPING!$H$3:$J$131,3,0),'CFBG New Line Form'!$G$7:$EQ$7,0)),"")) | CJ13: =IF(IFERROR(INDEX('CFBG New Line Form'!$G$9:$EQ$105,MATCH(B13,'CFBG New Line Form'!$B$9:$B$105,0),MATCH(VLOOKUP($CJ$11,MAPPING!$H$3:$J$131,3,0),'CFBG New Line Form'!$G$7:$EQ$7,0)),"")=0,"",IFERROR(INDEX('CFBG New Line Form'!$G$9:$EQ$105,MATCH(B13,'CFBG New Line Form'!$B$9:$B$105,0),MATCH(VLOOKUP($CJ$11,MAPPING!$H$3:$J$131,3,0),'CFBG New Line Form'!$G$7:$EQ$7,0)),"")) | CK13: =IF(IFERROR(INDEX('CFBG New Line Form'!$G$9:$EQ$105,MATCH(B13,'CFBG New Line Form'!$B$9:$B$105,0),MATCH(VLOOKUP($CK$11,MAPPING!$H$3:$J$131,3,0),'CFBG New Line Form'!$G$7:$EQ$7,0)),"")=0,"",IFERROR(INDEX('CFBG New Line Form'!$G$9:$EQ$105,MATCH(B13,'CFBG New Line Form'!$B$9:$B$105,0),MATCH(VLOOKUP($CK$11,MAPPING!$H$3:$J$131,3,0),'CFBG New Line Form'!$G$7:$EQ$7,0)),"")) | CL13: =IF(IFERROR(INDEX('CFBG New Line Form'!$G$9:$EQ$105,MATCH(B13,'CFBG New Line Form'!$B$9:$B$105,0),MATCH(VLOOKUP($CL$11,MAPPING!$H$3:$J$131,3,0),'CFBG New Line Form'!$G$7:$EQ$7,0)),"")=0,"",IFERROR(INDEX('CFBG New Line Form'!$G$9:$EQ$105,MATCH(B13,'CFBG New Line Form'!$B$9:$B$105,0),MATCH(VLOOKUP($CL$11,MAPPING!$H$3:$J$131,3,0),'CFBG New Line Form'!$G$7:$EQ$7,0)),"")) | CM13: =IF(IFERROR(INDEX('CFBG New Line Form'!$G$9:$EQ$105,MATCH(B13,'CFBG New Line Form'!$B$9:$B$105,0),MATCH(VLOOKUP($CM$11,MAPPING!$H$3:$J$131,3,0),'CFBG New Line Form'!$G$7:$EQ$7,0)),"")=0,"",IFERROR(INDEX('CFBG New Line Form'!$G$9:$EQ$105,MATCH(B13,'CFBG New Line Form'!$B$9:$B$105,0),MATCH(VLOOKUP($CM$11,MAPPING!$H$3:$J$131,3,0),'CFBG New Line Form'!$G$7:$EQ$7,0)),"")) | CN13: =IF(IFERROR(INDEX('CFBG New Line Form'!$G$9:$EQ$105,MATCH(B13,'CFBG New Line Form'!$B$9:$B$105,0),MATCH(VLOOKUP($CN$11,MAPPING!$H$3:$J$131,3,0),'CFBG New Line Form'!$G$7:$EQ$7,0)),"")=0,"",IFERROR(INDEX('CFBG New Line Form'!$G$9:$EQ$105,MATCH(B13,'CFBG New Line Form'!$B$9:$B$105,0),MATCH(VLOOKUP($CN$11,MAPPING!$H$3:$J$131,3,0),'CFBG New Line Form'!$G$7:$EQ$7,0)),"")) | CO13: =IF(IFERROR(INDEX('CFBG New Line Form'!$G$9:$EQ$105,MATCH(B13,'CFBG New Line Form'!$B$9:$B$105,0),MATCH(VLOOKUP($CO$11,MAPPING!$H$3:$J$131,3,0),'CFBG New Line Form'!$G$7:$EQ$7,0)),"")=0,"",IFERROR(INDEX('CFBG New Line Form'!$G$9:$EQ$105,MATCH(B13,'CFBG New Line Form'!$B$9:$B$105,0),MATCH(VLOOKUP($CO$11,MAPPING!$H$3:$J$131,3,0),'CFBG New Line Form'!$G$7:$EQ$7,0)),"")) | CP13: =IF(IFERROR(INDEX('CFBG New Line Form'!$G$9:$EQ$105,MATCH(B13,'CFBG New Line Form'!$B$9:$B$105,0),MATCH(VLOOKUP($CP$11,MAPPING!$H$3:$J$131,3,0),'CFBG New Line Form'!$G$7:$EQ$7,0)),"")=0,"",IFERROR(INDEX('CFBG New Line Form'!$G$9:$EQ$105,MATCH(B13,'CFBG New Line Form'!$B$9:$B$105,0),MATCH(VLOOKUP($CP$11,MAPPING!$H$3:$J$131,3,0),'CFBG New Line Form'!$G$7:$EQ$7,0)),"")) | CQ13: =IF(IFERROR(INDEX('CFBG New Line Form'!$G$9:$EQ$105,MATCH(B13,'CFBG New Line Form'!$B$9:$B$105,0),MATCH(VLOOKUP($CQ$11,MAPPING!$H$3:$J$131,3,0),'CFBG New Line Form'!$G$7:$EQ$7,0)),"")=0,"",IFERROR(INDEX('CFBG New Line Form'!$G$9:$EQ$105,MATCH(B13,'CFBG New Line Form'!$B$9:$B$105,0),MATCH(VLOOKUP($CQ$11,MAPPING!$H$3:$J$131,3,0),'CFBG New Line Form'!$G$7:$EQ$7,0)),""))
A14: =IF( IFERROR(INDEX('CFBG New Line Form'!$G$9:$EQ$105,MATCH(B14,'CFBG New Line Form'!$B$9:$B$105,0),MATCH(VLOOKUP($A$11,MAPPING!$H$3:$J$131,3,0),'CFBG New Line Form'!$G$7:$EQ$7,0)),"")=0,"", IFERROR(INDEX('CFBG New Line Form'!$G$9:$EQ$105,MATCH(B14,'CFBG New Line Form'!$B$9:$B$105,0),MATCH(VLOOKUP($A$11,MAPPING!$H$3:$J$131,3,0),'CFBG New Line Form'!$G$7:$EQ$7,0)),"")) | C14: =IF( IFERROR(INDEX('CFBG New Line Form'!$G$9:$EQ$105,MATCH(B14,'CFBG New Line Form'!$B$9:$B$105,0),MATCH(VLOOKUP($C$11,MAPPING!$H$3:$J$131,3,0),'CFBG New Line Form'!$G$7:$EQ$7,0)),"")=0,"", IFERROR(INDEX('CFBG New Line Form'!$G$9:$EQ$105,MATCH(B14,'CFBG New Line Form'!$B$9:$B$105,0),MATCH(VLOOKUP($C$11,MAPPING!$H$3:$J$131,3,0),'CFBG New Line Form'!$G$7:$EQ$7,0)),"")) | D14: =IF( IFERROR(INDEX('CFBG New Line Form'!$G$9:$EQ$105,MATCH(B14,'CFBG New Line Form'!$B$9:$B$105,0),MATCH(VLOOKUP($D$11,MAPPING!$H$3:$J$131,3,0),'CFBG New Line Form'!$G$7:$EQ$7,0)),"")=0,"", IFERROR(INDEX('CFBG New Line Form'!$G$9:$EQ$105,MATCH(B14,'CFBG New Line Form'!$B$9:$B$105,0),MATCH(VLOOKUP($D$11,MAPPING!$H$3:$J$131,3,0),'CFBG New Line Form'!$G$7:$EQ$7,0)),"")) | E14: =IF(IFERROR(INDEX('CFBG New Line Form'!$G$9:$EQ$105,MATCH(B14,'CFBG New Line Form'!$B$9:$B$105,0),MATCH(VLOOKUP($E$11,MAPPING!$H$3:$J$131,3,0),'CFBG New Line Form'!$G$7:$EQ$7,0)),"")=0,"",IFERROR(INDEX('CFBG New Line Form'!$G$9:$EQ$105,MATCH(B14,'CFBG New Line Form'!$B$9:$B$105,0),MATCH(VLOOKUP($E$11,MAPPING!$H$3:$J$131,3,0),'CFBG New Line Form'!$G$7:$EQ$7,0)),"")) | F14: =IF(IFERROR(INDEX('CFBG New Line Form'!$G$9:$EQ$105,MATCH(B14,'CFBG New Line Form'!$B$9:$B$105,0),MATCH(VLOOKUP($F$11,MAPPING!$H$3:$J$131,3,0),'CFBG New Line Form'!$G$7:$EQ$7,0)),"")=0,"",IFERROR(INDEX('CFBG New Line Form'!$G$9:$EQ$105,MATCH(B14,'CFBG New Line Form'!$B$9:$B$105,0),MATCH(VLOOKUP($F$11,MAPPING!$H$3:$J$131,3,0),'CFBG New Line Form'!$G$7:$EQ$7,0)),"")) | G14: =IF(IFERROR(INDEX('CFBG New Line Form'!$G$9:$EQ$105,MATCH(B14,'CFBG New Line Form'!$B$9:$B$105,0),MATCH(VLOOKUP($G$11,MAPPING!$H$3:$J$131,3,0),'CFBG New Line Form'!$G$7:$EQ$7,0)),"")=0,"",IFERROR(INDEX('CFBG New Line Form'!$G$9:$EQ$105,MATCH(B14,'CFBG New Line Form'!$B$9:$B$105,0),MATCH(VLOOKUP($G$11,MAPPING!$H$3:$J$131,3,0),'CFBG New Line Form'!$G$7:$EQ$7,0)),"")) | H14: =IF(IFERROR(INDEX('CFBG New Line Form'!$G$9:$EQ$105,MATCH(B14,'CFBG New Line Form'!$B$9:$B$105,0),MATCH(VLOOKUP($H$11,MAPPING!$H$3:$J$131,3,0),'CFBG New Line Form'!$G$7:$EQ$7,0)),"")=0,"",IFERROR(INDEX('CFBG New Line Form'!$G$9:$EQ$105,MATCH(B14,'CFBG New Line Form'!$B$9:$B$105,0),MATCH(VLOOKUP($H$11,MAPPING!$H$3:$J$131,3,0),'CFBG New Line Form'!$G$7:$EQ$7,0)),"")) | I14: =IF(IFERROR(INDEX('CFBG New Line Form'!$G$9:$EQ$105,MATCH(B14,'CFBG New Line Form'!$B$9:$B$105,0),MATCH(VLOOKUP($I$11,MAPPING!$H$3:$J$131,3,0),'CFBG New Line Form'!$G$7:$EQ$7,0)),"")=0,"",IFERROR(INDEX('CFBG New Line Form'!$G$9:$EQ$105,MATCH(B14,'CFBG New Line Form'!$B$9:$B$105,0),MATCH(VLOOKUP($I$11,MAPPING!$H$3:$J$131,3,0),'CFBG New Line Form'!$G$7:$EQ$7,0)),"")) | J14: =IF(IFERROR(INDEX('CFBG New Line Form'!$G$9:$EQ$105,MATCH(B14,'CFBG New Line Form'!$B$9:$B$105,0),MATCH(VLOOKUP($J$11,MAPPING!$H$3:$J$131,3,0),'CFBG New Line Form'!$G$7:$EQ$7,0)),"")=0,"",IFERROR(INDEX('CFBG New Line Form'!$G$9:$EQ$105,MATCH(B14,'CFBG New Line Form'!$B$9:$B$105,0),MATCH(VLOOKUP($J$11,MAPPING!$H$3:$J$131,3,0),'CFBG New Line Form'!$G$7:$EQ$7,0)),"")) | K14: #N/A | L14: #N/A | M14: #N/A | N14: #N/A | O14: #N/A | P14: #N/A | Q14: #N/A | R14: =IF(IFERROR(INDEX('CFBG New Line Form'!$G$9:$EQ$105,MATCH(B14,'CFBG New Line Form'!$B$9:$B$105,0),MATCH(VLOOKUP($R$11,MAPPING!$H$3:$J$131,3,0),'CFBG New Line Form'!$G$7:$EQ$7,0)),"")=0,"",IFERROR(INDEX('CFBG New Line Form'!$G$9:$EQ$105,MATCH(B14,'CFBG New Line Form'!$B$9:$B$105,0),MATCH(VLOOKUP($R$11,MAPPING!$H$3:$J$131,3,0),'CFBG New Line Form'!$G$7:$EQ$7,0)),"")) | S14: =IF(IFERROR(INDEX('CFBG New Line Form'!$G$9:$EQ$105,MATCH(B14,'CFBG New Line Form'!$B$9:$B$105,0),MATCH(VLOOKUP($S$11,MAPPING!$H$3:$J$131,3,0),'CFBG New Line Form'!$G$7:$EQ$7,0)),"")=0,"",IFERROR(INDEX('CFBG New Line Form'!$G$9:$EQ$105,MATCH(B14,'CFBG New Line Form'!$B$9:$B$105,0),MATCH(VLOOKUP($S$11,MAPPING!$H$3:$J$131,3,0),'CFBG New Line Form'!$G$7:$EQ$7,0)),"")) | T14: #N/A | U14: #N/A | V14: #N/A | W14: #N/A | X14: #N/A | Y14: #N/A | Z14: #N/A | AA14: #N/A | AB14: #N/A | AC14: #N/A | AD14: #N/A | AE14: =IF(IFERROR(INDEX('CFBG New Line Form'!$G$9:$EQ$105,MATCH(B14,'CFBG New Line Form'!$B$9:$B$105,0),MATCH(VLOOKUP($AE$11,MAPPING!$H$3:$J$131,3,0),'CFBG New Line Form'!$G$7:$EQ$7,0)),"")=0,"",IFERROR(INDEX('CFBG New Line Form'!$G$9:$EQ$105,MATCH(B14,'CFBG New Line Form'!$B$9:$B$105,0),MATCH(VLOOKUP($AE$11,MAPPING!$H$3:$J$131,3,0),'CFBG New Line Form'!$G$7:$EQ$7,0)),"")) | AF14: #N/A | AG14: #N/A | AH14: =IF(IFERROR(INDEX('CFBG New Line Form'!$G$9:$EQ$105,MATCH(B14,'CFBG New Line Form'!$B$9:$B$105,0),MATCH(VLOOKUP($AH$11,MAPPING!$H$3:$J$131,3,0),'CFBG New Line Form'!$G$7:$EQ$7,0)),"")=0,"",IFERROR(INDEX('CFBG New Line Form'!$G$9:$EQ$105,MATCH(B14,'CFBG New Line Form'!$B$9:$B$105,0),MATCH(VLOOKUP($AH$11,MAPPING!$H$3:$J$131,3,0),'CFBG New Line Form'!$G$7:$EQ$7,0)),"")) | AI14: =IF(IFERROR(INDEX('CFBG New Line Form'!$G$9:$EQ$105,MATCH(B14,'CFBG New Line Form'!$B$9:$B$105,0),MATCH(VLOOKUP($AI$11,MAPPING!$H$3:$J$131,3,0),'CFBG New Line Form'!$G$7:$EQ$7,0)),"")=0,"",IFERROR(INDEX('CFBG New Line Form'!$G$9:$EQ$105,MATCH(B14,'CFBG New Line Form'!$B$9:$B$105,0),MATCH(VLOOKUP($AI$11,MAPPING!$H$3:$J$131,3,0),'CFBG New Line Form'!$G$7:$EQ$7,0)),"")) | AJ14: =IF(IFERROR(INDEX('CFBG New Line Form'!$G$9:$EQ$105,MATCH(B14,'CFBG New Line Form'!$B$9:$B$105,0),MATCH(VLOOKUP($AJ$11,MAPPING!$H$3:$J$131,3,0),'CFBG New Line Form'!$G$7:$EQ$7,0)),"")=0,"",IFERROR(INDEX('CFBG New Line Form'!$G$9:$EQ$105,MATCH(B14,'CFBG New Line Form'!$B$9:$B$105,0),MATCH(VLOOKUP($AJ$11,MAPPING!$H$3:$J$131,3,0),'CFBG New Line Form'!$G$7:$EQ$7,0)),"")) | AK14: =IF(IFERROR(INDEX('CFBG New Line Form'!$G$9:$EQ$105,MATCH(B14,'CFBG New Line Form'!$B$9:$B$105,0),MATCH(VLOOKUP($AK$11,MAPPING!$H$3:$J$131,3,0),'CFBG New Line Form'!$G$7:$EQ$7,0)),"")=0,"",IFERROR(INDEX('CFBG New Line Form'!$G$9:$EQ$105,MATCH(B14,'CFBG New Line Form'!$B$9:$B$105,0),MATCH(VLOOKUP($AK$11,MAPPING!$H$3:$J$131,3,0),'CFBG New Line Form'!$G$7:$EQ$7,0)),"")) | AL14: =IF(IFERROR(INDEX('CFBG New Line Form'!$G$9:$EQ$105,MATCH(B14,'CFBG New Line Form'!$B$9:$B$105,0),MATCH(VLOOKUP($AL$11,MAPPING!$H$3:$J$131,3,0),'CFBG New Line Form'!$G$7:$EQ$7,0)),"")=0,"",IFERROR(INDEX('CFBG New Line Form'!$G$9:$EQ$105,MATCH(B14,'CFBG New Line Form'!$B$9:$B$105,0),MATCH(VLOOKUP($AL$11,MAPPING!$H$3:$J$131,3,0),'CFBG New Line Form'!$G$7:$EQ$7,0)),"")) | AM14: =IF(IFERROR(INDEX('CFBG New Line Form'!$G$9:$EQ$105,MATCH(B14,'CFBG New Line Form'!$B$9:$B$105,0),MATCH(VLOOKUP($AM$11,MAPPING!$H$3:$J$131,3,0),'CFBG New Line Form'!$G$7:$EQ$7,0)),"")=0,"",IFERROR(INDEX('CFBG New Line Form'!$G$9:$EQ$105,MATCH(B14,'CFBG New Line Form'!$B$9:$B$105,0),MATCH(VLOOKUP($AM$11,MAPPING!$H$3:$J$131,3,0),'CFBG New Line Form'!$G$7:$EQ$7,0)),"")) | AN14: =IF(IFERROR(INDEX('CFBG New Line Form'!$G$9:$EQ$105,MATCH(B14,'CFBG New Line Form'!$B$9:$B$105,0),MATCH(VLOOKUP($AN$11,MAPPING!$H$3:$J$131,3,0),'CFBG New Line Form'!$G$7:$EQ$7,0)),"")=0,"",IFERROR(INDEX('CFBG New Line Form'!$G$9:$EQ$105,MATCH(B14,'CFBG New Line Form'!$B$9:$B$105,0),MATCH(VLOOKUP($AN$11,MAPPING!$H$3:$J$131,3,0),'CFBG New Line Form'!$G$7:$EQ$7,0)),"")) | AO14: =IF(IFERROR(INDEX('CFBG New Line Form'!$G$9:$EQ$105,MATCH(B14,'CFBG New Line Form'!$B$9:$B$105,0),MATCH(VLOOKUP($AO$11,MAPPING!$H$3:$J$131,3,0),'CFBG New Line Form'!$G$7:$EQ$7,0)),"")=0,"",IFERROR(INDEX('CFBG New Line Form'!$G$9:$EQ$105,MATCH(B14,'CFBG New Line Form'!$B$9:$B$105,0),MATCH(VLOOKUP($AO$11,MAPPING!$H$3:$J$131,3,0),'CFBG New Line Form'!$G$7:$EQ$7,0)),"")) | AP14: =IF(IFERROR(INDEX('CFBG New Line Form'!$G$9:$EQ$105,MATCH(B14,'CFBG New Line Form'!$B$9:$B$105,0),MATCH(VLOOKUP($AP$11,MAPPING!$H$3:$J$131,3,0),'CFBG New Line Form'!$G$7:$EQ$7,0)),"")=0,"",IFERROR(INDEX('CFBG New Line Form'!$G$9:$EQ$105,MATCH(B14,'CFBG New Line Form'!$B$9:$B$105,0),MATCH(VLOOKUP($AP$11,MAPPING!$H$3:$J$131,3,0),'CFBG New Line Form'!$G$7:$EQ$7,0)),"")) | AQ14: =IF(IFERROR(INDEX('CFBG New Line Form'!$G$9:$EQ$105,MATCH(B14,'CFBG New Line Form'!$B$9:$B$105,0),MATCH(VLOOKUP($AQ$11,MAPPING!$H$3:$J$131,3,0),'CFBG New Line Form'!$G$7:$EQ$7,0)),"")=0,"",IFERROR(INDEX('CFBG New Line Form'!$G$9:$EQ$105,MATCH(B14,'CFBG New Line Form'!$B$9:$B$105,0),MATCH(VLOOKUP($AQ$11,MAPPING!$H$3:$J$131,3,0),'CFBG New Line Form'!$G$7:$EQ$7,0)),"")) | AR14: =IF(IFERROR(INDEX('CFBG New Line Form'!$G$9:$EQ$105,MATCH(B14,'CFBG New Line Form'!$B$9:$B$105,0),MATCH(VLOOKUP($AR$11,MAPPING!$H$3:$J$131,3,0),'CFBG New Line Form'!$G$7:$EQ$7,0)),"")=0,"",IFERROR(INDEX('CFBG New Line Form'!$G$9:$EQ$105,MATCH(B14,'CFBG New Line Form'!$B$9:$B$105,0),MATCH(VLOOKUP($AR$11,MAPPING!$H$3:$J$131,3,0),'CFBG New Line Form'!$G$7:$EQ$7,0)),"")) | AS14: =IF(IFERROR(INDEX('CFBG New Line Form'!$G$9:$EQ$105,MATCH(B14,'CFBG New Line Form'!$B$9:$B$105,0),MATCH(VLOOKUP($AS$11,MAPPING!$H$3:$J$131,3,0),'CFBG New Line Form'!$G$7:$EQ$7,0)),"")=0,"",IFERROR(INDEX('CFBG New Line Form'!$G$9:$EQ$105,MATCH(B14,'CFBG New Line Form'!$B$9:$B$105,0),MATCH(VLOOKUP($AS$11,MAPPING!$H$3:$J$131,3,0),'CFBG New Line Form'!$G$7:$EQ$7,0)),"")) | AT14: =IF(IFERROR(INDEX('CFBG New Line Form'!$G$9:$EQ$105,MATCH(B14,'CFBG New Line Form'!$B$9:$B$105,0),MATCH(VLOOKUP($AT$11,MAPPING!$H$3:$J$131,3,0),'CFBG New Line Form'!$G$7:$EQ$7,0)),"")=0,"",IFERROR(INDEX('CFBG New Line Form'!$G$9:$EQ$105,MATCH(B14,'CFBG New Line Form'!$B$9:$B$105,0),MATCH(VLOOKUP($AT$11,MAPPING!$H$3:$J$131,3,0),'CFBG New Line Form'!$G$7:$EQ$7,0)),"")) | AU14: =IF(IFERROR(INDEX('CFBG New Line Form'!$G$9:$EQ$105,MATCH(B14,'CFBG New Line Form'!$B$9:$B$105,0),MATCH(VLOOKUP($AU$11,MAPPING!$H$3:$J$131,3,0),'CFBG New Line Form'!$G$7:$EQ$7,0)),"")=0,"",IFERROR(INDEX('CFBG New Line Form'!$G$9:$EQ$105,MATCH(B14,'CFBG New Line Form'!$B$9:$B$105,0),MATCH(VLOOKUP($AU$11,MAPPING!$H$3:$J$131,3,0),'CFBG New Line Form'!$G$7:$EQ$7,0)),"")) | AV14: =IF(IFERROR(INDEX('CFBG New Line Form'!$G$9:$EQ$105,MATCH(B14,'CFBG New Line Form'!$B$9:$B$105,0),MATCH(VLOOKUP($AV$11,MAPPING!$H$3:$J$131,3,0),'CFBG New Line Form'!$G$7:$EQ$7,0)),"")=0,"",IFERROR(INDEX('CFBG New Line Form'!$G$9:$EQ$105,MATCH(B14,'CFBG New Line Form'!$B$9:$B$105,0),MATCH(VLOOKUP($AV$11,MAPPING!$H$3:$J$131,3,0),'CFBG New Line Form'!$G$7:$EQ$7,0)),"")) | AW14: =IF(IFERROR(INDEX('CFBG New Line Form'!$G$9:$EQ$105,MATCH(B14,'CFBG New Line Form'!$B$9:$B$105,0),MATCH(VLOOKUP($AW$11,MAPPING!$H$3:$J$131,3,0),'CFBG New Line Form'!$G$7:$EQ$7,0)),"")=0,"",IFERROR(INDEX('CFBG New Line Form'!$G$9:$EQ$105,MATCH(B14,'CFBG New Line Form'!$B$9:$B$105,0),MATCH(VLOOKUP($AW$11,MAPPING!$H$3:$J$131,3,0),'CFBG New Line Form'!$G$7:$EQ$7,0)),"")) | AX14: =IF(IFERROR(INDEX('CFBG New Line Form'!$G$9:$EQ$105,MATCH(B14,'CFBG New Line Form'!$B$9:$B$105,0),MATCH(VLOOKUP($AX$11,MAPPING!$H$3:$J$131,3,0),'CFBG New Line Form'!$G$7:$EQ$7,0)),"")=0,"",IFERROR(INDEX('CFBG New Line Form'!$G$9:$EQ$105,MATCH(B14,'CFBG New Line Form'!$B$9:$B$105,0),MATCH(VLOOKUP($AX$11,MAPPING!$H$3:$J$131,3,0),'CFBG New Line Form'!$G$7:$EQ$7,0)),"")) | AY14: =IF(IFERROR(INDEX('CFBG New Line Form'!$G$9:$EQ$105,MATCH(B14,'CFBG New Line Form'!$B$9:$B$105,0),MATCH(VLOOKUP($AY$11,MAPPING!$H$3:$J$131,3,0),'CFBG New Line Form'!$G$7:$EQ$7,0)),"")=0,"",IFERROR(INDEX('CFBG New Line Form'!$G$9:$EQ$105,MATCH(B14,'CFBG New Line Form'!$B$9:$B$105,0),MATCH(VLOOKUP($AY$11,MAPPING!$H$3:$J$131,3,0),'CFBG New Line Form'!$G$7:$EQ$7,0)),"")) | AZ14: =IF(IFERROR(INDEX('CFBG New Line Form'!$G$9:$EQ$105,MATCH(B14,'CFBG New Line Form'!$B$9:$B$105,0),MATCH(VLOOKUP($AZ$11,MAPPING!$H$3:$J$131,3,0),'CFBG New Line Form'!$G$7:$EQ$7,0)),"")=0,"",IFERROR(INDEX('CFBG New Line Form'!$G$9:$EQ$105,MATCH(B14,'CFBG New Line Form'!$B$9:$B$105,0),MATCH(VLOOKUP($AZ$11,MAPPING!$H$3:$J$131,3,0),'CFBG New Line Form'!$G$7:$EQ$7,0)),"")) | BA14: =IF(IFERROR(INDEX('CFBG New Line Form'!$G$9:$EQ$105,MATCH(B14,'CFBG New Line Form'!$B$9:$B$105,0),MATCH(VLOOKUP($BA$11,MAPPING!$H$3:$J$131,3,0),'CFBG New Line Form'!$G$7:$EQ$7,0)),"")=0,"",IFERROR(INDEX('CFBG New Line Form'!$G$9:$EQ$105,MATCH(B14,'CFBG New Line Form'!$B$9:$B$105,0),MATCH(VLOOKUP($BA$11,MAPPING!$H$3:$J$131,3,0),'CFBG New Line Form'!$G$7:$EQ$7,0)),"")) | BB14: =IF(IFERROR(INDEX('CFBG New Line Form'!$G$9:$EQ$105,MATCH(B14,'CFBG New Line Form'!$B$9:$B$105,0),MATCH(VLOOKUP($BB$11,MAPPING!$H$3:$J$131,3,0),'CFBG New Line Form'!$G$7:$EQ$7,0)),"")=0,"",IFERROR(INDEX('CFBG New Line Form'!$G$9:$EQ$105,MATCH(B14,'CFBG New Line Form'!$B$9:$B$105,0),MATCH(VLOOKUP($BB$11,MAPPING!$H$3:$J$131,3,0),'CFBG New Line Form'!$G$7:$EQ$7,0)),"")) | BC14: =IF(IFERROR(INDEX('CFBG New Line Form'!$G$9:$EQ$105,MATCH(B14,'CFBG New Line Form'!$B$9:$B$105,0),MATCH(VLOOKUP($BC$11,MAPPING!$H$3:$J$131,3,0),'CFBG New Line Form'!$G$7:$EQ$7,0)),"")=0,"",IFERROR(INDEX('CFBG New Line Form'!$G$9:$EQ$105,MATCH(B14,'CFBG New Line Form'!$B$9:$B$105,0),MATCH(VLOOKUP($BC$11,MAPPING!$H$3:$J$131,3,0),'CFBG New Line Form'!$G$7:$EQ$7,0)),"")) | BD14: =IF(IFERROR(INDEX('CFBG New Line Form'!$G$9:$EQ$105,MATCH(B14,'CFBG New Line Form'!$B$9:$B$105,0),MATCH(VLOOKUP($BD$11,MAPPING!$H$3:$J$131,3,0),'CFBG New Line Form'!$G$7:$EQ$7,0)),"")=0,"",IFERROR(INDEX('CFBG New Line Form'!$G$9:$EQ$105,MATCH(B14,'CFBG New Line Form'!$B$9:$B$105,0),MATCH(VLOOKUP($BD$11,MAPPING!$H$3:$J$131,3,0),'CFBG New Line Form'!$G$7:$EQ$7,0)),"")) | BE14: =IF(IFERROR(INDEX('CFBG New Line Form'!$G$9:$EQ$105,MATCH(B14,'CFBG New Line Form'!$B$9:$B$105,0),MATCH(VLOOKUP($BE$11,MAPPING!$H$3:$J$131,3,0),'CFBG New Line Form'!$G$7:$EQ$7,0)),"")=0,"",IFERROR(INDEX('CFBG New Line Form'!$G$9:$EQ$105,MATCH(B14,'CFBG New Line Form'!$B$9:$B$105,0),MATCH(VLOOKUP($BE$11,MAPPING!$H$3:$J$131,3,0),'CFBG New Line Form'!$G$7:$EQ$7,0)),"")) | BF14: =IF(IFERROR(INDEX('CFBG New Line Form'!$G$9:$EQ$105,MATCH(B14,'CFBG New Line Form'!$B$9:$B$105,0),MATCH(VLOOKUP($BE$11,MAPPING!$H$3:$J$131,3,0),'CFBG New Line Form'!$G$7:$EQ$7,0)),"")=0,"",IFERROR(INDEX('CFBG New Line Form'!$G$9:$EQ$105,MATCH(B14,'CFBG New Line Form'!$B$9:$B$105,0),MATCH(VLOOKUP($BE$11,MAPPING!$H$3:$J$131,3,0),'CFBG New Line Form'!$G$7:$EQ$7,0)),"")) | BG14: =IF(IFERROR(INDEX('CFBG New Line Form'!$G$9:$EQ$105,MATCH(B14,'CFBG New Line Form'!$B$9:$B$105,0),MATCH(VLOOKUP($BG$11,MAPPING!$H$3:$J$131,3,0),'CFBG New Line Form'!$G$7:$EQ$7,0)),"")=0,"",IFERROR(INDEX('CFBG New Line Form'!$G$9:$EQ$105,MATCH(B14,'CFBG New Line Form'!$B$9:$B$105,0),MATCH(VLOOKUP($BG$11,MAPPING!$H$3:$J$131,3,0),'CFBG New Line Form'!$G$7:$EQ$7,0)),"")) | BH14: =IF(IFERROR(INDEX('CFBG New Line Form'!$G$9:$EQ$105,MATCH(B14,'CFBG New Line Form'!$B$9:$B$105,0),MATCH(VLOOKUP($BH$11,MAPPING!$H$3:$J$131,3,0),'CFBG New Line Form'!$G$7:$EQ$7,0)),"")=0,"",IFERROR(INDEX('CFBG New Line Form'!$G$9:$EQ$105,MATCH(B14,'CFBG New Line Form'!$B$9:$B$105,0),MATCH(VLOOKUP($BH$11,MAPPING!$H$3:$J$131,3,0),'CFBG New Line Form'!$G$7:$EQ$7,0)),"")) | BI14: =IF(IFERROR(INDEX('CFBG New Line Form'!$G$9:$EQ$105,MATCH(B14,'CFBG New Line Form'!$B$9:$B$105,0),MATCH(VLOOKUP($BI$11,MAPPING!$H$3:$J$131,3,0),'CFBG New Line Form'!$G$7:$EQ$7,0)),"")=0,"",IFERROR(INDEX('CFBG New Line Form'!$G$9:$EQ$105,MATCH(B14,'CFBG New Line Form'!$B$9:$B$105,0),MATCH(VLOOKUP($BI$11,MAPPING!$H$3:$J$131,3,0),'CFBG New Line Form'!$G$7:$EQ$7,0)),"")) | BJ14: =IF(IFERROR(INDEX('CFBG New Line Form'!$G$9:$EQ$105,MATCH(B14,'CFBG New Line Form'!$B$9:$B$105,0),MATCH(VLOOKUP($BJ$11,MAPPING!$H$3:$J$131,3,0),'CFBG New Line Form'!$G$7:$EQ$7,0)),"")=0,"",IFERROR(INDEX('CFBG New Line Form'!$G$9:$EQ$105,MATCH(B14,'CFBG New Line Form'!$B$9:$B$105,0),MATCH(VLOOKUP($BJ$11,MAPPING!$H$3:$J$131,3,0),'CFBG New Line Form'!$G$7:$EQ$7,0)),"")) | BK14: =IF(IFERROR(INDEX('CFBG New Line Form'!$G$9:$EQ$105,MATCH(B14,'CFBG New Line Form'!$B$9:$B$105,0),MATCH(VLOOKUP($BK$11,MAPPING!$H$3:$J$131,3,0),'CFBG New Line Form'!$G$7:$EQ$7,0)),"")=0,"",IFERROR(INDEX('CFBG New Line Form'!$G$9:$EQ$105,MATCH(B14,'CFBG New Line Form'!$B$9:$B$105,0),MATCH(VLOOKUP($BK$11,MAPPING!$H$3:$J$131,3,0),'CFBG New Line Form'!$G$7:$EQ$7,0)),"")) | BL14: =IF(IFERROR(INDEX('CFBG New Line Form'!$G$9:$EQ$105,MATCH(B14,'CFBG New Line Form'!$B$9:$B$105,0),MATCH(VLOOKUP($BL$11,MAPPING!$H$3:$J$131,3,0),'CFBG New Line Form'!$G$7:$EQ$7,0)),"")=0,"",IFERROR(INDEX('CFBG New Line Form'!$G$9:$EQ$105,MATCH(B14,'CFBG New Line Form'!$B$9:$B$105,0),MATCH(VLOOKUP($BL$11,MAPPING!$H$3:$J$131,3,0),'CFBG New Line Form'!$G$7:$EQ$7,0)),"")) | BM14: =IF(IFERROR(INDEX('CFBG New Line Form'!$G$9:$EQ$105,MATCH(B14,'CFBG New Line Form'!$B$9:$B$105,0),MATCH(VLOOKUP($BM$11,MAPPING!$H$3:$J$131,3,0),'CFBG New Line Form'!$G$7:$EQ$7,0)),"")=0,"",IFERROR(INDEX('CFBG New Line Form'!$G$9:$EQ$105,MATCH(B14,'CFBG New Line Form'!$B$9:$B$105,0),MATCH(VLOOKUP($BM$11,MAPPING!$H$3:$J$131,3,0),'CFBG New Line Form'!$G$7:$EQ$7,0)),"")) | BN14: =IF(IFERROR(INDEX('CFBG New Line Form'!$G$9:$EQ$105,MATCH(B14,'CFBG New Line Form'!$B$9:$B$105,0),MATCH(VLOOKUP($BN$11,MAPPING!$H$3:$J$131,3,0),'CFBG New Line Form'!$G$7:$EQ$7,0)),"")=0,"",IFERROR(INDEX('CFBG New Line Form'!$G$9:$EQ$105,MATCH(B14,'CFBG New Line Form'!$B$9:$B$105,0),MATCH(VLOOKUP($BN$11,MAPPING!$H$3:$J$131,3,0),'CFBG New Line Form'!$G$7:$EQ$7,0)),"")) | BO14: =IF(IFERROR(INDEX('CFBG New Line Form'!$G$9:$EQ$105,MATCH(B14,'CFBG New Line Form'!$B$9:$B$105,0),MATCH(VLOOKUP($BO$11,MAPPING!$H$3:$J$131,3,0),'CFBG New Line Form'!$G$7:$EQ$7,0)),"")=0,"",IFERROR(INDEX('CFBG New Line Form'!$G$9:$EQ$105,MATCH(B14,'CFBG New Line Form'!$B$9:$B$105,0),MATCH(VLOOKUP($BO$11,MAPPING!$H$3:$J$131,3,0),'CFBG New Line Form'!$G$7:$EQ$7,0)),"")) | BP14: =IF(IFERROR(INDEX('CFBG New Line Form'!$G$9:$EQ$105,MATCH(B14,'CFBG New Line Form'!$B$9:$B$105,0),MATCH(VLOOKUP($BP$11,MAPPING!$H$3:$J$131,3,0),'CFBG New Line Form'!$G$7:$EQ$7,0)),"")=0,"",IFERROR(INDEX('CFBG New Line Form'!$G$9:$EQ$105,MATCH(B14,'CFBG New Line Form'!$B$9:$B$105,0),MATCH(VLOOKUP($BP$11,MAPPING!$H$3:$J$131,3,0),'CFBG New Line Form'!$G$7:$EQ$7,0)),"")) | BQ14: =IF(IFERROR(INDEX('CFBG New Line Form'!$G$9:$EQ$105,MATCH(B14,'CFBG New Line Form'!$B$9:$B$105,0),MATCH(VLOOKUP($BQ$11,MAPPING!$H$3:$J$131,3,0),'CFBG New Line Form'!$G$7:$EQ$7,0)),"")=0,"",IFERROR(INDEX('CFBG New Line Form'!$G$9:$EQ$105,MATCH(B14,'CFBG New Line Form'!$B$9:$B$105,0),MATCH(VLOOKUP($BQ$11,MAPPING!$H$3:$J$131,3,0),'CFBG New Line Form'!$G$7:$EQ$7,0)),"")) | BR14: =IF(IFERROR(INDEX('CFBG New Line Form'!$G$9:$EQ$105,MATCH(B14,'CFBG New Line Form'!$B$9:$B$105,0),MATCH(VLOOKUP($BR$11,MAPPING!$H$3:$J$131,3,0),'CFBG New Line Form'!$G$7:$EQ$7,0)),"")=0,"",IFERROR(INDEX('CFBG New Line Form'!$G$9:$EQ$105,MATCH(B14,'CFBG New Line Form'!$B$9:$B$105,0),MATCH(VLOOKUP($BR$11,MAPPING!$H$3:$J$131,3,0),'CFBG New Line Form'!$G$7:$EQ$7,0)),"")) | BS14: =IF(IFERROR(INDEX('CFBG New Line Form'!$G$9:$EQ$105,MATCH(B14,'CFBG New Line Form'!$B$9:$B$105,0),MATCH(VLOOKUP($BS$11,MAPPING!$H$3:$J$131,3,0),'CFBG New Line Form'!$G$7:$EQ$7,0)),"")=0,"",IFERROR(INDEX('CFBG New Line Form'!$G$9:$EQ$105,MATCH(B14,'CFBG New Line Form'!$B$9:$B$105,0),MATCH(VLOOKUP($BS$11,MAPPING!$H$3:$J$131,3,0),'CFBG New Line Form'!$G$7:$EQ$7,0)),"")) | BT14: =IF(IFERROR(INDEX('CFBG New Line Form'!$G$9:$EQ$105,MATCH(B14,'CFBG New Line Form'!$B$9:$B$105,0),MATCH(VLOOKUP($BT$11,MAPPING!$H$3:$J$131,3,0),'CFBG New Line Form'!$G$7:$EQ$7,0)),"")=0,"",IFERROR(INDEX('CFBG New Line Form'!$G$9:$EQ$105,MATCH(B14,'CFBG New Line Form'!$B$9:$B$105,0),MATCH(VLOOKUP($BT$11,MAPPING!$H$3:$J$131,3,0),'CFBG New Line Form'!$G$7:$EQ$7,0)),"")) | BU14: =IF(IFERROR(INDEX('CFBG New Line Form'!$G$9:$EQ$105,MATCH(B14,'CFBG New Line Form'!$B$9:$B$105,0),MATCH(VLOOKUP($BU$11,MAPPING!$H$3:$J$131,3,0),'CFBG New Line Form'!$G$7:$EQ$7,0)),"")=0,"",IFERROR(INDEX('CFBG New Line Form'!$G$9:$EQ$105,MATCH(B14,'CFBG New Line Form'!$B$9:$B$105,0),MATCH(VLOOKUP($BU$11,MAPPING!$H$3:$J$131,3,0),'CFBG New Line Form'!$G$7:$EQ$7,0)),"")) | BV14: =IF(IFERROR(INDEX('CFBG New Line Form'!$G$9:$EQ$105,MATCH(B14,'CFBG New Line Form'!$B$9:$B$105,0),MATCH(VLOOKUP($BV$11,MAPPING!$H$3:$J$131,3,0),'CFBG New Line Form'!$G$7:$EQ$7,0)),"")=0,"",IFERROR(INDEX('CFBG New Line Form'!$G$9:$EQ$105,MATCH(B14,'CFBG New Line Form'!$B$9:$B$105,0),MATCH(VLOOKUP($BV$11,MAPPING!$H$3:$J$131,3,0),'CFBG New Line Form'!$G$7:$EQ$7,0)),"")) | BW14: =IF(IFERROR(INDEX('CFBG New Line Form'!$G$9:$EQ$105,MATCH(B14,'CFBG New Line Form'!$B$9:$B$105,0),MATCH(VLOOKUP($BW$11,MAPPING!$H$3:$J$131,3,0),'CFBG New Line Form'!$G$7:$EQ$7,0)),"")=0,"",IFERROR(INDEX('CFBG New Line Form'!$G$9:$EQ$105,MATCH(B14,'CFBG New Line Form'!$B$9:$B$105,0),MATCH(VLOOKUP($BW$11,MAPPING!$H$3:$J$131,3,0),'CFBG New Line Form'!$G$7:$EQ$7,0)),"")) | BX14: =IF(IFERROR(INDEX('CFBG New Line Form'!$G$9:$EQ$105,MATCH(B14,'CFBG New Line Form'!$B$9:$B$105,0),MATCH(VLOOKUP($BX$11,MAPPING!$H$3:$J$131,3,0),'CFBG New Line Form'!$G$7:$EQ$7,0)),"")=0,"",IFERROR(INDEX('CFBG New Line Form'!$G$9:$EQ$105,MATCH(B14,'CFBG New Line Form'!$B$9:$B$105,0),MATCH(VLOOKUP($BX$11,MAPPING!$H$3:$J$131,3,0),'CFBG New Line Form'!$G$7:$EQ$7,0)),"")) | BY14: =IF(IFERROR(INDEX('CFBG New Line Form'!$G$9:$EQ$105,MATCH(B14,'CFBG New Line Form'!$B$9:$B$105,0),MATCH(VLOOKUP($BY$11,MAPPING!$H$3:$J$131,3,0),'CFBG New Line Form'!$G$7:$EQ$7,0)),"")=0,"",IFERROR(INDEX('CFBG New Line Form'!$G$9:$EQ$105,MATCH(B14,'CFBG New Line Form'!$B$9:$B$105,0),MATCH(VLOOKUP($BY$11,MAPPING!$H$3:$J$131,3,0),'CFBG New Line Form'!$G$7:$EQ$7,0)),"")) | BZ14: =IF(IFERROR(INDEX('CFBG New Line Form'!$G$9:$EQ$105,MATCH(B14,'CFBG New Line Form'!$B$9:$B$105,0),MATCH(VLOOKUP($BZ$11,MAPPING!$H$3:$J$131,3,0),'CFBG New Line Form'!$G$7:$EQ$7,0)),"")=0,"",IFERROR(INDEX('CFBG New Line Form'!$G$9:$EQ$105,MATCH(B14,'CFBG New Line Form'!$B$9:$B$105,0),MATCH(VLOOKUP($BZ$11,MAPPING!$H$3:$J$131,3,0),'CFBG New Line Form'!$G$7:$EQ$7,0)),"")) | CA14: =IF(IFERROR(INDEX('CFBG New Line Form'!$G$9:$EQ$105,MATCH(B14,'CFBG New Line Form'!$B$9:$B$105,0),MATCH(VLOOKUP($CA$11,MAPPING!$H$3:$J$131,3,0),'CFBG New Line Form'!$G$7:$EQ$7,0)),"")=0,"",IFERROR(INDEX('CFBG New Line Form'!$G$9:$EQ$105,MATCH(B14,'CFBG New Line Form'!$B$9:$B$105,0),MATCH(VLOOKUP($CA$11,MAPPING!$H$3:$J$131,3,0),'CFBG New Line Form'!$G$7:$EQ$7,0)),"")) | CB14: =IF(IFERROR(INDEX('CFBG New Line Form'!$G$9:$EQ$105,MATCH(B14,'CFBG New Line Form'!$B$9:$B$105,0),MATCH(VLOOKUP($CB$11,MAPPING!$H$3:$J$131,3,0),'CFBG New Line Form'!$G$7:$EQ$7,0)),"")=0,"",IFERROR(INDEX('CFBG New Line Form'!$G$9:$EQ$105,MATCH(B14,'CFBG New Line Form'!$B$9:$B$105,0),MATCH(VLOOKUP($CB$11,MAPPING!$H$3:$J$131,3,0),'CFBG New Line Form'!$G$7:$EQ$7,0)),"")) | CC14: =IF(IFERROR(INDEX('CFBG New Line Form'!$G$9:$EQ$105,MATCH(B14,'CFBG New Line Form'!$B$9:$B$105,0),MATCH(VLOOKUP($CC$11,MAPPING!$H$3:$J$131,3,0),'CFBG New Line Form'!$G$7:$EQ$7,0)),"")=0,"",IFERROR(INDEX('CFBG New Line Form'!$G$9:$EQ$105,MATCH(B14,'CFBG New Line Form'!$B$9:$B$105,0),MATCH(VLOOKUP($CC$11,MAPPING!$H$3:$J$131,3,0),'CFBG New Line Form'!$G$7:$EQ$7,0)),"")) | CD14: =IF(IFERROR(INDEX('CFBG New Line Form'!$G$9:$EQ$105,MATCH(B14,'CFBG New Line Form'!$B$9:$B$105,0),MATCH(VLOOKUP($CD$11,MAPPING!$H$3:$J$131,3,0),'CFBG New Line Form'!$G$7:$EQ$7,0)),"")=0,"",IFERROR(INDEX('CFBG New Line Form'!$G$9:$EQ$105,MATCH(B14,'CFBG New Line Form'!$B$9:$B$105,0),MATCH(VLOOKUP($CD$11,MAPPING!$H$3:$J$131,3,0),'CFBG New Line Form'!$G$7:$EQ$7,0)),"")) | CE14: =IF(IFERROR(INDEX('CFBG New Line Form'!$G$9:$EQ$105,MATCH(B14,'CFBG New Line Form'!$B$9:$B$105,0),MATCH(VLOOKUP($CE$11,MAPPING!$H$3:$J$131,3,0),'CFBG New Line Form'!$G$7:$EQ$7,0)),"")=0,"",IFERROR(INDEX('CFBG New Line Form'!$G$9:$EQ$105,MATCH(B14,'CFBG New Line Form'!$B$9:$B$105,0),MATCH(VLOOKUP($CE$11,MAPPING!$H$3:$J$131,3,0),'CFBG New Line Form'!$G$7:$EQ$7,0)),"")) | CF14: =IF(IFERROR(INDEX('CFBG New Line Form'!$G$9:$EQ$105,MATCH(B14,'CFBG New Line Form'!$B$9:$B$105,0),MATCH(VLOOKUP($CF$11,MAPPING!$H$3:$J$131,3,0),'CFBG New Line Form'!$G$7:$EQ$7,0)),"")=0,"",IFERROR(INDEX('CFBG New Line Form'!$G$9:$EQ$105,MATCH(B14,'CFBG New Line Form'!$B$9:$B$105,0),MATCH(VLOOKUP($CF$11,MAPPING!$H$3:$J$131,3,0),'CFBG New Line Form'!$G$7:$EQ$7,0)),"")) | CG14: =IF(IFERROR(INDEX('CFBG New Line Form'!$G$9:$EQ$105,MATCH(B14,'CFBG New Line Form'!$B$9:$B$105,0),MATCH(VLOOKUP($CG$11,MAPPING!$H$3:$J$131,3,0),'CFBG New Line Form'!$G$7:$EQ$7,0)),"")=0,"",IFERROR(INDEX('CFBG New Line Form'!$G$9:$EQ$105,MATCH(B14,'CFBG New Line Form'!$B$9:$B$105,0),MATCH(VLOOKUP($CG$11,MAPPING!$H$3:$J$131,3,0),'CFBG New Line Form'!$G$7:$EQ$7,0)),"")) | CH14: =IF(IFERROR(INDEX('CFBG New Line Form'!$G$9:$EQ$105,MATCH(B14,'CFBG New Line Form'!$B$9:$B$105,0),MATCH(VLOOKUP($CH$11,MAPPING!$H$3:$J$131,3,0),'CFBG New Line Form'!$G$7:$EQ$7,0)),"")=0,"",IFERROR(INDEX('CFBG New Line Form'!$G$9:$EQ$105,MATCH(B14,'CFBG New Line Form'!$B$9:$B$105,0),MATCH(VLOOKUP($CH$11,MAPPING!$H$3:$J$131,3,0),'CFBG New Line Form'!$G$7:$EQ$7,0)),"")) | CI14: =IF(IFERROR(INDEX('CFBG New Line Form'!$G$9:$EQ$105,MATCH(B14,'CFBG New Line Form'!$B$9:$B$105,0),MATCH(VLOOKUP($CI$11,MAPPING!$H$3:$J$131,3,0),'CFBG New Line Form'!$G$7:$EQ$7,0)),"")=0,"",IFERROR(INDEX('CFBG New Line Form'!$G$9:$EQ$105,MATCH(B14,'CFBG New Line Form'!$B$9:$B$105,0),MATCH(VLOOKUP($CI$11,MAPPING!$H$3:$J$131,3,0),'CFBG New Line Form'!$G$7:$EQ$7,0)),"")) | CJ14: =IF(IFERROR(INDEX('CFBG New Line Form'!$G$9:$EQ$105,MATCH(B14,'CFBG New Line Form'!$B$9:$B$105,0),MATCH(VLOOKUP($CJ$11,MAPPING!$H$3:$J$131,3,0),'CFBG New Line Form'!$G$7:$EQ$7,0)),"")=0,"",IFERROR(INDEX('CFBG New Line Form'!$G$9:$EQ$105,MATCH(B14,'CFBG New Line Form'!$B$9:$B$105,0),MATCH(VLOOKUP($CJ$11,MAPPING!$H$3:$J$131,3,0),'CFBG New Line Form'!$G$7:$EQ$7,0)),"")) | CK14: =IF(IFERROR(INDEX('CFBG New Line Form'!$G$9:$EQ$105,MATCH(B14,'CFBG New Line Form'!$B$9:$B$105,0),MATCH(VLOOKUP($CK$11,MAPPING!$H$3:$J$131,3,0),'CFBG New Line Form'!$G$7:$EQ$7,0)),"")=0,"",IFERROR(INDEX('CFBG New Line Form'!$G$9:$EQ$105,MATCH(B14,'CFBG New Line Form'!$B$9:$B$105,0),MATCH(VLOOKUP($CK$11,MAPPING!$H$3:$J$131,3,0),'CFBG New Line Form'!$G$7:$EQ$7,0)),"")) | CL14: =IF(IFERROR(INDEX('CFBG New Line Form'!$G$9:$EQ$105,MATCH(B14,'CFBG New Line Form'!$B$9:$B$105,0),MATCH(VLOOKUP($CL$11,MAPPING!$H$3:$J$131,3,0),'CFBG New Line Form'!$G$7:$EQ$7,0)),"")=0,"",IFERROR(INDEX('CFBG New Line Form'!$G$9:$EQ$105,MATCH(B14,'CFBG New Line Form'!$B$9:$B$105,0),MATCH(VLOOKUP($CL$11,MAPPING!$H$3:$J$131,3,0),'CFBG New Line Form'!$G$7:$EQ$7,0)),"")) | CM14: =IF(IFERROR(INDEX('CFBG New Line Form'!$G$9:$EQ$105,MATCH(B14,'CFBG New Line Form'!$B$9:$B$105,0),MATCH(VLOOKUP($CM$11,MAPPING!$H$3:$J$131,3,0),'CFBG New Line Form'!$G$7:$EQ$7,0)),"")=0,"",IFERROR(INDEX('CFBG New Line Form'!$G$9:$EQ$105,MATCH(B14,'CFBG New Line Form'!$B$9:$B$105,0),MATCH(VLOOKUP($CM$11,MAPPING!$H$3:$J$131,3,0),'CFBG New Line Form'!$G$7:$EQ$7,0)),"")) | CN14: =IF(IFERROR(INDEX('CFBG New Line Form'!$G$9:$EQ$105,MATCH(B14,'CFBG New Line Form'!$B$9:$B$105,0),MATCH(VLOOKUP($CN$11,MAPPING!$H$3:$J$131,3,0),'CFBG New Line Form'!$G$7:$EQ$7,0)),"")=0,"",IFERROR(INDEX('CFBG New Line Form'!$G$9:$EQ$105,MATCH(B14,'CFBG New Line Form'!$B$9:$B$105,0),MATCH(VLOOKUP($CN$11,MAPPING!$H$3:$J$131,3,0),'CFBG New Line Form'!$G$7:$EQ$7,0)),"")) | CO14: =IF(IFERROR(INDEX('CFBG New Line Form'!$G$9:$EQ$105,MATCH(B14,'CFBG New Line Form'!$B$9:$B$105,0),MATCH(VLOOKUP($CO$11,MAPPING!$H$3:$J$131,3,0),'CFBG New Line Form'!$G$7:$EQ$7,0)),"")=0,"",IFERROR(INDEX('CFBG New Line Form'!$G$9:$EQ$105,MATCH(B14,'CFBG New Line Form'!$B$9:$B$105,0),MATCH(VLOOKUP($CO$11,MAPPING!$H$3:$J$131,3,0),'CFBG New Line Form'!$G$7:$EQ$7,0)),"")) | CP14: =IF(IFERROR(INDEX('CFBG New Line Form'!$G$9:$EQ$105,MATCH(B14,'CFBG New Line Form'!$B$9:$B$105,0),MATCH(VLOOKUP($CP$11,MAPPING!$H$3:$J$131,3,0),'CFBG New Line Form'!$G$7:$EQ$7,0)),"")=0,"",IFERROR(INDEX('CFBG New Line Form'!$G$9:$EQ$105,MATCH(B14,'CFBG New Line Form'!$B$9:$B$105,0),MATCH(VLOOKUP($CP$11,MAPPING!$H$3:$J$131,3,0),'CFBG New Line Form'!$G$7:$EQ$7,0)),"")) | CQ14: =IF(IFERROR(INDEX('CFBG New Line Form'!$G$9:$EQ$105,MATCH(B14,'CFBG New Line Form'!$B$9:$B$105,0),MATCH(VLOOKUP($CQ$11,MAPPING!$H$3:$J$131,3,0),'CFBG New Line Form'!$G$7:$EQ$7,0)),"")=0,"",IFERROR(INDEX('CFBG New Line Form'!$G$9:$EQ$105,MATCH(B14,'CFBG New Line Form'!$B$9:$B$105,0),MATCH(VLOOKUP($CQ$11,MAPPING!$H$3:$J$131,3,0),'CFBG New Line Form'!$G$7:$EQ$7,0)),""))
